Workbook
Name BDI_SERVIÇO_DRENAGEM: '[4]BDI-DRENAGEM'!$F$9
Name Faixa: BDI!$C$18:$F$18
Name INSUMOS: [6]MAT!$A$3:$E$249
Name TABREC: '[7]TABELA RECURSOS'!$A$1:$G$142

Sheet BDI
A2: COMPOSIÇÃO DO BDI - NÃO DESONERADO | D2: BDI COMUM | E2: BDI REDUZIDO
D3: SERVIÇOS | E3: MAT / EQUIP | F3: ASFALTO
A4: A | B4: Administração Central da Contratada | D4: =INDEX($C$20:$F$28,MATCH(A4,$A$20:$A$28,0),MATCH($F$14,$C$18:$F$18,0)) -> 0.0322 | E4: 0.1557 | F4: 0.1528
A5: B | B5: Administração Local | D5: 0
A6: C | B6: Impostos e Tributos | D6: =INDEX($C$20:$F$28,MATCH(A6,$A$20:$A$28,0),MATCH($F$14,$C$18:$F$18,0)) -> 0.0765
A7: C1 | B7: ISS | D7: =INDEX($C$20:$F$28,MATCH(A7,$A$20:$A$28,0),MATCH($F$14,$C$18:$F$18,0)) -> 0.04
A8: C2 | B8: PIS | D8: =INDEX($C$20:$F$28,MATCH(A8,$A$20:$A$28,0),MATCH($F$14,$C$18:$F$18,0)) -> 0.0065
A9: C3 | B9: Seguridade Social (COFINS) | D9: =INDEX($C$20:$F$28,MATCH(A9,$A$20:$A$28,0),MATCH($F$14,$C$18:$F$18,0)) -> 0.03
A10: D | B10: Encargos Financeiros | D10: =INDEX($C$20:$F$28,MATCH(A10,$A$20:$A$28,0),MATCH($F$14,$C$18:$F$18,0)) -> 0.006
A11: E | B11: Taxa de Risco, Seguros e Garantia | D11: =INDEX($C$20:$F$28,MATCH(A11,$A$20:$A$28,0),MATCH($F$14,$C$18:$F$18,0)) -> 0.02
A12: F | B12: Lucro | D12: =INDEX($C$20:$F$28,MATCH(A12,$A$20:$A$28,0),MATCH($F$14,$C$18:$F$18,0)) -> 0.06
D13: =((1+D4+D5+D10+D11+D12)/(1-D6))-1 -> 0.21082837
A14: SELECIONAR A FAIXA DE CUSTO DA OBRA | F14: 4ª FAIXA
A15: CONFORME RESOLUÇÃO TC Nº 329, DE 24 DE SETEMBRO DE 2019
A17: TAXA DE BDI PADRÃO APLICÁVEL
A18: COMPONENTES | C18: 1ª FAIXA | D18: 2ª FAIXA | E18: 3ª FAIXA | F18: 4ª FAIXA
C19: até R$ 330.000,00 | D19: R$ 330.000,00 a R$ 3.300.000,00 | E19: R$ 3.300.000,00 a R$ 20.000.000,00 | F19: acima de R$ 20.000.000,00
A20: A | B20: Administração Central | C20: 0.0559 | D20: 0.0406 | E20: 0.0326 | F20: 0.0322
A21: B | B21: Administração Local | C21: 0.0853 | D21: 0.0819 | E21: 0.0763 | F21: 0.0658
A22: C | B22: Impostos / Tributos | C22: =SUM(C23:C25) -> 0.0765 | D22: =SUM(D23:D25) -> 0.0765 | E22: =SUM(E23:E25) -> 0.0765 | F22: =SUM(F23:F25) -> 0.0765
A23: C1 | B23: ISSQN | C23: 0.04 | D23: 0.04 | E23: 0.04 | F23: 0.04
A24: C2 | B24: PIS | C24: 0.0065 | D24: 0.0065 | E24: 0.0065 | F24: 0.0065
A25: C3 | B25: COFINS | C25: 0.03 | D25: 0.03 | E25: 0.03 | F25: 0.03
A26: D | B26: Custos Financeiros | C26: 0.0061 | D26: 0.0061 | E26: 0.0061 | F26: 0.006
A27: E | B27: Risco, Garantias e Seguros | C27: 0.005 | D27: 0.01 | E27: 0.015 | F27: 0.02
A28: F | B28: Lucro | C28: 0.09 | D28: 0.08 | E28: 0.07 | F28: 0.06
A29: TOTAL | C29: =((1+C20+C21+C26+C27+C28)/(1-C22))-1 -> 0.34520845 | D29: =((1+D20+D21+D26+D27+D28)/(1-D22))-1 -> 0.31954521 | E29: =((1+E20+E21+E26+E27+E28)/(1-E22))-1 -> 0.29940444 | F29: =((1+F20+F21+F26+F27+F28)/(1-F22))-1 -> 0.28207905

Sheet ORÇAMENTO
H1: FONTE | I1: DATA REF | J1: DATA BASE | K1: JAN/21 | Q1: CURVA ABC
H2: DER EDIF. | I2: N/A | J2: BDI | Q2: LIMITE | R2: GRUPO | S2: ITENS | V2: VALORES
H3: DER ROD. | I3: JUN/20 | J3: SEM DESONERAÇÃO | Q3: =LARGE($R$11:$R$78,T3) -> 1607.1 | R3: C | S3: 0.5 | T3: =ROUND((COUNTIF($R$10:$R$78,">0"))*(SUM($S$3:S5)),0) -> 11 | U3: =T3-T4 -> 5 | V3: =SUMIF($T$11:$T$78,R3,$R$11:$R$78) -> 698947.58 | W3: =V3/$R$79 -> 0.02279496
H4: CESAN | I4: JAN/21 | J4: SERVIÇOS | K4: =BDI!$D$13 -> 0.21082837 | Q4: =LARGE($R$11:$R$78,T4) -> 1204866 | R4: B | S4: 0.3 | T4: =ROUND(COUNTIF($R$10:$R$78,">0")*(SUM($S$4:S5)),0) -> 6 | U4: =T4-T5 -> 4 | V4: =SUMIF($T$11:$T$78,R4,$R$11:$R$78) -> 7188632.9 | W4: =V4/$R$79 -> 0.23444476
H5: SINAPI | I5: N/A | J5: MAT / EQUIP | K5: =BDI!$E$4 -> 0.1557 | Q5: =LARGE($R$11:$R$78,T5) -> 4240782 | R5: A | S5: 0.2 | T5: =ROUND(COUNTIF($R$10:$R$78,">0")*(SUM($S$5:S5)),0) -> 2 | U5: =T5 -> 2 | V5: =SUMIF($T$11:$T$78,R5,$R$11:$R$78) -> 22774794 | W5: =V5/$R$79 -> 0.74276028
H6: SICRO | I6: JAN/21 | J6: BETUMINOSOS | K6: N/A
A7: BUSCA | B7: ITENS | C7: ORGÃO | D7: CÓDIGO | E7: DESCRIÇÃO | F7: UND. | G7: PREÇO UNITÁRIO | H7: MÍNIMO | J7: MÁXIMO | M7: TIPO BDI | N7: BDI APLICADO | O7: SEM BDI | Q7: AGRUPAMENTO
H8: QUANT | I8: TOTAL | J8: QUANT | K8: TOTAL | Q8: QTD | R8: TOTAL | S8: % | T8: ABC
A9: =CONCATENATE(C9,D9) | E9: LOTE 1 - REGIÃO METROPOLITANA | I9: =SUBTOTAL(9,I10:I22) -> 1452686.2 | K9: =SUBTOTAL(9,K10:K22) -> 14839467
A10: =CONCATENATE(C10,D10) | B10: 1 | E10: CANTEIRO DE OBRAS | I10: =SUBTOTAL(9,I11:I13) -> 22895.61 | K10: =SUBTOTAL(9,K11:K13) -> 45791.22
A11: =CONCATENATE(C11,D11) -> CESAN7010100210 | B11: 1.1 | C11: CESAN | D11: 7010100210 | E11: =INDEX('Preços Serviços'!$D$6:$H$49,MATCH($A11,'Preços Serviços'!$A$6:$A$49,0),MATCH(E$7,'Preços Serviços'!$D$5:$H$5,0)) -> Banheiro Quimico | F11: =INDEX('Preços Serviços'!$D$6:$H$49,MATCH($A11,'Preços Serviços'!$A$6:$A$49,0),MATCH(F$7,'Preços Serviços'!$D$5:$H$5,0)) -> unm | G11: =ROUND(O11*(1+N11),2) -> 1792.4 | H11: =MEM_LIMPEZA!H17 -> 12 | I11: =ROUND($G11*H11,2) -> 21508.8 | J11: =MEM_LIMPEZA!I17 -> 24 | K11: =ROUND($G11*J11,2) -> 43017.6 | N11: =IF($M11=$J$5,$K$5,IF($M11=$J$6,$K$6,$K$4)) -> 0.21082837 | O11: =ROUND(INDEX('Preços Serviços'!$B$6:$H$49,MATCH($A11,'Preços Serviços'!$A$6:$A$49,0),MATCH("PREÇO UNITÁRIO CORRIGIDO",'Preços Serviços'!B$5:$H$5,0)),2) -> 1480.31 | Q11: =IF(COUNTIF($A$11:A11,A11)=1,SUMIF($A:$A,A11,$J:$J),0) -> 120 | R11: =ROUND(Q11*G11,2) -> 215088 | S11: =R11/$R$79 -> 0.007014721 | T11: =IFERROR(VLOOKUP(R11,$Q$3:$R$5,2,1),"-") -> C
A12: =CONCATENATE(C12,D12) -> SICRO5212556 | B12: 1.2 | C12: SICRO | D12: 5212556 | E12: =INDEX('Preços Serviços'!$D$6:$H$49,MATCH($A12,'Preços Serviços'!$A$6:$A$49,0),MATCH(E$7,'Preços Serviços'!$D$5:$H$5,0)) -> Placa para sinalização de obras montada em cavalete metálico - 1,00 x 1,00 m | F12: =INDEX('Preços Serviços'!$D$6:$H$49,MATCH($A12,'Preços Serviços'!$A$6:$A$49,0),MATCH(F$7,'Preços Serviços'!$D$5:$H$5,0)) -> und | G12: =ROUND(O12*(1+N12),2) -> 53.57 | H12: =MEM_LIMPEZA!H26 -> 3 | I12: =ROUND($G12*H12,2) -> 160.71 | J12: =MEM_LIMPEZA!I26 -> 6 | K12: =ROUND($G12*J12,2) -> 321.42 | N12: =IF($M12=$J$5,$K$5,IF($M12=$J$6,$K$6,$K$4)) -> 0.21082837 | O12: =ROUND(INDEX('Preços Serviços'!$B$6:$H$49,MATCH($A12,'Preços Serviços'!$A$6:$A$49,0),MATCH("PREÇO UNITÁRIO CORRIGIDO",'Preços Serviços'!B$5:$H$5,0)),2) -> 44.24 | Q12: =IF(COUNTIF($A$11:A12,A12)=1,SUMIF($A:$A,A12,$J:$J),0) -> 30 | R12: =ROUND(Q12*G12,2) -> 1607.1 | S12: =R12/$R$79 -> 5.2412771e-05 | T12: =IFERROR(VLOOKUP(R12,$Q$3:$R$5,2,1),"-") -> C
A13: =CONCATENATE(C13,D13) -> DER-ROD42046 | B13: 1.3 | C13: DER-ROD | D13: 42046 | E13: =INDEX('Preços Serviços'!$D$6:$H$49,MATCH($A13,'Preços Serviços'!$A$6:$A$49,0),MATCH(E$7,'Preços Serviços'!$D$5:$H$5,0)) -> Cones para sinalização, fornecimento e colocação | F13: =INDEX('Preços Serviços'!$D$6:$H$49,MATCH($A13,'Preços Serviços'!$A$6:$A$49,0),MATCH(F$7,'Preços Serviços'!$D$5:$H$5,0)) -> und | G13: =ROUND(O13*(1+N13),2) -> 122.61 | H13: =MEM_LIMPEZA!H35 -> 10 | I13: =ROUND($G13*H13,2) -> 1226.1 | J13: =MEM_LIMPEZA!I35 -> 20 | K13: =ROUND($G13*J13,2) -> 2452.2 | N13: =IF($M13=$J$5,$K$5,IF($M13=$J$6,$K$6,$K$4)) -> 0.21082837 | O13: =ROUND(INDEX('Preços Serviços'!$B$6:$H$49,MATCH($A13,'Preços Serviços'!$A$6:$A$49,0),MATCH("PREÇO UNITÁRIO CORRIGIDO",'Preços Serviços'!B$5:$H$5,0)),2) -> 101.26 | Q13: =IF(COUNTIF($A$11:A13,A13)=1,SUMIF($A:$A,A13,$J:$J),0) -> 100 | R13: =ROUND(Q13*G13,2) -> 12261 | S13: =R13/$R$79 -> 0.00039987119 | T13: =IFERROR(VLOOKUP(R13,$Q$3:$R$5,2,1),"-") -> C
A14: =CONCATENATE(C14,D14) | B14: 2 | E14: LIMPEZA DE CORPOS HÍDRICOS | I14: =SUBTOTAL(9,I15:I22) -> 1429790.6 | K14: =SUBTOTAL(9,K15:K22) -> 14793676
A15: =CONCATENATE(C15,D15) -> SICRO1619003 | B15: 2.1 | C15: SICRO | D15: 1619003 | E15: =INDEX('Preços Serviços'!$D$6:$H$49,MATCH($A15,'Preços Serviços'!$A$6:$A$49,0),MATCH(E$7,'Preços Serviços'!$D$5:$H$5,0)) -> Demolição mecânica de concreto armado, com escavadeira hidráulica com martelo hidráulico - sem reaproveitamento | F15: =INDEX('Preços Serviços'!$D$6:$H$49,MATCH($A15,'Preços Serviços'!$A$6:$A$49,0),MATCH(F$7,'Preços Serviços'!$D$5:$H$5,0)) -> m3 | G15: =ROUND(O15*(1+N15),2) -> 75.1 | H15: =MEM_LIMPEZA!H42 -> 196.88 | I15: =ROUND($G15*H15,2) -> 14785.69 | J15: =MEM_LIMPEZA!I42 -> 656.25 | K15: =ROUND($G15*J15,2) -> 49284.38 | N15: =IF($M15=$J$5,$K$5,IF($M15=$J$6,$K$6,$K$4)) -> 0.21082837 | O15: =ROUND(INDEX('Preços Serviços'!$B$6:$H$49,MATCH($A15,'Preços Serviços'!$A$6:$A$49,0),MATCH("PREÇO UNITÁRIO CORRIGIDO",'Preços Serviços'!B$5:$H$5,0)),2) -> 62.02 | Q15: =IF(COUNTIF($A$11:A15,A15)=1,SUMIF($A:$A,A15,$J:$J),0) -> 3281.25 | R15: =ROUND(Q15*G15,2) -> 246421.88 | S15: =R15/$R$79 -> 0.008036621 | T15: =IFERROR(VLOOKUP(R15,$Q$3:$R$5,2,1),"-") -> C
A16: =CONCATENATE(C16,D16) -> SICRO1716639 | B16: 2.2 | C16: SICRO | D16: 1716639 | E16: =INDEX('Preços Serviços'!$D$6:$H$49,MATCH($A16,'Preços Serviços'!$A$6:$A$49,0),MATCH(E$7,'Preços Serviços'!$D$5:$H$5,0)) -> Derrocagem subaquática de material de 3ª categoria - malha de 4,0 m² - perfuração e detonação - plataforma com duas torres de perfuração | F16: =INDEX('Preços Serviços'!$D$6:$H$49,MATCH($A16,'Preços Serviços'!$A$6:$A$49,0),MATCH(F$7,'Preços Serviços'!$D$5:$H$5,0)) -> m3 | G16: =ROUND(O16*(1+N16),2) -> 39.64 | H16: =MEM_LIMPEZA!H53 -> 0 | I16: =ROUND($G16*H16,2) -> 0 | J16: =MEM_LIMPEZA!I53 -> 3150 | K16: =ROUND($G16*J16,2) -> 124866 | N16: =IF($M16=$J$5,$K$5,IF($M16=$J$6,$K$6,$K$4)) -> 0.21082837 | O16: =ROUND(INDEX('Preços Serviços'!$B$6:$H$49,MATCH($A16,'Preços Serviços'!$A$6:$A$49,0),MATCH("PREÇO UNITÁRIO CORRIGIDO",'Preços Serviços'!B$5:$H$5,0)),2) -> 32.74 | Q16: =IF(COUNTIF($A$11:A20,A16)=1,SUMIF($A:$A,A16,$J:$J),0) -> 5640 | R16: =ROUND(Q16*G16,2) -> 223569.6 | S16: =R16/$R$79 -> 0.0072913336 | T16: =IFERROR(VLOOKUP(R16,$Q$3:$R$5,2,1),"-") -> C
A17: =CONCATENATE(C17,D17) -> SICRO5502663 | B17: 2.3 | C17: SICRO | D17: 5502663 | E17: =INDEX('Preços Serviços'!$D$6:$H$49,MATCH($A17,'Preços Serviços'!$A$6:$A$49,0),MATCH(E$7,'Preços Serviços'!$D$5:$H$5,0)) -> Escavação e transporte de material de 3ª categoria - DMT de 0 a 50 m | F17: =INDEX('Preços Serviços'!$D$6:$H$49,MATCH($A17,'Preços Serviços'!$A$6:$A$49,0),MATCH(F$7,'Preços Serviços'!$D$5:$H$5,0)) -> m3 | G17: =ROUND(O17*(1+N17),2) -> 27.43 | H17: =MEM_LIMPEZA!H63 -> 1456.88 | I17: =ROUND($G17*H17,2) -> 39962.22 | J17: =MEM_LIMPEZA!I63 -> 16406.25 | K17: =ROUND($G17*J17,2) -> 450023.44 | N17: =IF($M17=$J$5,$K$5,IF($M17=$J$6,$K$6,$K$4)) -> 0.21082837 | O17: =ROUND(INDEX('Preços Serviços'!$B$6:$H$49,MATCH($A17,'Preços Serviços'!$A$6:$A$49,0),MATCH("PREÇO UNITÁRIO CORRIGIDO",'Preços Serviços'!B$5:$H$5,0)),2) -> 22.65 | Q17: =IF(COUNTIF($A$11:A20,A17)=1,SUMIF($A:$A,A17,$J:$J),0) -> 46421.25 | R17: =ROUND(Q17*G17,2) -> 1273334.9 | S17: =R17/$R$79 -> 0.041527603 | T17: =IFERROR(VLOOKUP(R17,$Q$3:$R$5,2,1),"-") -> B
A18: =CONCATENATE(C18,D18) -> SICRO1917680 | B18: 2.4 | C18: SICRO | D18: 1917680 | E18: =INDEX('Preços Serviços'!$D$6:$H$49,MATCH($A18,'Preços Serviços'!$A$6:$A$49,0),MATCH(E$7,'Preços Serviços'!$D$5:$H$5,0)) -> Dragagem de material de 1ª categoria com escavadeira hidráulica - capacidade de caçamba de 1,56 m³ - DMT 0 a 50 m | F18: =INDEX('Preços Serviços'!$D$6:$H$49,MATCH($A18,'Preços Serviços'!$A$6:$A$49,0),MATCH(F$7,'Preços Serviços'!$D$5:$H$5,0)) -> m3 | G18: =ROUND(O18*(1+N18),2) -> 2 | H18: =MEM_LIMPEZA!H73 -> 88200 | I18: =ROUND($G18*H18,2) -> 176400 | J18: =MEM_LIMPEZA!I73 -> 630000 | K18: =ROUND($G18*J18,2) -> 1260000 | N18: =IF($M18=$J$5,$K$5,IF($M18=$J$6,$K$6,$K$4)) -> 0.21082837 | O18: =ROUND(INDEX('Preços Serviços'!$B$6:$H$49,MATCH($A18,'Preços Serviços'!$A$6:$A$49,0),MATCH("PREÇO UNITÁRIO CORRIGIDO",'Preços Serviços'!B$5:$H$5,0)),2) -> 1.65 | Q18: =IF(COUNTIF($A$11:A18,A18)=1,SUMIF($A:$A,A18,$J:$J),0) -> 1128000 | R18: =ROUND(Q18*G18,2) -> 2256000 | S18: =R18/$R$79 -> 0.073575516 | T18: =IFERROR(VLOOKUP(R18,$Q$3:$R$5,2,1),"-") -> B
A19: =CONCATENATE(C19,D19) -> SICRO1917656 | B19: 2.5 | C19: SICRO | D19: 1917656 | E19: =INDEX('Preços Serviços'!$D$6:$H$49,MATCH($A19,'Preços Serviços'!$A$6:$A$49,0),MATCH(E$7,'Preços Serviços'!$D$5:$H$5,0)) -> Dragagem de material de 1ª categoria com dragline - caçamba de 2,1 m³ - caminho de serviço em revestimento primário - DMT 400 a 600 m - com caminhão de 14 m³ e carregadeira | F19: =INDEX('Preços Serviços'!$D$6:$H$49,MATCH($A19,'Preços Serviços'!$A$6:$A$49,0),MATCH(F$7,'Preços Serviços'!$D$5:$H$5,0)) -> m3 | G19: =ROUND(O19*(1+N19),2) -> 14.82 | H19: =MEM_LIMPEZA!H83 -> 1260 | I19: =ROUND($G19*H19,2) -> 18673.2 | J19: =MEM_LIMPEZA!I83 -> 31500 | K19: =ROUND($G19*J19,2) -> 466830 | N19: =IF($M19=$J$5,$K$5,IF($M19=$J$6,$K$6,$K$4)) -> 0.21082837 | O19: =ROUND(INDEX('Preços Serviços'!$B$6:$H$49,MATCH($A19,'Preços Serviços'!$A$6:$A$49,0),MATCH("PREÇO UNITÁRIO CORRIGIDO",'Preços Serviços'!B$5:$H$5,0)),2) -> 12.24 | Q19: =IF(COUNTIF($A$11:A19,A19)=1,SUMIF($A:$A,A19,$J:$J),0) -> 81300 | R19: =ROUND(Q19*G19,2) -> 1204866 | S19: =R19/$R$79 -> 0.039294609 | T19: =IFERROR(VLOOKUP(R19,$Q$3:$R$5,2,1),"-") -> B
A20: =CONCATENATE(C20,D20) -> CPU1 | B20: 2.6 | C20: CPU | D20: 1 | E20: ='CPU01'!$B$3 -> Dragagem de material de 1ª categoria com equipamento anfíbio, com utilização do canal de escoamento do corpo hídrico como caminho de serviço, incluso transporte do material dragado até a margem disponível para deposição | F20: ='CPU01'!$H$3 -> m3 | G20: =ROUND(O20*(1+N20),2) -> 11.84 | H20: =MEM_LIMPEZA!H93 -> 1260 | I20: =ROUND($G20*H20,2) -> 14918.4 | J20: =MEM_LIMPEZA!I93 -> 157500 | K20: =ROUND($G20*J20,2) -> 1864800 | N20: =IF($M20=$J$5,$K$5,IF($M20=$J$6,$K$6,$K$4)) -> 0.21082837 | O20: ='CPU01'!$I$3 -> 9.78 | Q20: =IF(COUNTIF($A$11:A20,A20)=1,SUMIF($A:$A,A20,$J:$J),0) -> 207300 | R20: =ROUND(Q20*G20,2) -> 2454432 | S20: =R20/$R$79 -> 0.08004703 | T20: =IFERROR(VLOOKUP(R20,$Q$3:$R$5,2,1),"-") -> B
A21: =CONCATENATE(C21,D21) -> SICRO5914351 | B21: 2.7 | C21: SICRO | D21: 5914351 | E21: =INDEX('Preços Serviços'!$D$6:$H$49,MATCH($A21,'Preços Serviços'!$A$6:$A$49,0),MATCH(E$7,'Preços Serviços'!$D$5:$H$5,0)) -> Carga, manobra e descarga de agregados ou solos em caminhão basculante de 14 m³ - carga com carregadeira de 3,40 m³ e descarga livre | F21: =INDEX('Preços Serviços'!$D$6:$H$49,MATCH($A21,'Preços Serviços'!$A$6:$A$49,0),MATCH(F$7,'Preços Serviços'!$D$5:$H$5,0)) -> t | G21: =ROUND(O21*(1+N21),2) -> 1.68 | H21: =MEM_LIMPEZA!H103 -> 157866 | I21: =ROUND($G21*H21,2) -> 265214.88 | J21: =MEM_LIMPEZA!I103 -> 1433316 | K21: =ROUND($G21*J21,2) -> 2407970.9 | N21: =IF($M21=$J$5,$K$5,IF($M21=$J$6,$K$6,$K$4)) -> 0.21082837 | O21: =ROUND(INDEX('Preços Serviços'!$B$6:$H$49,MATCH($A21,'Preços Serviços'!$A$6:$A$49,0),MATCH("PREÇO UNITÁRIO CORRIGIDO",'Preços Serviços'!B$5:$H$5,0)),2) -> 1.39 | Q21: =IF(COUNTIF($A$11:A21,A21)=1,SUMIF($A:$A,A21,$J:$J),0) -> 2524275 | R21: =ROUND(Q21*G21,2) -> 4240782 | S21: =R21/$R$79 -> 0.13830573 | T21: =IFERROR(VLOOKUP(R21,$Q$3:$R$5,2,1),"-") -> A
A22: =CONCATENATE(C22,D22) -> SICRO5901640 | B22: 2.8 | C22: SICRO | D22: 5901640 | E22: =INDEX('Preços Serviços'!$D$6:$H$49,MATCH($A22,'Preços Serviços'!$A$6:$A$49,0),MATCH(E$7,'Preços Serviços'!$D$5:$H$5,0)) -> Transporte com caminhão basculante com caçamba estanque com capacidade de 14 m³ - rodovia pavimentada | F22: =INDEX('Preços Serviços'!$D$6:$H$49,MATCH($A22,'Preços Serviços'!$A$6:$A$49,0),MATCH(F$7,'Preços Serviços'!$D$5:$H$5,0)) -> tkm | G22: =ROUND(O22*(1+N22),2) -> 0.38 | H22: =MEM_LIMPEZA!H113 -> 2367990 | I22: =ROUND($G22*H22,2) -> 899836.2 | J22: =MEM_LIMPEZA!I113 -> 21499740 | K22: =ROUND($G22*J22,2) -> 8169901.2 | N22: =IF($M22=$J$5,$K$5,IF($M22=$J$6,$K$6,$K$4)) -> 0.21082837 | O22: =ROUND(INDEX('Preços Serviços'!$B$6:$H$49,MATCH($A22,'Preços Serviços'!$A$6:$A$49,0),MATCH("PREÇO UNITÁRIO CORRIGIDO",'Preços Serviços'!B$5:$H$5,0)),2) -> 0.31 | Q22: =IF(COUNTIF($A$11:A22,A22)=1,SUMIF($A:$A,A22,$J:$J),0) -> 48773715 | R22: =ROUND(Q22*G22,2) -> 18534012 | S22: =R22/$R$79 -> 0.60445455 | T22: =IFERROR(VLOOKUP(R22,$Q$3:$R$5,2,1),"-") -> A
A23: =CONCATENATE(C23,D23) | E23: LOTE 2 - REGIÃO NORTE | I23: =SUBTOTAL(9,I24:I36) -> 912837.64 | K23: =SUBTOTAL(9,K24:K36) -> 3080283.7
A24: =CONCATENATE(C24,D24) | B24: 1 | E24: CANTEIRO DE OBRAS | I24: =SUBTOTAL(9,I25:I27) -> 22895.61 | K24: =SUBTOTAL(9,K25:K27) -> 45791.22
A25: =CONCATENATE(C25,D25) -> CESAN7010100210 | B25: 1.1 | C25: CESAN | D25: 7010100210 | E25: =INDEX('Preços Serviços'!$D$6:$H$49,MATCH($A25,'Preços Serviços'!$A$6:$A$49,0),MATCH(E$7,'Preços Serviços'!$D$5:$H$5,0)) -> Banheiro Quimico | F25: =INDEX('Preços Serviços'!$D$6:$H$49,MATCH($A25,'Preços Serviços'!$A$6:$A$49,0),MATCH(F$7,'Preços Serviços'!$D$5:$H$5,0)) -> unm | G25: =ROUND(O25*(1+N25),2) -> 1792.4 | H25: =MEM_LIMPEZA!H18 -> 12 | I25: =ROUND($G25*H25,2) -> 21508.8 | J25: =MEM_LIMPEZA!I18 -> 24 | K25: =ROUND($G25*J25,2) -> 43017.6 | N25: =IF($M25=$J$5,$K$5,IF($M25=$J$6,$K$6,$K$4)) -> 0.21082837 | O25: =ROUND(INDEX('Preços Serviços'!$B$6:$H$49,MATCH($A25,'Preços Serviços'!$A$6:$A$49,0),MATCH("PREÇO UNITÁRIO CORRIGIDO",'Preços Serviços'!B$5:$H$5,0)),2) -> 1480.31 | Q25: =IF(COUNTIF($A$11:A25,A25)=1,SUMIF($A:$A,A25,$J:$J),0) -> 0 | R25: =ROUND(Q25*G25,2) -> 0 | S25: =R25/$R$79 -> 0 | T25: =IFERROR(VLOOKUP(R25,$Q$3:$R$5,2,1),"-") -> -
A26: =CONCATENATE(C26,D26) -> SICRO5212556 | B26: 1.2 | C26: SICRO | D26: 5212556 | E26: =INDEX('Preços Serviços'!$D$6:$H$49,MATCH($A26,'Preços Serviços'!$A$6:$A$49,0),MATCH(E$7,'Preços Serviços'!$D$5:$H$5,0)) -> Placa para sinalização de obras montada em cavalete metálico - 1,00 x 1,00 m | F26: =INDEX('Preços Serviços'!$D$6:$H$49,MATCH($A26,'Preços Serviços'!$A$6:$A$49,0),MATCH(F$7,'Preços Serviços'!$D$5:$H$5,0)) -> und | G26: =ROUND(O26*(1+N26),2) -> 53.57 | H26: =MEM_LIMPEZA!H27 -> 3 | I26: =ROUND($G26*H26,2) -> 160.71 | J26: =MEM_LIMPEZA!I27 -> 6 | K26: =ROUND($G26*J26,2) -> 321.42 | N26: =IF($M26=$J$5,$K$5,IF($M26=$J$6,$K$6,$K$4)) -> 0.21082837 | O26: =ROUND(INDEX('Preços Serviços'!$B$6:$H$49,MATCH($A26,'Preços Serviços'!$A$6:$A$49,0),MATCH("PREÇO UNITÁRIO CORRIGIDO",'Preços Serviços'!B$5:$H$5,0)),2) -> 44.24 | Q26: =IF(COUNTIF($A$11:A26,A26)=1,SUMIF($A:$A,A26,$J:$J),0) -> 0 | R26: =ROUND(Q26*G26,2) -> 0 | S26: =R26/$R$79 -> 0 | T26: =IFERROR(VLOOKUP(R26,$Q$3:$R$5,2,1),"-") -> -
A27: =CONCATENATE(C27,D27) -> DER-ROD42046 | B27: 1.3 | C27: DER-ROD | D27: 42046 | E27: =INDEX('Preços Serviços'!$D$6:$H$49,MATCH($A27,'Preços Serviços'!$A$6:$A$49,0),MATCH(E$7,'Preços Serviços'!$D$5:$H$5,0)) -> Cones para sinalização, fornecimento e colocação | F27: =INDEX('Preços Serviços'!$D$6:$H$49,MATCH($A27,'Preços Serviços'!$A$6:$A$49,0),MATCH(F$7,'Preços Serviços'!$D$5:$H$5,0)) -> und | G27: =ROUND(O27*(1+N27),2) -> 122.61 | H27: =MEM_LIMPEZA!H36 -> 10 | I27: =ROUND($G27*H27,2) -> 1226.1 | J27: =MEM_LIMPEZA!I36 -> 20 | K27: =ROUND($G27*J27,2) -> 2452.2 | N27: =IF($M27=$J$5,$K$5,IF($M27=$J$6,$K$6,$K$4)) -> 0.21082837 | O27: =ROUND(INDEX('Preços Serviços'!$B$6:$H$49,MATCH($A27,'Preços Serviços'!$A$6:$A$49,0),MATCH("PREÇO UNITÁRIO CORRIGIDO",'Preços Serviços'!B$5:$H$5,0)),2) -> 101.26 | Q27: =IF(COUNTIF($A$11:A27,A27)=1,SUMIF($A:$A,A27,$J:$J),0) -> 0 | R27: =ROUND(Q27*G27,2) -> 0 | S27: =R27/$R$79 -> 0 | T27: =IFERROR(VLOOKUP(R27,$Q$3:$R$5,2,1),"-") -> -
A28: =CONCATENATE(C28,D28) | B28: 2 | E28: LIMPEZA DE CORPOS HÍDRICOS | I28: =SUBTOTAL(9,I29:I36) -> 889942.03 | K28: =SUBTOTAL(9,K29:K36) -> 3034492.5
A29: =CONCATENATE(C29,D29) -> SICRO1619003 | B29: 2.1 | C29: SICRO | D29: 1619003 | E29: =INDEX('Preços Serviços'!$D$6:$H$49,MATCH($A29,'Preços Serviços'!$A$6:$A$49,0),MATCH(E$7,'Preços Serviços'!$D$5:$H$5,0)) -> Demolição mecânica de concreto armado, com escavadeira hidráulica com martelo hidráulico - sem reaproveitamento | F29: =INDEX('Preços Serviços'!$D$6:$H$49,MATCH($A29,'Preços Serviços'!$A$6:$A$49,0),MATCH(F$7,'Preços Serviços'!$D$5:$H$5,0)) -> m3 | G29: =ROUND(O29*(1+N29),2) -> 75.1 | H29: =MEM_LIMPEZA!H42 -> 196.88 | I29: =ROUND($G29*H29,2) -> 14785.69 | J29: =MEM_LIMPEZA!I42 -> 656.25 | K29: =ROUND($G29*J29,2) -> 49284.38 | N29: =IF($M29=$J$5,$K$5,IF($M29=$J$6,$K$6,$K$4)) -> 0.21082837 | O29: =ROUND(INDEX('Preços Serviços'!$B$6:$H$49,MATCH($A29,'Preços Serviços'!$A$6:$A$49,0),MATCH("PREÇO UNITÁRIO CORRIGIDO",'Preços Serviços'!B$5:$H$5,0)),2) -> 62.02 | Q29: =IF(COUNTIF($A$11:A29,A29)=1,SUMIF($A:$A,A29,$J:$J),0) -> 0 | R29: =ROUND(Q29*G29,2) -> 0 | S29: =R29/$R$79 -> 0 | T29: =IFERROR(VLOOKUP(R29,$Q$3:$R$5,2,1),"-") -> -
A30: =CONCATENATE(C30,D30) -> SICRO1716639 | B30: 2.2 | C30: SICRO | D30: 1716639 | E30: =INDEX('Preços Serviços'!$D$6:$H$49,MATCH($A30,'Preços Serviços'!$A$6:$A$49,0),MATCH(E$7,'Preços Serviços'!$D$5:$H$5,0)) -> Derrocagem subaquática de material de 3ª categoria - malha de 4,0 m² - perfuração e detonação - plataforma com duas torres de perfuração | F30: =INDEX('Preços Serviços'!$D$6:$H$49,MATCH($A30,'Preços Serviços'!$A$6:$A$49,0),MATCH(F$7,'Preços Serviços'!$D$5:$H$5,0)) -> m3 | G30: =ROUND(O30*(1+N30),2) -> 39.64 | H30: =MEM_LIMPEZA!H54 -> 0 | I30: =ROUND($G30*H30,2) -> 0 | J30: =MEM_LIMPEZA!I54 -> 480 | K30: =ROUND($G30*J30,2) -> 19027.2 | N30: =IF($M30=$J$5,$K$5,IF($M30=$J$6,$K$6,$K$4)) -> 0.21082837 | O30: =ROUND(INDEX('Preços Serviços'!$B$6:$H$49,MATCH($A30,'Preços Serviços'!$A$6:$A$49,0),MATCH("PREÇO UNITÁRIO CORRIGIDO",'Preços Serviços'!B$5:$H$5,0)),2) -> 32.74 | Q30: =IF(COUNTIF($A$11:A34,A30)=1,SUMIF($A:$A,A30,$J:$J),0) -> 0 | R30: =ROUND(Q30*G30,2) -> 0 | S30: =R30/$R$79 -> 0 | T30: =IFERROR(VLOOKUP(R30,$Q$3:$R$5,2,1),"-") -> -
A31: =CONCATENATE(C31,D31) -> SICRO5502663 | B31: 2.3 | C31: SICRO | D31: 5502663 | E31: =INDEX('Preços Serviços'!$D$6:$H$49,MATCH($A31,'Preços Serviços'!$A$6:$A$49,0),MATCH(E$7,'Preços Serviços'!$D$5:$H$5,0)) -> Escavação e transporte de material de 3ª categoria - DMT de 0 a 50 m | F31: =INDEX('Preços Serviços'!$D$6:$H$49,MATCH($A31,'Preços Serviços'!$A$6:$A$49,0),MATCH(F$7,'Preços Serviços'!$D$5:$H$5,0)) -> m3 | G31: =ROUND(O31*(1+N31),2) -> 27.43 | H31: =MEM_LIMPEZA!H64 -> 676.88 | I31: =ROUND($G31*H31,2) -> 18566.82 | J31: =MEM_LIMPEZA!I64 -> 5936.25 | K31: =ROUND($G31*J31,2) -> 162831.34 | N31: =IF($M31=$J$5,$K$5,IF($M31=$J$6,$K$6,$K$4)) -> 0.21082837 | O31: =ROUND(INDEX('Preços Serviços'!$B$6:$H$49,MATCH($A31,'Preços Serviços'!$A$6:$A$49,0),MATCH("PREÇO UNITÁRIO CORRIGIDO",'Preços Serviços'!B$5:$H$5,0)),2) -> 22.65 | Q31: =IF(COUNTIF($A$11:A34,A31)=1,SUMIF($A:$A,A31,$J:$J),0) -> 0 | R31: =ROUND(Q31*G31,2) -> 0 | S31: =R31/$R$79 -> 0 | T31: =IFERROR(VLOOKUP(R31,$Q$3:$R$5,2,1),"-") -> -
A32: =CONCATENATE(C32,D32) -> SICRO1917680 | B32: 2.4 | C32: SICRO | D32: 1917680 | E32: =INDEX('Preços Serviços'!$D$6:$H$49,MATCH($A32,'Preços Serviços'!$A$6:$A$49,0),MATCH(E$7,'Preços Serviços'!$D$5:$H$5,0)) -> Dragagem de material de 1ª categoria com escavadeira hidráulica - capacidade de caçamba de 1,56 m³ - DMT 0 a 50 m | F32: =INDEX('Preços Serviços'!$D$6:$H$49,MATCH($A32,'Preços Serviços'!$A$6:$A$49,0),MATCH(F$7,'Preços Serviços'!$D$5:$H$5,0)) -> m3 | G32: =ROUND(O32*(1+N32),2) -> 2 | H32: =MEM_LIMPEZA!H74 -> 38400 | I32: =ROUND($G32*H32,2) -> 76800 | J32: =MEM_LIMPEZA!I74 -> 96000 | K32: =ROUND($G32*J32,2) -> 192000 | N32: =IF($M32=$J$5,$K$5,IF($M32=$J$6,$K$6,$K$4)) -> 0.21082837 | O32: =ROUND(INDEX('Preços Serviços'!$B$6:$H$49,MATCH($A32,'Preços Serviços'!$A$6:$A$49,0),MATCH("PREÇO UNITÁRIO CORRIGIDO",'Preços Serviços'!B$5:$H$5,0)),2) -> 1.65 | Q32: =IF(COUNTIF($A$11:A32,A32)=1,SUMIF($A:$A,A32,$J:$J),0) -> 0 | R32: =ROUND(Q32*G32,2) -> 0 | S32: =R32/$R$79 -> 0 | T32: =IFERROR(VLOOKUP(R32,$Q$3:$R$5,2,1),"-") -> -
A33: =CONCATENATE(C33,D33) -> SICRO1917656 | B33: 2.5 | C33: SICRO | D33: 1917656 | E33: =INDEX('Preços Serviços'!$D$6:$H$49,MATCH($A33,'Preços Serviços'!$A$6:$A$49,0),MATCH(E$7,'Preços Serviços'!$D$5:$H$5,0)) -> Dragagem de material de 1ª categoria com dragline - caçamba de 2,1 m³ - caminho de serviço em revestimento primário - DMT 400 a 600 m - com caminhão de 14 m³ e carregadeira | F33: =INDEX('Preços Serviços'!$D$6:$H$49,MATCH($A33,'Preços Serviços'!$A$6:$A$49,0),MATCH(F$7,'Preços Serviços'!$D$5:$H$5,0)) -> m3 | G33: =ROUND(O33*(1+N33),2) -> 14.82 | H33: =MEM_LIMPEZA!H84 -> 480 | I33: =ROUND($G33*H33,2) -> 7113.6 | J33: =MEM_LIMPEZA!I84 -> 9600 | K33: =ROUND($G33*J33,2) -> 142272 | N33: =IF($M33=$J$5,$K$5,IF($M33=$J$6,$K$6,$K$4)) -> 0.21082837 | O33: =ROUND(INDEX('Preços Serviços'!$B$6:$H$49,MATCH($A33,'Preços Serviços'!$A$6:$A$49,0),MATCH("PREÇO UNITÁRIO CORRIGIDO",'Preços Serviços'!B$5:$H$5,0)),2) -> 12.24 | Q33: =IF(COUNTIF($A$11:A33,A33)=1,SUMIF($A:$A,A33,$J:$J),0) -> 0 | R33: =ROUND(Q33*G33,2) -> 0 | S33: =R33/$R$79 -> 0 | T33: =IFERROR(VLOOKUP(R33,$Q$3:$R$5,2,1),"-") -> -
A34: =CONCATENATE(C34,D34) -> CPU1 | B34: 2.6 | C34: CPU | D34: 1 | E34: ='CPU01'!$B$3 -> Dragagem de material de 1ª categoria com equipamento anfíbio, com utilização do canal de escoamento do corpo hídrico como caminho de serviço, incluso transporte do material dragado até a margem disponível para deposição | F34: ='CPU01'!$H$3 -> m3 | G34: =ROUND(O34*(1+N34),2) -> 11.84 | H34: =MEM_LIMPEZA!H94 -> 480 | I34: =ROUND($G34*H34,2) -> 5683.2 | J34: =MEM_LIMPEZA!I94 -> 9600 | K34: =ROUND($G34*J34,2) -> 113664 | N34: =IF($M34=$J$5,$K$5,IF($M34=$J$6,$K$6,$K$4)) -> 0.21082837 | O34: ='CPU01'!$I$3 -> 9.78 | Q34: =IF(COUNTIF($A$11:A34,A34)=1,SUMIF($A:$A,A34,$J:$J),0) -> 0 | R34: =ROUND(Q34*G34,2) -> 0 | S34: =R34/$R$79 -> 0 | T34: =IFERROR(VLOOKUP(R34,$Q$3:$R$5,2,1),"-") -> -
A35: =CONCATENATE(C35,D35) -> SICRO5914351 | B35: 2.7 | C35: SICRO | D35: 5914351 | E35: =INDEX('Preços Serviços'!$D$6:$H$49,MATCH($A35,'Preços Serviços'!$A$6:$A$49,0),MATCH(E$7,'Preços Serviços'!$D$5:$H$5,0)) -> Carga, manobra e descarga de agregados ou solos em caminhão basculante de 14 m³ - carga com carregadeira de 3,40 m³ e descarga livre | F35: =INDEX('Preços Serviços'!$D$6:$H$49,MATCH($A35,'Preços Serviços'!$A$6:$A$49,0),MATCH(F$7,'Preços Serviços'!$D$5:$H$5,0)) -> t | G35: =ROUND(O35*(1+N35),2) -> 1.68 | H35: =MEM_LIMPEZA!H104 -> 68604 | I35: =ROUND($G35*H35,2) -> 115254.72 | J35: =MEM_LIMPEZA!I104 -> 210681 | K35: =ROUND($G35*J35,2) -> 353944.08 | N35: =IF($M35=$J$5,$K$5,IF($M35=$J$6,$K$6,$K$4)) -> 0.21082837 | O35: =ROUND(INDEX('Preços Serviços'!$B$6:$H$49,MATCH($A35,'Preços Serviços'!$A$6:$A$49,0),MATCH("PREÇO UNITÁRIO CORRIGIDO",'Preços Serviços'!B$5:$H$5,0)),2) -> 1.39 | Q35: =IF(COUNTIF($A$11:A35,A35)=1,SUMIF($A:$A,A35,$J:$J),0) -> 0 | R35: =ROUND(Q35*G35,2) -> 0 | S35: =R35/$R$79 -> 0 | T35: =IFERROR(VLOOKUP(R35,$Q$3:$R$5,2,1),"-") -> -
A36: =CONCATENATE(C36,D36) -> SICRO5901640 | B36: 2.8 | C36: SICRO | D36: 5901640 | E36: =INDEX('Preços Serviços'!$D$6:$H$49,MATCH($A36,'Preços Serviços'!$A$6:$A$49,0),MATCH(E$7,'Preços Serviços'!$D$5:$H$5,0)) -> Transporte com caminhão basculante com caçamba estanque com capacidade de 14 m³ - rodovia pavimentada | F36: =INDEX('Preços Serviços'!$D$6:$H$49,MATCH($A36,'Preços Serviços'!$A$6:$A$49,0),MATCH(F$7,'Preços Serviços'!$D$5:$H$5,0)) -> tkm | G36: =ROUND(O36*(1+N36),2) -> 0.38 | H36: =MEM_LIMPEZA!H114 -> 1715100 | I36: =ROUND($G36*H36,2) -> 651738 | J36: =MEM_LIMPEZA!I114 -> 5267025 | K36: =ROUND($G36*J36,2) -> 2001469.5 | N36: =IF($M36=$J$5,$K$5,IF($M36=$J$6,$K$6,$K$4)) -> 0.21082837 | O36: =ROUND(INDEX('Preços Serviços'!$B$6:$H$49,MATCH($A36,'Preços Serviços'!$A$6:$A$49,0),MATCH("PREÇO UNITÁRIO CORRIGIDO",'Preços Serviços'!B$5:$H$5,0)),2) -> 0.31 | Q36: =IF(COUNTIF($A$11:A36,A36)=1,SUMIF($A:$A,A36,$J:$J),0) -> 0 | R36: =ROUND(Q36*G36,2) -> 0 | S36: =R36/$R$79 -> 0 | T36: =IFERROR(VLOOKUP(R36,$Q$3:$R$5,2,1),"-") -> -
A37: =CONCATENATE(C37,D37) | E37: LOTE 3 - REGIÃO CENTRAL | I37: =SUBTOTAL(9,I38:I50) -> 912837.64 | K37: =SUBTOTAL(9,K38:K50) -> 3080283.7
A38: =CONCATENATE(C38,D38) | B38: 1 | E38: CANTEIRO DE OBRAS | I38: =SUBTOTAL(9,I39:I41) -> 22895.61 | K38: =SUBTOTAL(9,K39:K41) -> 45791.22
A39: =CONCATENATE(C39,D39) -> CESAN7010100210 | B39: 1.1 | C39: CESAN | D39: 7010100210 | E39: =INDEX('Preços Serviços'!$D$6:$H$49,MATCH($A39,'Preços Serviços'!$A$6:$A$49,0),MATCH(E$7,'Preços Serviços'!$D$5:$H$5,0)) -> Banheiro Quimico | F39: =INDEX('Preços Serviços'!$D$6:$H$49,MATCH($A39,'Preços Serviços'!$A$6:$A$49,0),MATCH(F$7,'Preços Serviços'!$D$5:$H$5,0)) -> unm | G39: =ROUND(O39*(1+N39),2) -> 1792.4 | H39: =MEM_LIMPEZA!H19 -> 12 | I39: =ROUND($G39*H39,2) -> 21508.8 | J39: =MEM_LIMPEZA!I19 -> 24 | K39: =ROUND($G39*J39,2) -> 43017.6 | N39: =IF($M39=$J$5,$K$5,IF($M39=$J$6,$K$6,$K$4)) -> 0.21082837 | O39: =ROUND(INDEX('Preços Serviços'!$B$6:$H$49,MATCH($A39,'Preços Serviços'!$A$6:$A$49,0),MATCH("PREÇO UNITÁRIO CORRIGIDO",'Preços Serviços'!B$5:$H$5,0)),2) -> 1480.31 | Q39: =IF(COUNTIF($A$11:A39,A39)=1,SUMIF($A:$A,A39,$J:$J),0) -> 0 | R39: =ROUND(Q39*G39,2) -> 0 | S39: =R39/$R$79 -> 0 | T39: =IFERROR(VLOOKUP(R39,$Q$3:$R$5,2,1),"-") -> -
A40: =CONCATENATE(C40,D40) -> SICRO5212556 | B40: 1.2 | C40: SICRO | D40: 5212556 | E40: =INDEX('Preços Serviços'!$D$6:$H$49,MATCH($A40,'Preços Serviços'!$A$6:$A$49,0),MATCH(E$7,'Preços Serviços'!$D$5:$H$5,0)) -> Placa para sinalização de obras montada em cavalete metálico - 1,00 x 1,00 m | F40: =INDEX('Preços Serviços'!$D$6:$H$49,MATCH($A40,'Preços Serviços'!$A$6:$A$49,0),MATCH(F$7,'Preços Serviços'!$D$5:$H$5,0)) -> und | G40: =ROUND(O40*(1+N40),2) -> 53.57 | H40: =MEM_LIMPEZA!H28 -> 3 | I40: =ROUND($G40*H40,2) -> 160.71 | J40: =MEM_LIMPEZA!I28 -> 6 | K40: =ROUND($G40*J40,2) -> 321.42 | N40: =IF($M40=$J$5,$K$5,IF($M40=$J$6,$K$6,$K$4)) -> 0.21082837 | O40: =ROUND(INDEX('Preços Serviços'!$B$6:$H$49,MATCH($A40,'Preços Serviços'!$A$6:$A$49,0),MATCH("PREÇO UNITÁRIO CORRIGIDO",'Preços Serviços'!B$5:$H$5,0)),2) -> 44.24 | Q40: =IF(COUNTIF($A$11:A40,A40)=1,SUMIF($A:$A,A40,$J:$J),0) -> 0 | R40: =ROUND(Q40*G40,2) -> 0 | S40: =R40/$R$79 -> 0 | T40: =IFERROR(VLOOKUP(R40,$Q$3:$R$5,2,1),"-") -> -
A41: =CONCATENATE(C41,D41) -> DER-ROD42046 | B41: 1.3 | C41: DER-ROD | D41: 42046 | E41: =INDEX('Preços Serviços'!$D$6:$H$49,MATCH($A41,'Preços Serviços'!$A$6:$A$49,0),MATCH(E$7,'Preços Serviços'!$D$5:$H$5,0)) -> Cones para sinalização, fornecimento e colocação | F41: =INDEX('Preços Serviços'!$D$6:$H$49,MATCH($A41,'Preços Serviços'!$A$6:$A$49,0),MATCH(F$7,'Preços Serviços'!$D$5:$H$5,0)) -> und | G41: =ROUND(O41*(1+N41),2) -> 122.61 | H41: =MEM_LIMPEZA!H37 -> 10 | I41: =ROUND($G41*H41,2) -> 1226.1 | J41: =MEM_LIMPEZA!I37 -> 20 | K41: =ROUND($G41*J41,2) -> 2452.2 | N41: =IF($M41=$J$5,$K$5,IF($M41=$J$6,$K$6,$K$4)) -> 0.21082837 | O41: =ROUND(INDEX('Preços Serviços'!$B$6:$H$49,MATCH($A41,'Preços Serviços'!$A$6:$A$49,0),MATCH("PREÇO UNITÁRIO CORRIGIDO",'Preços Serviços'!B$5:$H$5,0)),2) -> 101.26 | Q41: =IF(COUNTIF($A$11:A41,A41)=1,SUMIF($A:$A,A41,$J:$J),0) -> 0 | R41: =ROUND(Q41*G41,2) -> 0 | S41: =R41/$R$79 -> 0 | T41: =IFERROR(VLOOKUP(R41,$Q$3:$R$5,2,1),"-") -> -
A42: =CONCATENATE(C42,D42) | B42: 2 | E42: LIMPEZA DE CORPOS HÍDRICOS | I42: =SUBTOTAL(9,I43:I50) -> 889942.03 | K42: =SUBTOTAL(9,K43:K50) -> 3034492.5
A43: =CONCATENATE(C43,D43) -> SICRO1619003 | B43: 2.1 | C43: SICRO | D43: 1619003 | E43: =INDEX('Preços Serviços'!$D$6:$H$49,MATCH($A43,'Preços Serviços'!$A$6:$A$49,0),MATCH(E$7,'Preços Serviços'!$D$5:$H$5,0)) -> Demolição mecânica de concreto armado, com escavadeira hidráulica com martelo hidráulico - sem reaproveitamento | F43: =INDEX('Preços Serviços'!$D$6:$H$49,MATCH($A43,'Preços Serviços'!$A$6:$A$49,0),MATCH(F$7,'Preços Serviços'!$D$5:$H$5,0)) -> m3 | G43: =ROUND(O43*(1+N43),2) -> 75.1 | H43: =MEM_LIMPEZA!H42 -> 196.88 | I43: =ROUND($G43*H43,2) -> 14785.69 | J43: =MEM_LIMPEZA!I42 -> 656.25 | K43: =ROUND($G43*J43,2) -> 49284.38 | N43: =IF($M43=$J$5,$K$5,IF($M43=$J$6,$K$6,$K$4)) -> 0.21082837 | O43: =ROUND(INDEX('Preços Serviços'!$B$6:$H$49,MATCH($A43,'Preços Serviços'!$A$6:$A$49,0),MATCH("PREÇO UNITÁRIO CORRIGIDO",'Preços Serviços'!B$5:$H$5,0)),2) -> 62.02 | Q43: =IF(COUNTIF($A$11:A43,A43)=1,SUMIF($A:$A,A43,$J:$J),0) -> 0 | R43: =ROUND(Q43*G43,2) -> 0 | S43: =R43/$R$79 -> 0 | T43: =IFERROR(VLOOKUP(R43,$Q$3:$R$5,2,1),"-") -> -
A44: =CONCATENATE(C44,D44) -> SICRO1716639 | B44: 2.2 | C44: SICRO | D44: 1716639 | E44: =INDEX('Preços Serviços'!$D$6:$H$49,MATCH($A44,'Preços Serviços'!$A$6:$A$49,0),MATCH(E$7,'Preços Serviços'!$D$5:$H$5,0)) -> Derrocagem subaquática de material de 3ª categoria - malha de 4,0 m² - perfuração e detonação - plataforma com duas torres de perfuração | F44: =INDEX('Preços Serviços'!$D$6:$H$49,MATCH($A44,'Preços Serviços'!$A$6:$A$49,0),MATCH(F$7,'Preços Serviços'!$D$5:$H$5,0)) -> m3 | G44: =ROUND(O44*(1+N44),2) -> 39.64 | H44: =MEM_LIMPEZA!H55 -> 0 | I44: =ROUND($G44*H44,2) -> 0 | J44: =MEM_LIMPEZA!I55 -> 480 | K44: =ROUND($G44*J44,2) -> 19027.2 | N44: =IF($M44=$J$5,$K$5,IF($M44=$J$6,$K$6,$K$4)) -> 0.21082837 | O44: =ROUND(INDEX('Preços Serviços'!$B$6:$H$49,MATCH($A44,'Preços Serviços'!$A$6:$A$49,0),MATCH("PREÇO UNITÁRIO CORRIGIDO",'Preços Serviços'!B$5:$H$5,0)),2) -> 32.74 | Q44: =IF(COUNTIF($A$11:A48,A44)=1,SUMIF($A:$A,A44,$J:$J),0) -> 0 | R44: =ROUND(Q44*G44,2) -> 0 | S44: =R44/$R$79 -> 0 | T44: =IFERROR(VLOOKUP(R44,$Q$3:$R$5,2,1),"-") -> -
A45: =CONCATENATE(C45,D45) -> SICRO5502663 | B45: 2.3 | C45: SICRO | D45: 5502663 | E45: =INDEX('Preços Serviços'!$D$6:$H$49,MATCH($A45,'Preços Serviços'!$A$6:$A$49,0),MATCH(E$7,'Preços Serviços'!$D$5:$H$5,0)) -> Escavação e transporte de material de 3ª categoria - DMT de 0 a 50 m | F45: =INDEX('Preços Serviços'!$D$6:$H$49,MATCH($A45,'Preços Serviços'!$A$6:$A$49,0),MATCH(F$7,'Preços Serviços'!$D$5:$H$5,0)) -> m3 | G45: =ROUND(O45*(1+N45),2) -> 27.43 | H45: =MEM_LIMPEZA!H65 -> 676.88 | I45: =ROUND($G45*H45,2) -> 18566.82 | J45: =MEM_LIMPEZA!I65 -> 5936.25 | K45: =ROUND($G45*J45,2) -> 162831.34 | N45: =IF($M45=$J$5,$K$5,IF($M45=$J$6,$K$6,$K$4)) -> 0.21082837 | O45: =ROUND(INDEX('Preços Serviços'!$B$6:$H$49,MATCH($A45,'Preços Serviços'!$A$6:$A$49,0),MATCH("PREÇO UNITÁRIO CORRIGIDO",'Preços Serviços'!B$5:$H$5,0)),2) -> 22.65 | Q45: =IF(COUNTIF($A$11:A48,A45)=1,SUMIF($A:$A,A45,$J:$J),0) -> 0 | R45: =ROUND(Q45*G45,2) -> 0 | S45: =R45/$R$79 -> 0 | T45: =IFERROR(VLOOKUP(R45,$Q$3:$R$5,2,1),"-") -> -
A46: =CONCATENATE(C46,D46) -> SICRO1917680 | B46: 2.4 | C46: SICRO | D46: 1917680 | E46: =INDEX('Preços Serviços'!$D$6:$H$49,MATCH($A46,'Preços Serviços'!$A$6:$A$49,0),MATCH(E$7,'Preços Serviços'!$D$5:$H$5,0)) -> Dragagem de material de 1ª categoria com escavadeira hidráulica - capacidade de caçamba de 1,56 m³ - DMT 0 a 50 m | F46: =INDEX('Preços Serviços'!$D$6:$H$49,MATCH($A46,'Preços Serviços'!$A$6:$A$49,0),MATCH(F$7,'Preços Serviços'!$D$5:$H$5,0)) -> m3 | G46: =ROUND(O46*(1+N46),2) -> 2 | H46: =MEM_LIMPEZA!H75 -> 38400 | I46: =ROUND($G46*H46,2) -> 76800 | J46: =MEM_LIMPEZA!I75 -> 96000 | K46: =ROUND($G46*J46,2) -> 192000 | N46: =IF($M46=$J$5,$K$5,IF($M46=$J$6,$K$6,$K$4)) -> 0.21082837 | O46: =ROUND(INDEX('Preços Serviços'!$B$6:$H$49,MATCH($A46,'Preços Serviços'!$A$6:$A$49,0),MATCH("PREÇO UNITÁRIO CORRIGIDO",'Preços Serviços'!B$5:$H$5,0)),2) -> 1.65 | Q46: =IF(COUNTIF($A$11:A46,A46)=1,SUMIF($A:$A,A46,$J:$J),0) -> 0 | R46: =ROUND(Q46*G46,2) -> 0 | S46: =R46/$R$79 -> 0 | T46: =IFERROR(VLOOKUP(R46,$Q$3:$R$5,2,1),"-") -> -
A47: =CONCATENATE(C47,D47) -> SICRO1917656 | B47: 2.5 | C47: SICRO | D47: 1917656 | E47: =INDEX('Preços Serviços'!$D$6:$H$49,MATCH($A47,'Preços Serviços'!$A$6:$A$49,0),MATCH(E$7,'Preços Serviços'!$D$5:$H$5,0)) -> Dragagem de material de 1ª categoria com dragline - caçamba de 2,1 m³ - caminho de serviço em revestimento primário - DMT 400 a 600 m - com caminhão de 14 m³ e carregadeira | F47: =INDEX('Preços Serviços'!$D$6:$H$49,MATCH($A47,'Preços Serviços'!$A$6:$A$49,0),MATCH(F$7,'Preços Serviços'!$D$5:$H$5,0)) -> m3 | G47: =ROUND(O47*(1+N47),2) -> 14.82 | H47: =MEM_LIMPEZA!H85 -> 480 | I47: =ROUND($G47*H47,2) -> 7113.6 | J47: =MEM_LIMPEZA!I85 -> 9600 | K47: =ROUND($G47*J47,2) -> 142272 | N47: =IF($M47=$J$5,$K$5,IF($M47=$J$6,$K$6,$K$4)) -> 0.21082837 | O47: =ROUND(INDEX('Preços Serviços'!$B$6:$H$49,MATCH($A47,'Preços Serviços'!$A$6:$A$49,0),MATCH("PREÇO UNITÁRIO CORRIGIDO",'Preços Serviços'!B$5:$H$5,0)),2) -> 12.24 | Q47: =IF(COUNTIF($A$11:A47,A47)=1,SUMIF($A:$A,A47,$J:$J),0) -> 0 | R47: =ROUND(Q47*G47,2) -> 0 | S47: =R47/$R$79 -> 0 | T47: =IFERROR(VLOOKUP(R47,$Q$3:$R$5,2,1),"-") -> -
A48: =CONCATENATE(C48,D48) -> CPU1 | B48: 2.6 | C48: CPU | D48: 1 | E48: ='CPU01'!$B$3 -> Dragagem de material de 1ª categoria com equipamento anfíbio, com utilização do canal de escoamento do corpo hídrico como caminho de serviço, incluso transporte do material dragado até a margem disponível para deposição | F48: ='CPU01'!$H$3 -> m3 | G48: =ROUND(O48*(1+N48),2) -> 11.84 | H48: =MEM_LIMPEZA!H95 -> 480 | I48: =ROUND($G48*H48,2) -> 5683.2 | J48: =MEM_LIMPEZA!I95 -> 9600 | K48: =ROUND($G48*J48,2) -> 113664 | N48: =IF($M48=$J$5,$K$5,IF($M48=$J$6,$K$6,$K$4)) -> 0.21082837 | O48: ='CPU01'!$I$3 -> 9.78 | Q48: =IF(COUNTIF($A$11:A48,A48)=1,SUMIF($A:$A,A48,$J:$J),0) -> 0 | R48: =ROUND(Q48*G48,2) -> 0 | S48: =R48/$R$79 -> 0 | T48: =IFERROR(VLOOKUP(R48,$Q$3:$R$5,2,1),"-") -> -
A49: =CONCATENATE(C49,D49) -> SICRO5914351 | B49: 2.7 | C49: SICRO | D49: 5914351 | E49: =INDEX('Preços Serviços'!$D$6:$H$49,MATCH($A49,'Preços Serviços'!$A$6:$A$49,0),MATCH(E$7,'Preços Serviços'!$D$5:$H$5,0)) -> Carga, manobra e descarga de agregados ou solos em caminhão basculante de 14 m³ - carga com carregadeira de 3,40 m³ e descarga livre | F49: =INDEX('Preços Serviços'!$D$6:$H$49,MATCH($A49,'Preços Serviços'!$A$6:$A$49,0),MATCH(F$7,'Preços Serviços'!$D$5:$H$5,0)) -> t | G49: =ROUND(O49*(1+N49),2) -> 1.68 | H49: =MEM_LIMPEZA!H105 -> 68604 | I49: =ROUND($G49*H49,2) -> 115254.72 | J49: =MEM_LIMPEZA!I105 -> 210681 | K49: =ROUND($G49*J49,2) -> 353944.08 | N49: =IF($M49=$J$5,$K$5,IF($M49=$J$6,$K$6,$K$4)) -> 0.21082837 | O49: =ROUND(INDEX('Preços Serviços'!$B$6:$H$49,MATCH($A49,'Preços Serviços'!$A$6:$A$49,0),MATCH("PREÇO UNITÁRIO CORRIGIDO",'Preços Serviços'!B$5:$H$5,0)),2) -> 1.39 | Q49: =IF(COUNTIF($A$11:A49,A49)=1,SUMIF($A:$A,A49,$J:$J),0) -> 0 | R49: =ROUND(Q49*G49,2) -> 0 | S49: =R49/$R$79 -> 0 | T49: =IFERROR(VLOOKUP(R49,$Q$3:$R$5,2,1),"-") -> -
A50: =CONCATENATE(C50,D50) -> SICRO5901640 | B50: 2.8 | C50: SICRO | D50: 5901640 | E50: =INDEX('Preços Serviços'!$D$6:$H$49,MATCH($A50,'Preços Serviços'!$A$6:$A$49,0),MATCH(E$7,'Preços Serviços'!$D$5:$H$5,0)) -> Transporte com caminhão basculante com caçamba estanque com capacidade de 14 m³ - rodovia pavimentada | F50: =INDEX('Preços Serviços'!$D$6:$H$49,MATCH($A50,'Preços Serviços'!$A$6:$A$49,0),MATCH(F$7,'Preços Serviços'!$D$5:$H$5,0)) -> tkm | G50: =ROUND(O50*(1+N50),2) -> 0.38 | H50: =MEM_LIMPEZA!H115 -> 1715100 | I50: =ROUND($G50*H50,2) -> 651738 | J50: =MEM_LIMPEZA!I115 -> 5267025 | K50: =ROUND($G50*J50,2) -> 2001469.5 | N50: =IF($M50=$J$5,$K$5,IF($M50=$J$6,$K$6,$K$4)) -> 0.21082837 | O50: =ROUND(INDEX('Preços Serviços'!$B$6:$H$49,MATCH($A50,'Preços Serviços'!$A$6:$A$49,0),MATCH("PREÇO UNITÁRIO CORRIGIDO",'Preços Serviços'!B$5:$H$5,0)),2) -> 0.31 | Q50: =IF(COUNTIF($A$11:A50,A50)=1,SUMIF($A:$A,A50,$J:$J),0) -> 0 | R50: =ROUND(Q50*G50,2) -> 0 | S50: =R50/$R$79 -> 0 | T50: =IFERROR(VLOOKUP(R50,$Q$3:$R$5,2,1),"-") -> -
A51: =CONCATENATE(C51,D51) | E51: LOTE 4 - REGIÃO SERRANA | I51: =SUBTOTAL(9,I52:I64) -> 1344965.3 | K51: =SUBTOTAL(9,K52:K64) -> 4554714.1
A52: =CONCATENATE(C52,D52) | B52: 1 | E52: CANTEIRO DE OBRAS | I52: =SUBTOTAL(9,I53:I55) -> 22895.61 | K52: =SUBTOTAL(9,K53:K55) -> 45791.22
A53: =CONCATENATE(C53,D53) -> CESAN7010100210 | B53: 1.1 | C53: CESAN | D53: 7010100210 | E53: =INDEX('Preços Serviços'!$D$6:$H$49,MATCH($A53,'Preços Serviços'!$A$6:$A$49,0),MATCH(E$7,'Preços Serviços'!$D$5:$H$5,0)) -> Banheiro Quimico | F53: =INDEX('Preços Serviços'!$D$6:$H$49,MATCH($A53,'Preços Serviços'!$A$6:$A$49,0),MATCH(F$7,'Preços Serviços'!$D$5:$H$5,0)) -> unm | G53: =ROUND(O53*(1+N53),2) -> 1792.4 | H53: =MEM_LIMPEZA!H20 -> 12 | I53: =ROUND($G53*H53,2) -> 21508.8 | J53: =MEM_LIMPEZA!I20 -> 24 | K53: =ROUND($G53*J53,2) -> 43017.6 | N53: =IF($M53=$J$5,$K$5,IF($M53=$J$6,$K$6,$K$4)) -> 0.21082837 | O53: =ROUND(INDEX('Preços Serviços'!$B$6:$H$49,MATCH($A53,'Preços Serviços'!$A$6:$A$49,0),MATCH("PREÇO UNITÁRIO CORRIGIDO",'Preços Serviços'!B$5:$H$5,0)),2) -> 1480.31 | Q53: =IF(COUNTIF($A$11:A53,A53)=1,SUMIF($A:$A,A53,$J:$J),0) -> 0 | R53: =ROUND(Q53*G53,2) -> 0 | S53: =R53/$R$79 -> 0 | T53: =IFERROR(VLOOKUP(R53,$Q$3:$R$5,2,1),"-") -> -
A54: =CONCATENATE(C54,D54) -> SICRO5212556 | B54: 1.2 | C54: SICRO | D54: 5212556 | E54: =INDEX('Preços Serviços'!$D$6:$H$49,MATCH($A54,'Preços Serviços'!$A$6:$A$49,0),MATCH(E$7,'Preços Serviços'!$D$5:$H$5,0)) -> Placa para sinalização de obras montada em cavalete metálico - 1,00 x 1,00 m | F54: =INDEX('Preços Serviços'!$D$6:$H$49,MATCH($A54,'Preços Serviços'!$A$6:$A$49,0),MATCH(F$7,'Preços Serviços'!$D$5:$H$5,0)) -> und | G54: =ROUND(O54*(1+N54),2) -> 53.57 | H54: =MEM_LIMPEZA!H29 -> 3 | I54: =ROUND($G54*H54,2) -> 160.71 | J54: =MEM_LIMPEZA!I29 -> 6 | K54: =ROUND($G54*J54,2) -> 321.42 | N54: =IF($M54=$J$5,$K$5,IF($M54=$J$6,$K$6,$K$4)) -> 0.21082837 | O54: =ROUND(INDEX('Preços Serviços'!$B$6:$H$49,MATCH($A54,'Preços Serviços'!$A$6:$A$49,0),MATCH("PREÇO UNITÁRIO CORRIGIDO",'Preços Serviços'!B$5:$H$5,0)),2) -> 44.24 | Q54: =IF(COUNTIF($A$11:A54,A54)=1,SUMIF($A:$A,A54,$J:$J),0) -> 0 | R54: =ROUND(Q54*G54,2) -> 0 | S54: =R54/$R$79 -> 0 | T54: =IFERROR(VLOOKUP(R54,$Q$3:$R$5,2,1),"-") -> -
A55: =CONCATENATE(C55,D55) -> DER-ROD42046 | B55: 1.3 | C55: DER-ROD | D55: 42046 | E55: =INDEX('Preços Serviços'!$D$6:$H$49,MATCH($A55,'Preços Serviços'!$A$6:$A$49,0),MATCH(E$7,'Preços Serviços'!$D$5:$H$5,0)) -> Cones para sinalização, fornecimento e colocação | F55: =INDEX('Preços Serviços'!$D$6:$H$49,MATCH($A55,'Preços Serviços'!$A$6:$A$49,0),MATCH(F$7,'Preços Serviços'!$D$5:$H$5,0)) -> und | G55: =ROUND(O55*(1+N55),2) -> 122.61 | H55: =MEM_LIMPEZA!H38 -> 10 | I55: =ROUND($G55*H55,2) -> 1226.1 | J55: =MEM_LIMPEZA!I38 -> 20 | K55: =ROUND($G55*J55,2) -> 2452.2 | N55: =IF($M55=$J$5,$K$5,IF($M55=$J$6,$K$6,$K$4)) -> 0.21082837 | O55: =ROUND(INDEX('Preços Serviços'!$B$6:$H$49,MATCH($A55,'Preços Serviços'!$A$6:$A$49,0),MATCH("PREÇO UNITÁRIO CORRIGIDO",'Preços Serviços'!B$5:$H$5,0)),2) -> 101.26 | Q55: =IF(COUNTIF($A$11:A55,A55)=1,SUMIF($A:$A,A55,$J:$J),0) -> 0 | R55: =ROUND(Q55*G55,2) -> 0 | S55: =R55/$R$79 -> 0 | T55: =IFERROR(VLOOKUP(R55,$Q$3:$R$5,2,1),"-") -> -
A56: =CONCATENATE(C56,D56) | B56: 2 | E56: LIMPEZA DE CORPOS HÍDRICOS | I56: =SUBTOTAL(9,I57:I64) -> 1322069.7 | K56: =SUBTOTAL(9,K57:K64) -> 4508922.9
A57: =CONCATENATE(C57,D57) -> SICRO1619003 | B57: 2.1 | C57: SICRO | D57: 1619003 | E57: =INDEX('Preços Serviços'!$D$6:$H$49,MATCH($A57,'Preços Serviços'!$A$6:$A$49,0),MATCH(E$7,'Preços Serviços'!$D$5:$H$5,0)) -> Demolição mecânica de concreto armado, com escavadeira hidráulica com martelo hidráulico - sem reaproveitamento | F57: =INDEX('Preços Serviços'!$D$6:$H$49,MATCH($A57,'Preços Serviços'!$A$6:$A$49,0),MATCH(F$7,'Preços Serviços'!$D$5:$H$5,0)) -> m3 | G57: =ROUND(O57*(1+N57),2) -> 75.1 | H57: =MEM_LIMPEZA!H42 -> 196.88 | I57: =ROUND($G57*H57,2) -> 14785.69 | J57: =MEM_LIMPEZA!I42 -> 656.25 | K57: =ROUND($G57*J57,2) -> 49284.38 | N57: =IF($M57=$J$5,$K$5,IF($M57=$J$6,$K$6,$K$4)) -> 0.21082837 | O57: =ROUND(INDEX('Preços Serviços'!$B$6:$H$49,MATCH($A57,'Preços Serviços'!$A$6:$A$49,0),MATCH("PREÇO UNITÁRIO CORRIGIDO",'Preços Serviços'!B$5:$H$5,0)),2) -> 62.02 | Q57: =IF(COUNTIF($A$11:A57,A57)=1,SUMIF($A:$A,A57,$J:$J),0) -> 0 | R57: =ROUND(Q57*G57,2) -> 0 | S57: =R57/$R$79 -> 0 | T57: =IFERROR(VLOOKUP(R57,$Q$3:$R$5,2,1),"-") -> -
A58: =CONCATENATE(C58,D58) -> SICRO1716639 | B58: 2.2 | C58: SICRO | D58: 1716639 | E58: =INDEX('Preços Serviços'!$D$6:$H$49,MATCH($A58,'Preços Serviços'!$A$6:$A$49,0),MATCH(E$7,'Preços Serviços'!$D$5:$H$5,0)) -> Derrocagem subaquática de material de 3ª categoria - malha de 4,0 m² - perfuração e detonação - plataforma com duas torres de perfuração | F58: =INDEX('Preços Serviços'!$D$6:$H$49,MATCH($A58,'Preços Serviços'!$A$6:$A$49,0),MATCH(F$7,'Preços Serviços'!$D$5:$H$5,0)) -> m3 | G58: =ROUND(O58*(1+N58),2) -> 39.64 | H58: =MEM_LIMPEZA!H56 -> 0 | I58: =ROUND($G58*H58,2) -> 0 | J58: =MEM_LIMPEZA!I56 -> 720 | K58: =ROUND($G58*J58,2) -> 28540.8 | N58: =IF($M58=$J$5,$K$5,IF($M58=$J$6,$K$6,$K$4)) -> 0.21082837 | O58: =ROUND(INDEX('Preços Serviços'!$B$6:$H$49,MATCH($A58,'Preços Serviços'!$A$6:$A$49,0),MATCH("PREÇO UNITÁRIO CORRIGIDO",'Preços Serviços'!B$5:$H$5,0)),2) -> 32.74 | Q58: =IF(COUNTIF($A$11:A62,A58)=1,SUMIF($A:$A,A58,$J:$J),0) -> 0 | R58: =ROUND(Q58*G58,2) -> 0 | S58: =R58/$R$79 -> 0 | T58: =IFERROR(VLOOKUP(R58,$Q$3:$R$5,2,1),"-") -> -
A59: =CONCATENATE(C59,D59) -> SICRO5502663 | B59: 2.3 | C59: SICRO | D59: 5502663 | E59: =INDEX('Preços Serviços'!$D$6:$H$49,MATCH($A59,'Preços Serviços'!$A$6:$A$49,0),MATCH(E$7,'Preços Serviços'!$D$5:$H$5,0)) -> Escavação e transporte de material de 3ª categoria - DMT de 0 a 50 m | F59: =INDEX('Preços Serviços'!$D$6:$H$49,MATCH($A59,'Preços Serviços'!$A$6:$A$49,0),MATCH(F$7,'Preços Serviços'!$D$5:$H$5,0)) -> m3 | G59: =ROUND(O59*(1+N59),2) -> 27.43 | H59: =MEM_LIMPEZA!H66 -> 916.88 | I59: =ROUND($G59*H59,2) -> 25150.02 | J59: =MEM_LIMPEZA!I66 -> 8576.25 | K59: =ROUND($G59*J59,2) -> 235246.54 | N59: =IF($M59=$J$5,$K$5,IF($M59=$J$6,$K$6,$K$4)) -> 0.21082837 | O59: =ROUND(INDEX('Preços Serviços'!$B$6:$H$49,MATCH($A59,'Preços Serviços'!$A$6:$A$49,0),MATCH("PREÇO UNITÁRIO CORRIGIDO",'Preços Serviços'!B$5:$H$5,0)),2) -> 22.65 | Q59: =IF(COUNTIF($A$11:A62,A59)=1,SUMIF($A:$A,A59,$J:$J),0) -> 0 | R59: =ROUND(Q59*G59,2) -> 0 | S59: =R59/$R$79 -> 0 | T59: =IFERROR(VLOOKUP(R59,$Q$3:$R$5,2,1),"-") -> -
A60: =CONCATENATE(C60,D60) -> SICRO1917680 | B60: 2.4 | C60: SICRO | D60: 1917680 | E60: =INDEX('Preços Serviços'!$D$6:$H$49,MATCH($A60,'Preços Serviços'!$A$6:$A$49,0),MATCH(E$7,'Preços Serviços'!$D$5:$H$5,0)) -> Dragagem de material de 1ª categoria com escavadeira hidráulica - capacidade de caçamba de 1,56 m³ - DMT 0 a 50 m | F60: =INDEX('Preços Serviços'!$D$6:$H$49,MATCH($A60,'Preços Serviços'!$A$6:$A$49,0),MATCH(F$7,'Preços Serviços'!$D$5:$H$5,0)) -> m3 | G60: =ROUND(O60*(1+N60),2) -> 2 | H60: =MEM_LIMPEZA!H76 -> 57600 | I60: =ROUND($G60*H60,2) -> 115200 | J60: =MEM_LIMPEZA!I76 -> 144000 | K60: =ROUND($G60*J60,2) -> 288000 | N60: =IF($M60=$J$5,$K$5,IF($M60=$J$6,$K$6,$K$4)) -> 0.21082837 | O60: =ROUND(INDEX('Preços Serviços'!$B$6:$H$49,MATCH($A60,'Preços Serviços'!$A$6:$A$49,0),MATCH("PREÇO UNITÁRIO CORRIGIDO",'Preços Serviços'!B$5:$H$5,0)),2) -> 1.65 | Q60: =IF(COUNTIF($A$11:A60,A60)=1,SUMIF($A:$A,A60,$J:$J),0) -> 0 | R60: =ROUND(Q60*G60,2) -> 0 | S60: =R60/$R$79 -> 0 | T60: =IFERROR(VLOOKUP(R60,$Q$3:$R$5,2,1),"-") -> -
A61: =CONCATENATE(C61,D61) -> SICRO1917656 | B61: 2.5 | C61: SICRO | D61: 1917656 | E61: =INDEX('Preços Serviços'!$D$6:$H$49,MATCH($A61,'Preços Serviços'!$A$6:$A$49,0),MATCH(E$7,'Preços Serviços'!$D$5:$H$5,0)) -> Dragagem de material de 1ª categoria com dragline - caçamba de 2,1 m³ - caminho de serviço em revestimento primário - DMT 400 a 600 m - com caminhão de 14 m³ e carregadeira | F61: =INDEX('Preços Serviços'!$D$6:$H$49,MATCH($A61,'Preços Serviços'!$A$6:$A$49,0),MATCH(F$7,'Preços Serviços'!$D$5:$H$5,0)) -> m3 | G61: =ROUND(O61*(1+N61),2) -> 14.82 | H61: =MEM_LIMPEZA!H86 -> 720 | I61: =ROUND($G61*H61,2) -> 10670.4 | J61: =MEM_LIMPEZA!I86 -> 14400 | K61: =ROUND($G61*J61,2) -> 213408 | N61: =IF($M61=$J$5,$K$5,IF($M61=$J$6,$K$6,$K$4)) -> 0.21082837 | O61: =ROUND(INDEX('Preços Serviços'!$B$6:$H$49,MATCH($A61,'Preços Serviços'!$A$6:$A$49,0),MATCH("PREÇO UNITÁRIO CORRIGIDO",'Preços Serviços'!B$5:$H$5,0)),2) -> 12.24 | Q61: =IF(COUNTIF($A$11:A61,A61)=1,SUMIF($A:$A,A61,$J:$J),0) -> 0 | R61: =ROUND(Q61*G61,2) -> 0 | S61: =R61/$R$79 -> 0 | T61: =IFERROR(VLOOKUP(R61,$Q$3:$R$5,2,1),"-") -> -
A62: =CONCATENATE(C62,D62) -> CPU1 | B62: 2.6 | C62: CPU | D62: 1 | E62: ='CPU01'!$B$3 -> Dragagem de material de 1ª categoria com equipamento anfíbio, com utilização do canal de escoamento do corpo hídrico como caminho de serviço, incluso transporte do material dragado até a margem disponível para deposição | F62: ='CPU01'!$H$3 -> m3 | G62: =ROUND(O62*(1+N62),2) -> 11.84 | H62: =MEM_LIMPEZA!H96 -> 720 | I62: =ROUND($G62*H62,2) -> 8524.8 | J62: =MEM_LIMPEZA!I96 -> 14400 | K62: =ROUND($G62*J62,2) -> 170496 | N62: =IF($M62=$J$5,$K$5,IF($M62=$J$6,$K$6,$K$4)) -> 0.21082837 | O62: ='CPU01'!$I$3 -> 9.78 | Q62: =IF(COUNTIF($A$11:A62,A62)=1,SUMIF($A:$A,A62,$J:$J),0) -> 0 | R62: =ROUND(Q62*G62,2) -> 0 | S62: =R62/$R$79 -> 0 | T62: =IFERROR(VLOOKUP(R62,$Q$3:$R$5,2,1),"-") -> -
A63: =CONCATENATE(C63,D63) -> SICRO5914351 | B63: 2.7 | C63: SICRO | D63: 5914351 | E63: =INDEX('Preços Serviços'!$D$6:$H$49,MATCH($A63,'Preços Serviços'!$A$6:$A$49,0),MATCH(E$7,'Preços Serviços'!$D$5:$H$5,0)) -> Carga, manobra e descarga de agregados ou solos em caminhão basculante de 14 m³ - carga com carregadeira de 3,40 m³ e descarga livre | F63: =INDEX('Preços Serviços'!$D$6:$H$49,MATCH($A63,'Preços Serviços'!$A$6:$A$49,0),MATCH(F$7,'Preços Serviços'!$D$5:$H$5,0)) -> t | G63: =ROUND(O63*(1+N63),2) -> 1.68 | H63: =MEM_LIMPEZA!H106 -> 102660 | I63: =ROUND($G63*H63,2) -> 172468.8 | J63: =MEM_LIMPEZA!I106 -> 315201 | K63: =ROUND($G63*J63,2) -> 529537.68 | N63: =IF($M63=$J$5,$K$5,IF($M63=$J$6,$K$6,$K$4)) -> 0.21082837 | O63: =ROUND(INDEX('Preços Serviços'!$B$6:$H$49,MATCH($A63,'Preços Serviços'!$A$6:$A$49,0),MATCH("PREÇO UNITÁRIO CORRIGIDO",'Preços Serviços'!B$5:$H$5,0)),2) -> 1.39 | Q63: =IF(COUNTIF($A$11:A63,A63)=1,SUMIF($A:$A,A63,$J:$J),0) -> 0 | R63: =ROUND(Q63*G63,2) -> 0 | S63: =R63/$R$79 -> 0 | T63: =IFERROR(VLOOKUP(R63,$Q$3:$R$5,2,1),"-") -> -
A64: =CONCATENATE(C64,D64) -> SICRO5901640 | B64: 2.8 | C64: SICRO | D64: 5901640 | E64: =INDEX('Preços Serviços'!$D$6:$H$49,MATCH($A64,'Preços Serviços'!$A$6:$A$49,0),MATCH(E$7,'Preços Serviços'!$D$5:$H$5,0)) -> Transporte com caminhão basculante com caçamba estanque com capacidade de 14 m³ - rodovia pavimentada | F64: =INDEX('Preços Serviços'!$D$6:$H$49,MATCH($A64,'Preços Serviços'!$A$6:$A$49,0),MATCH(F$7,'Preços Serviços'!$D$5:$H$5,0)) -> tkm | G64: =ROUND(O64*(1+N64),2) -> 0.38 | H64: =MEM_LIMPEZA!H116 -> 2566500 | I64: =ROUND($G64*H64,2) -> 975270 | J64: =MEM_LIMPEZA!I116 -> 7880025 | K64: =ROUND($G64*J64,2) -> 2994409.5 | N64: =IF($M64=$J$5,$K$5,IF($M64=$J$6,$K$6,$K$4)) -> 0.21082837 | O64: =ROUND(INDEX('Preços Serviços'!$B$6:$H$49,MATCH($A64,'Preços Serviços'!$A$6:$A$49,0),MATCH("PREÇO UNITÁRIO CORRIGIDO",'Preços Serviços'!B$5:$H$5,0)),2) -> 0.31 | Q64: =IF(COUNTIF($A$11:A64,A64)=1,SUMIF($A:$A,A64,$J:$J),0) -> 0 | R64: =ROUND(Q64*G64,2) -> 0 | S64: =R64/$R$79 -> 0 | T64: =IFERROR(VLOOKUP(R64,$Q$3:$R$5,2,1),"-") -> -
A65: =CONCATENATE(C65,D65) | E65: LOTE 5 - REGIÃO SUL | I65: =SUBTOTAL(9,I66:I78) -> 1507013.2 | K65: =SUBTOTAL(9,K66:K78) -> 5107625.5
A66: =CONCATENATE(C66,D66) | B66: 1 | E66: CANTEIRO DE OBRAS | I66: =SUBTOTAL(9,I67:I69) -> 22895.61 | K66: =SUBTOTAL(9,K67:K69) -> 45791.22
A67: =CONCATENATE(C67,D67) -> CESAN7010100210 | B67: 1.1 | C67: CESAN | D67: 7010100210 | E67: =INDEX('Preços Serviços'!$D$6:$H$49,MATCH($A67,'Preços Serviços'!$A$6:$A$49,0),MATCH(E$7,'Preços Serviços'!$D$5:$H$5,0)) -> Banheiro Quimico | F67: =INDEX('Preços Serviços'!$D$6:$H$49,MATCH($A67,'Preços Serviços'!$A$6:$A$49,0),MATCH(F$7,'Preços Serviços'!$D$5:$H$5,0)) -> unm | G67: =ROUND(O67*(1+N67),2) -> 1792.4 | H67: =MEM_LIMPEZA!H21 -> 12 | I67: =ROUND($G67*H67,2) -> 21508.8 | J67: =MEM_LIMPEZA!I21 -> 24 | K67: =ROUND($G67*J67,2) -> 43017.6 | N67: =IF($M67=$J$5,$K$5,IF($M67=$J$6,$K$6,$K$4)) -> 0.21082837 | O67: =ROUND(INDEX('Preços Serviços'!$B$6:$H$49,MATCH($A67,'Preços Serviços'!$A$6:$A$49,0),MATCH("PREÇO UNITÁRIO CORRIGIDO",'Preços Serviços'!B$5:$H$5,0)),2) -> 1480.31 | Q67: =IF(COUNTIF($A$11:A67,A67)=1,SUMIF($A:$A,A67,$J:$J),0) -> 0 | R67: =ROUND(Q67*G67,2) -> 0 | S67: =R67/$R$79 -> 0 | T67: =IFERROR(VLOOKUP(R67,$Q$3:$R$5,2,1),"-") -> -
A68: =CONCATENATE(C68,D68) -> SICRO5212556 | B68: 1.2 | C68: SICRO | D68: 5212556 | E68: =INDEX('Preços Serviços'!$D$6:$H$49,MATCH($A68,'Preços Serviços'!$A$6:$A$49,0),MATCH(E$7,'Preços Serviços'!$D$5:$H$5,0)) -> Placa para sinalização de obras montada em cavalete metálico - 1,00 x 1,00 m | F68: =INDEX('Preços Serviços'!$D$6:$H$49,MATCH($A68,'Preços Serviços'!$A$6:$A$49,0),MATCH(F$7,'Preços Serviços'!$D$5:$H$5,0)) -> und | G68: =ROUND(O68*(1+N68),2) -> 53.57 | H68: =MEM_LIMPEZA!H30 -> 3 | I68: =ROUND($G68*H68,2) -> 160.71 | J68: =MEM_LIMPEZA!I30 -> 6 | K68: =ROUND($G68*J68,2) -> 321.42 | N68: =IF($M68=$J$5,$K$5,IF($M68=$J$6,$K$6,$K$4)) -> 0.21082837 | O68: =ROUND(INDEX('Preços Serviços'!$B$6:$H$49,MATCH($A68,'Preços Serviços'!$A$6:$A$49,0),MATCH("PREÇO UNITÁRIO CORRIGIDO",'Preços Serviços'!B$5:$H$5,0)),2) -> 44.24 | Q68: =IF(COUNTIF($A$11:A68,A68)=1,SUMIF($A:$A,A68,$J:$J),0) -> 0 | R68: =ROUND(Q68*G68,2) -> 0 | S68: =R68/$R$79 -> 0 | T68: =IFERROR(VLOOKUP(R68,$Q$3:$R$5,2,1),"-") -> -
A69: =CONCATENATE(C69,D69) -> DER-ROD42046 | B69: 1.3 | C69: DER-ROD | D69: 42046 | E69: =INDEX('Preços Serviços'!$D$6:$H$49,MATCH($A69,'Preços Serviços'!$A$6:$A$49,0),MATCH(E$7,'Preços Serviços'!$D$5:$H$5,0)) -> Cones para sinalização, fornecimento e colocação | F69: =INDEX('Preços Serviços'!$D$6:$H$49,MATCH($A69,'Preços Serviços'!$A$6:$A$49,0),MATCH(F$7,'Preços Serviços'!$D$5:$H$5,0)) -> und | G69: =ROUND(O69*(1+N69),2) -> 122.61 | H69: =MEM_LIMPEZA!H39 -> 10 | I69: =ROUND($G69*H69,2) -> 1226.1 | J69: =MEM_LIMPEZA!I39 -> 20 | K69: =ROUND($G69*J69,2) -> 2452.2 | N69: =IF($M69=$J$5,$K$5,IF($M69=$J$6,$K$6,$K$4)) -> 0.21082837 | O69: =ROUND(INDEX('Preços Serviços'!$B$6:$H$49,MATCH($A69,'Preços Serviços'!$A$6:$A$49,0),MATCH("PREÇO UNITÁRIO CORRIGIDO",'Preços Serviços'!B$5:$H$5,0)),2) -> 101.26 | Q69: =IF(COUNTIF($A$11:A69,A69)=1,SUMIF($A:$A,A69,$J:$J),0) -> 0 | R69: =ROUND(Q69*G69,2) -> 0 | S69: =R69/$R$79 -> 0 | T69: =IFERROR(VLOOKUP(R69,$Q$3:$R$5,2,1),"-") -> -
A70: =CONCATENATE(C70,D70) | B70: 2 | E70: LIMPEZA DE CORPOS HÍDRICOS | I70: =SUBTOTAL(9,I71:I78) -> 1484117.6 | K70: =SUBTOTAL(9,K71:K78) -> 5061834.3
A71: =CONCATENATE(C71,D71) -> SICRO1619003 | B71: 2.1 | C71: SICRO | D71: 1619003 | E71: =INDEX('Preços Serviços'!$D$6:$H$49,MATCH($A71,'Preços Serviços'!$A$6:$A$49,0),MATCH(E$7,'Preços Serviços'!$D$5:$H$5,0)) -> Demolição mecânica de concreto armado, com escavadeira hidráulica com martelo hidráulico - sem reaproveitamento | F71: =INDEX('Preços Serviços'!$D$6:$H$49,MATCH($A71,'Preços Serviços'!$A$6:$A$49,0),MATCH(F$7,'Preços Serviços'!$D$5:$H$5,0)) -> m3 | G71: =ROUND(O71*(1+N71),2) -> 75.1 | H71: =MEM_LIMPEZA!H42 -> 196.88 | I71: =ROUND($G71*H71,2) -> 14785.69 | J71: =MEM_LIMPEZA!I42 -> 656.25 | K71: =ROUND($G71*J71,2) -> 49284.38 | N71: =IF($M71=$J$5,$K$5,IF($M71=$J$6,$K$6,$K$4)) -> 0.21082837 | O71: =ROUND(INDEX('Preços Serviços'!$B$6:$H$49,MATCH($A71,'Preços Serviços'!$A$6:$A$49,0),MATCH("PREÇO UNITÁRIO CORRIGIDO",'Preços Serviços'!B$5:$H$5,0)),2) -> 62.02 | Q71: =IF(COUNTIF($A$11:A71,A71)=1,SUMIF($A:$A,A71,$J:$J),0) -> 0 | R71: =ROUND(Q71*G71,2) -> 0 | S71: =R71/$R$79 -> 0 | T71: =IFERROR(VLOOKUP(R71,$Q$3:$R$5,2,1),"-") -> -
A72: =CONCATENATE(C72,D72) -> SICRO1716639 | B72: 2.2 | C72: SICRO | D72: 1716639 | E72: =INDEX('Preços Serviços'!$D$6:$H$49,MATCH($A72,'Preços Serviços'!$A$6:$A$49,0),MATCH(E$7,'Preços Serviços'!$D$5:$H$5,0)) -> Derrocagem subaquática de material de 3ª categoria - malha de 4,0 m² - perfuração e detonação - plataforma com duas torres de perfuração | F72: =INDEX('Preços Serviços'!$D$6:$H$49,MATCH($A72,'Preços Serviços'!$A$6:$A$49,0),MATCH(F$7,'Preços Serviços'!$D$5:$H$5,0)) -> m3 | G72: =ROUND(O72*(1+N72),2) -> 39.64 | H72: =MEM_LIMPEZA!H57 -> 0 | I72: =ROUND($G72*H72,2) -> 0 | J72: =MEM_LIMPEZA!I57 -> 810 | K72: =ROUND($G72*J72,2) -> 32108.4 | N72: =IF($M72=$J$5,$K$5,IF($M72=$J$6,$K$6,$K$4)) -> 0.21082837 | O72: =ROUND(INDEX('Preços Serviços'!$B$6:$H$49,MATCH($A72,'Preços Serviços'!$A$6:$A$49,0),MATCH("PREÇO UNITÁRIO CORRIGIDO",'Preços Serviços'!B$5:$H$5,0)),2) -> 32.74 | Q72: =IF(COUNTIF($A$11:A76,A72)=1,SUMIF($A:$A,A72,$J:$J),0) -> 0 | R72: =ROUND(Q72*G72,2) -> 0 | S72: =R72/$R$79 -> 0 | T72: =IFERROR(VLOOKUP(R72,$Q$3:$R$5,2,1),"-") -> -
A73: =CONCATENATE(C73,D73) -> SICRO5502663 | B73: 2.3 | C73: SICRO | D73: 5502663 | E73: =INDEX('Preços Serviços'!$D$6:$H$49,MATCH($A73,'Preços Serviços'!$A$6:$A$49,0),MATCH(E$7,'Preços Serviços'!$D$5:$H$5,0)) -> Escavação e transporte de material de 3ª categoria - DMT de 0 a 50 m | F73: =INDEX('Preços Serviços'!$D$6:$H$49,MATCH($A73,'Preços Serviços'!$A$6:$A$49,0),MATCH(F$7,'Preços Serviços'!$D$5:$H$5,0)) -> m3 | G73: =ROUND(O73*(1+N73),2) -> 27.43 | H73: =MEM_LIMPEZA!H67 -> 1006.88 | I73: =ROUND($G73*H73,2) -> 27618.72 | J73: =MEM_LIMPEZA!I67 -> 9566.25 | K73: =ROUND($G73*J73,2) -> 262402.24 | N73: =IF($M73=$J$5,$K$5,IF($M73=$J$6,$K$6,$K$4)) -> 0.21082837 | O73: =ROUND(INDEX('Preços Serviços'!$B$6:$H$49,MATCH($A73,'Preços Serviços'!$A$6:$A$49,0),MATCH("PREÇO UNITÁRIO CORRIGIDO",'Preços Serviços'!B$5:$H$5,0)),2) -> 22.65 | Q73: =IF(COUNTIF($A$11:A76,A73)=1,SUMIF($A:$A,A73,$J:$J),0) -> 0 | R73: =ROUND(Q73*G73,2) -> 0 | S73: =R73/$R$79 -> 0 | T73: =IFERROR(VLOOKUP(R73,$Q$3:$R$5,2,1),"-") -> -
A74: =CONCATENATE(C74,D74) -> SICRO1917680 | B74: 2.4 | C74: SICRO | D74: 1917680 | E74: =INDEX('Preços Serviços'!$D$6:$H$49,MATCH($A74,'Preços Serviços'!$A$6:$A$49,0),MATCH(E$7,'Preços Serviços'!$D$5:$H$5,0)) -> Dragagem de material de 1ª categoria com escavadeira hidráulica - capacidade de caçamba de 1,56 m³ - DMT 0 a 50 m | F74: =INDEX('Preços Serviços'!$D$6:$H$49,MATCH($A74,'Preços Serviços'!$A$6:$A$49,0),MATCH(F$7,'Preços Serviços'!$D$5:$H$5,0)) -> m3 | G74: =ROUND(O74*(1+N74),2) -> 2 | H74: =MEM_LIMPEZA!H77 -> 64800 | I74: =ROUND($G74*H74,2) -> 129600 | J74: =MEM_LIMPEZA!I77 -> 162000 | K74: =ROUND($G74*J74,2) -> 324000 | N74: =IF($M74=$J$5,$K$5,IF($M74=$J$6,$K$6,$K$4)) -> 0.21082837 | O74: =ROUND(INDEX('Preços Serviços'!$B$6:$H$49,MATCH($A74,'Preços Serviços'!$A$6:$A$49,0),MATCH("PREÇO UNITÁRIO CORRIGIDO",'Preços Serviços'!B$5:$H$5,0)),2) -> 1.65 | Q74: =IF(COUNTIF($A$11:A74,A74)=1,SUMIF($A:$A,A74,$J:$J),0) -> 0 | R74: =ROUND(Q74*G74,2) -> 0 | S74: =R74/$R$79 -> 0 | T74: =IFERROR(VLOOKUP(R74,$Q$3:$R$5,2,1),"-") -> -
A75: =CONCATENATE(C75,D75) -> SICRO1917656 | B75: 2.5 | C75: SICRO | D75: 1917656 | E75: =INDEX('Preços Serviços'!$D$6:$H$49,MATCH($A75,'Preços Serviços'!$A$6:$A$49,0),MATCH(E$7,'Preços Serviços'!$D$5:$H$5,0)) -> Dragagem de material de 1ª categoria com dragline - caçamba de 2,1 m³ - caminho de serviço em revestimento primário - DMT 400 a 600 m - com caminhão de 14 m³ e carregadeira | F75: =INDEX('Preços Serviços'!$D$6:$H$49,MATCH($A75,'Preços Serviços'!$A$6:$A$49,0),MATCH(F$7,'Preços Serviços'!$D$5:$H$5,0)) -> m3 | G75: =ROUND(O75*(1+N75),2) -> 14.82 | H75: =MEM_LIMPEZA!H87 -> 810 | I75: =ROUND($G75*H75,2) -> 12004.2 | J75: =MEM_LIMPEZA!I87 -> 16200 | K75: =ROUND($G75*J75,2) -> 240084 | N75: =IF($M75=$J$5,$K$5,IF($M75=$J$6,$K$6,$K$4)) -> 0.21082837 | O75: =ROUND(INDEX('Preços Serviços'!$B$6:$H$49,MATCH($A75,'Preços Serviços'!$A$6:$A$49,0),MATCH("PREÇO UNITÁRIO CORRIGIDO",'Preços Serviços'!B$5:$H$5,0)),2) -> 12.24 | Q75: =IF(COUNTIF($A$11:A75,A75)=1,SUMIF($A:$A,A75,$J:$J),0) -> 0 | R75: =ROUND(Q75*G75,2) -> 0 | S75: =R75/$R$79 -> 0 | T75: =IFERROR(VLOOKUP(R75,$Q$3:$R$5,2,1),"-") -> -
A76: =CONCATENATE(C76,D76) -> CPU1 | B76: 2.6 | C76: CPU | D76: 1 | E76: ='CPU01'!$B$3 -> Dragagem de material de 1ª categoria com equipamento anfíbio, com utilização do canal de escoamento do corpo hídrico como caminho de serviço, incluso transporte do material dragado até a margem disponível para deposição | F76: ='CPU01'!$H$3 -> m3 | G76: =ROUND(O76*(1+N76),2) -> 11.84 | H76: =MEM_LIMPEZA!H97 -> 810 | I76: =ROUND($G76*H76,2) -> 9590.4 | J76: =MEM_LIMPEZA!I97 -> 16200 | K76: =ROUND($G76*J76,2) -> 191808 | N76: =IF($M76=$J$5,$K$5,IF($M76=$J$6,$K$6,$K$4)) -> 0.21082837 | O76: ='CPU01'!$I$3 -> 9.78 | Q76: =IF(COUNTIF($A$11:A76,A76)=1,SUMIF($A:$A,A76,$J:$J),0) -> 0 | R76: =ROUND(Q76*G76,2) -> 0 | S76: =R76/$R$79 -> 0 | T76: =IFERROR(VLOOKUP(R76,$Q$3:$R$5,2,1),"-") -> -
A77: =CONCATENATE(C77,D77) -> SICRO5914351 | B77: 2.7 | C77: SICRO | D77: 5914351 | E77: =INDEX('Preços Serviços'!$D$6:$H$49,MATCH($A77,'Preços Serviços'!$A$6:$A$49,0),MATCH(E$7,'Preços Serviços'!$D$5:$H$5,0)) -> Carga, manobra e descarga de agregados ou solos em caminhão basculante de 14 m³ - carga com carregadeira de 3,40 m³ e descarga livre | F77: =INDEX('Preços Serviços'!$D$6:$H$49,MATCH($A77,'Preços Serviços'!$A$6:$A$49,0),MATCH(F$7,'Preços Serviços'!$D$5:$H$5,0)) -> t | G77: =ROUND(O77*(1+N77),2) -> 1.68 | H77: =MEM_LIMPEZA!H107 -> 115431 | I77: =ROUND($G77*H77,2) -> 193924.08 | J77: =MEM_LIMPEZA!I107 -> 354396 | K77: =ROUND($G77*J77,2) -> 595385.28 | N77: =IF($M77=$J$5,$K$5,IF($M77=$J$6,$K$6,$K$4)) -> 0.21082837 | O77: =ROUND(INDEX('Preços Serviços'!$B$6:$H$49,MATCH($A77,'Preços Serviços'!$A$6:$A$49,0),MATCH("PREÇO UNITÁRIO CORRIGIDO",'Preços Serviços'!B$5:$H$5,0)),2) -> 1.39 | Q77: =IF(COUNTIF($A$11:A77,A77)=1,SUMIF($A:$A,A77,$J:$J),0) -> 0 | R77: =ROUND(Q77*G77,2) -> 0 | S77: =R77/$R$79 -> 0 | T77: =IFERROR(VLOOKUP(R77,$Q$3:$R$5,2,1),"-") -> -
A78: =CONCATENATE(C78,D78) -> SICRO5901640 | B78: 2.8 | C78: SICRO | D78: 5901640 | E78: =INDEX('Preços Serviços'!$D$6:$H$49,MATCH($A78,'Preços Serviços'!$A$6:$A$49,0),MATCH(E$7,'Preços Serviços'!$D$5:$H$5,0)) -> Transporte com caminhão basculante com caçamba estanque com capacidade de 14 m³ - rodovia pavimentada | F78: =INDEX('Preços Serviços'!$D$6:$H$49,MATCH($A78,'Preços Serviços'!$A$6:$A$49,0),MATCH(F$7,'Preços Serviços'!$D$5:$H$5,0)) -> tkm | G78: =ROUND(O78*(1+N78),2) -> 0.38 | H78: =MEM_LIMPEZA!H117 -> 2885775 | I78: =ROUND($G78*H78,2) -> 1096594.5 | J78: =MEM_LIMPEZA!I117 -> 8859900 | K78: =ROUND($G78*J78,2) -> 3366762 | N78: =IF($M78=$J$5,$K$5,IF($M78=$J$6,$K$6,$K$4)) -> 0.21082837 | O78: =ROUND(INDEX('Preços Serviços'!$B$6:$H$49,MATCH($A78,'Preços Serviços'!$A$6:$A$49,0),MATCH("PREÇO UNITÁRIO CORRIGIDO",'Preços Serviços'!B$5:$H$5,0)),2) -> 0.31 | Q78: =IF(COUNTIF($A$11:A78,A78)=1,SUMIF($A:$A,A78,$J:$J),0) -> 0 | R78: =ROUND(Q78*G78,2) -> 0 | S78: =R78/$R$79 -> 0 | T78: =IFERROR(VLOOKUP(R78,$Q$3:$R$5,2,1),"-") -> -
B79: TOTAL GERAL | H79: MÍNIMO | I79: =SUBTOTAL(9,I10:I78) -> 6130340 | J79: MÁXIMO | K79: =SUBTOTAL(9,K10:K78) -> 30662374 | Q79: =SUM(Q10:Q78)/SUM(J10:J78) -> 1 | R79: =SUM(R10:R78) -> 30662374 | S79: =SUM(S11:S78) -> 1
B80: OBS.:
B81: 1) BDI diferenciado conforme Resolução TC nº 2180 de 24 de setembro de 2019.
B82: 2) Foram adotados preços de mercado, conforme mapa de preços, nos casos da ausência do insumo ou serviços nas tabelas de referência.
B83: 3) Encargos Sociais: Variáveis, conforme apropriação da mão de obra (horista/mensalista), limitado aos percentuais adotados nas respectivas tabelas de referência.
B84: 4) O transporte do item 2.8 remunerará qualquer tipo de transporte de materiais, inclusive materiais de 3ª categoria.

Sheet MEM_LIMPEZA
A2: CONSIDERAÇÕES
A3: Para estimativa de quantidades foi tomado por base as extensões e larguras dos canais do município de Vila Velha, mapeados topograficamente no bojo do processo nº 67239870, relacionado a contratação dos projetos de macrodrenagem, tendo por contratada a empresa Quanta. Para a altura média de resíduos retirados dos canais e demais corpos hídricos, foi considerado aqueles acumulados no canal acima da sua cota de fundo, provenientes de assoreamentos diversos, inclusive deposição de lixo. Dessa forma, foi considerado que a retirada desses materiais acima da cota de fundo geraria uma altura média de resíduos distribuídos na área dragada: Lote 1: no mínimo 20cm e, no máximo, 100cm. Lotes 2 a 5: no mínimo 20cm e, no máximo, 40cm.
A4: LOTE | C4: LARGURA MÉDIA | D4: EXTENSÃO ESTIMADA | E4: DRAGAGEM | H4: PREVISÕES
C5: m | D5: m | E5: Escavadeira Hidráulica | F5: Dragline | G5: Anfíbio | H5: Material 3ª cat. | I5: Derrocagem
A6: 1 - Região Metropolitana | C6: 15 | D6: 42000 | E6: 0.7 | F6: 0.05 | G6: 0.25 | H6: 0.02 | I6: 0.005
A7: 2 - Região Norte | C7: 15 | D7: 16000 | E7: 0.8 | F7: 0.1 | G7: 0.1 | H7: 0.05 | I7: 0.005
A8: 3 - Região Central | C8: 15 | D8: 16000 | E8: 0.8 | F8: 0.1 | G8: 0.1 | H8: 0.05 | I8: 0.005
A9: 4 - Região Serrana | C9: 15 | D9: 24000 | E9: 0.8 | F9: 0.1 | G9: 0.1 | H9: 0.05 | I9: 0.005
A10: 5 - Região Sul | C10: 15 | D10: 27000 | E10: 0.8 | F10: 0.1 | G10: 0.1 | H10: 0.05 | I10: 0.005
A12: ITEM | B12: DESCRIÇÃO | G12: UND. | H12: QUANTMÍN | I12: QUANTMAX
A13: 1 | B13: =INDEX(ORÇAMENTO!$E$10:$F$22,MATCH($A13,ORÇAMENTO!$B$10:$B$22,0),MATCH(B$12,ORÇAMENTO!$E$7:$K$7,0)) -> CANTEIRO DE OBRAS
A14: 1.1 | B14: =INDEX(ORÇAMENTO!$E$10:$F$22,MATCH($A14,ORÇAMENTO!$B$10:$B$22,0),MATCH(B$12,ORÇAMENTO!$E$7:$K$7,0)) -> Banheiro Quimico | G14: =INDEX(ORÇAMENTO!$E$10:$F$22,MATCH($A14,ORÇAMENTO!$B$10:$B$22,0),MATCH(G$12,ORÇAMENTO!$E$7:$K$7,0)) -> unm | H14: =ROUND(SUM(H17:H21),2) -> 60 | I14: =ROUND(SUM(I17:I21),2) -> 120
A15: DESCRIÇÃO | C15: QUANTMÍN | D15: QUANTMAX | E15: CRONOGRAMA | H15: TOTALMÍN | I15: TOTALMAX
C16: und | D16: und | E16: mês | H16: unm | I16: unm
A17: LOTE 1 | C17: 1 | D17: 2 | E17: 12 | H17: =C17*E17 -> 12 | I17: =D17*E17 -> 24
A18: LOTE 2 | C18: 1 | D18: 2 | E18: 12 | H18: =C18*E18 -> 12 | I18: =D18*E18 -> 24
A19: LOTE 3 | C19: 1 | D19: 2 | E19: 12 | H19: =C19*E19 -> 12 | I19: =D19*E19 -> 24
A20: LOTE 4 | C20: 1 | D20: 2 | E20: 12 | H20: =C20*E20 -> 12 | I20: =D20*E20 -> 24
A21: LOTE 5 | C21: 1 | D21: 2 | E21: 12 | H21: =C21*E21 -> 12 | I21: =D21*E21 -> 24
A23: 1.2 | B23: =INDEX(ORÇAMENTO!$E$10:$F$22,MATCH($A23,ORÇAMENTO!$B$10:$B$22,0),MATCH(B$12,ORÇAMENTO!$E$7:$K$7,0)) -> Placa para sinalização de obras montada em cavalete metálico - 1,00 x 1,00 m | G23: =INDEX(ORÇAMENTO!$E$10:$F$22,MATCH($A23,ORÇAMENTO!$B$10:$B$22,0),MATCH(G$12,ORÇAMENTO!$E$7:$K$7,0)) -> und | H23: =ROUND(SUM(H26:H30),2) -> 15 | I23: =ROUND(SUM(I26:I30),2) -> 30
A24: DESCRIÇÃO | C24: QUANTMÍN | D24: QUANTMAX | H24: TOTALMÍN | I24: TOTALMAX
C25: und | D25: und | H25: unm | I25: unm
A26: LOTE 1 | C26: 3 | D26: 6 | H26: =C26 -> 3 | I26: =D26 -> 6
A27: LOTE 2 | C27: 3 | D27: 6 | H27: =C27 -> 3 | I27: =D27 -> 6
A28: LOTE 3 | C28: 3 | D28: 6 | H28: =C28 -> 3 | I28: =D28 -> 6
A29: LOTE 4 | C29: 3 | D29: 6 | H29: =C29 -> 3 | I29: =D29 -> 6
A30: LOTE 5 | C30: 3 | D30: 6 | H30: =C30 -> 3 | I30: =D30 -> 6
A32: 1.3 | B32: =INDEX(ORÇAMENTO!$E$10:$F$22,MATCH($A32,ORÇAMENTO!$B$10:$B$22,0),MATCH(B$12,ORÇAMENTO!$E$7:$K$7,0)) -> Cones para sinalização, fornecimento e colocação | G32: =INDEX(ORÇAMENTO!$E$10:$F$22,MATCH($A32,ORÇAMENTO!$B$10:$B$22,0),MATCH(G$12,ORÇAMENTO!$E$7:$K$7,0)) -> und | H32: =ROUND(SUM(H35:H39),2) -> 50 | I32: =ROUND(SUM(I35:I39),2) -> 100
A33: DESCRIÇÃO | C33: QUANTMÍN | D33: QUANTMAX | H33: TOTALMÍN | I33: TOTALMAX
C34: und | D34: und | H34: unm | I34: unm
A35: LOTE 1 | C35: 10 | D35: 20 | H35: =C35 -> 10 | I35: =D35 -> 20
A36: LOTE 2 | C36: 10 | D36: 20 | H36: =C36 -> 10 | I36: =D36 -> 20
A37: LOTE 3 | C37: 10 | D37: 20 | H37: =C37 -> 10 | I37: =D37 -> 20
A38: LOTE 4 | C38: 10 | D38: 20 | H38: =C38 -> 10 | I38: =D38 -> 20
A39: LOTE 5 | C39: 10 | D39: 20 | H39: =C39 -> 10 | I39: =D39 -> 20
A41: 2 | B41: =INDEX(ORÇAMENTO!$E$10:$F$22,MATCH($A41,ORÇAMENTO!$B$10:$B$22,0),MATCH(B$12,ORÇAMENTO!$E$7:$K$7,0)) -> LIMPEZA DE CORPOS HÍDRICOS
A42: 2.1 | B42: =INDEX(ORÇAMENTO!$E$10:$F$22,MATCH($A42,ORÇAMENTO!$B$10:$B$22,0),MATCH(B$12,ORÇAMENTO!$E$7:$K$7,0)) -> Demolição mecânica de concreto armado, com escavadeira hidráulica com martelo hidráulico - sem reaproveitamento | G42: =INDEX(ORÇAMENTO!$E$10:$F$22,MATCH($A42,ORÇAMENTO!$B$10:$B$22,0),MATCH(G$12,ORÇAMENTO!$E$7:$K$7,0)) -> m3 | H42: =ROUND(SUM(H46:H47),2) -> 196.88 | I42: =ROUND(SUM(I46:I47),2) -> 656.25
A43: Consideramos ser necessário realizar demolições de elementos de concreto nas margens dos canais. PARA TODOS OS LOTES.
A44: DESCRIÇÃO | C44: EXTENSÃO | D44: ESPESSURA | E44: LARGURA | H44: TOTALMÍN | I44: TOTALMAX
C45: m | D45: m | E45: m | F45: % | H45: m³ | I45: m³
A46: Base de cálculo, demolição de tampões de concreto sobre o Canal da Costa (mínimo 30%) | C46: 300 | D46: 0.25 | E46: 7 | F46: 0.3 | H46: =C46*D46*E46*F46 -> 157.5 | I46: =C46*D46*E46 -> 525
A47: Considerando especifidade de cada obra, adotamos margem de segurança | F47: 0.25 | H47: =H46*$F$47 -> 39.375 | I47: =I46*$F$47 -> 131.25
A49: 2.2 | B49: =INDEX(ORÇAMENTO!$E$10:$F$22,MATCH($A49,ORÇAMENTO!$B$10:$B$22,0),MATCH(B$12,ORÇAMENTO!$E$7:$K$7,0)) -> Derrocagem subaquática de material de 3ª categoria - malha de 4,0 m² - perfuração e detonação - plataforma com duas torres de perfuração | G49: =INDEX(ORÇAMENTO!$E$10:$F$22,MATCH($A49,ORÇAMENTO!$B$10:$B$22,0),MATCH(G$12,ORÇAMENTO!$E$7:$K$7,0)) -> m3 | H49: =ROUND(SUM(H53:H57),2) -> 0 | I49: =ROUND(SUM(I53:I57),2) -> 5640
A50: Consideramos rerrocagem dos canais, no mínimo 0% e máximo 1%.
A51: DESCRIÇÃO | C51: ÁREA | D51: PROFUNDIDADE | F51: PORCENTAGEM | H51: TOTALMÍN | I51: TOTALMAX
D52: MÍN | E52: MÁX | F52: MÍN | G52: MÁX | H52: m3 | I52: m3
A53: LOTE 1 | C53: =C6*D6 -> 630000 | D53: 0.2 | E53: 1 | F53: 0 | G53: =I6 -> 0.005 | H53: =$C53*D53*F53 -> 0 | I53: =$C53*E53*G53 -> 3150
A54: LOTE 2 | C54: =C7*D7 -> 240000 | D54: 0.2 | E54: 0.4 | F54: 0 | G54: =I7 -> 0.005 | H54: =$C54*D54*F54 -> 0 | I54: =$C54*E54*G54 -> 480
A55: LOTE 3 | C55: =C8*D8 -> 240000 | D55: 0.2 | E55: 0.4 | F55: 0 | G55: =I8 -> 0.005 | H55: =$C55*D55*F55 -> 0 | I55: =$C55*E55*G55 -> 480
A56: LOTE 4 | C56: =C9*D9 -> 360000 | D56: 0.2 | E56: 0.4 | F56: 0 | G56: =I9 -> 0.005 | H56: =$C56*D56*F56 -> 0 | I56: =$C56*E56*G56 -> 720
A57: LOTE 5 | C57: =C10*D10 -> 405000 | D57: 0.2 | E57: 0.4 | F57: 0 | G57: =I10 -> 0.005 | H57: =$C57*D57*F57 -> 0 | I57: =$C57*E57*G57 -> 810
A59: 2.3 | B59: =INDEX(ORÇAMENTO!$E$10:$F$22,MATCH($A59,ORÇAMENTO!$B$10:$B$22,0),MATCH(B$12,ORÇAMENTO!$E$7:$K$7,0)) -> Escavação e transporte de material de 3ª categoria - DMT de 0 a 50 m | G59: =INDEX(ORÇAMENTO!$E$10:$F$22,MATCH($A59,ORÇAMENTO!$B$10:$B$22,0),MATCH(G$12,ORÇAMENTO!$E$7:$K$7,0)) -> m3 | H59: =ROUND(SUM(H63:H67),2) -> 4734.4 | I59: =ROUND(SUM(I63:I67),2) -> 46421.25
A60: Consideramos somatório da derrocagem, demolição e até 5% de material de 3ª categoria. | I60: <<<< ADICIONAR DEMOLICAO, DERROCAGEM, 3ª CATEGORIA
A61: DESCRIÇÃO | B61: DEMOLIÇÃO CONCRETO | D61: DERROCAGEM | F61: MAT. 3ª CATEGORIA | H61: TOTALMÍN | I61: TOTALMAX
B62: VOLMÍN | C62: VOLMAX | D62: VOLMÍN | E62: VOLMAX | F62: VOLMÍN | G62: VOLMAX | H62: m3 | I62: m3
A63: LOTE 1 | B63: =H$42 -> 196.88 | C63: =I$42 -> 656.25 | D63: =H53 -> 0 | E63: =I53 -> 3150 | F63: =$C53*D53*0.01 -> 1260 | G63: =$C53*E53*$H6 -> 12600 | H63: =SUM(B63,D63,F63) -> 1456.88 | I63: =SUM(C63,E63,G63) -> 16406.25
A64: LOTE 2 | B64: =H$42 -> 196.88 | C64: =I$42 -> 656.25 | D64: =H54 -> 0 | E64: =I54 -> 480 | F64: =$C54*D54*0.01 -> 480 | G64: =$C54*E54*$H7 -> 4800 | H64: =SUM(B64,D64,F64) -> 676.88 | I64: =SUM(C64,E64,G64) -> 5936.25
A65: LOTE 3 | B65: =H$42 -> 196.88 | C65: =I$42 -> 656.25 | D65: =H55 -> 0 | E65: =I55 -> 480 | F65: =$C55*D55*0.01 -> 480 | G65: =$C55*E55*$H8 -> 4800 | H65: =SUM(B65,D65,F65) -> 676.88 | I65: =SUM(C65,E65,G65) -> 5936.25
A66: LOTE 4 | B66: =H$42 -> 196.88 | C66: =I$42 -> 656.25 | D66: =H56 -> 0 | E66: =I56 -> 720 | F66: =$C56*D56*0.01 -> 720 | G66: =$C56*E56*$H9 -> 7200 | H66: =SUM(B66,D66,F66) -> 916.88 | I66: =SUM(C66,E66,G66) -> 8576.25
A67: LOTE 5 | B67: =H$42 -> 196.88 | C67: =I$42 -> 656.25 | D67: =H57 -> 0 | E67: =I57 -> 810 | F67: =$C57*D57*0.01 -> 810 | G67: =$C57*E57*$H10 -> 8100 | H67: =SUM(B67,D67,F67) -> 1006.88 | I67: =SUM(C67,E67,G67) -> 9566.25
A69: 2.4 | B69: =INDEX(ORÇAMENTO!$E$10:$F$22,MATCH($A69,ORÇAMENTO!$B$10:$B$22,0),MATCH(B$12,ORÇAMENTO!$E$7:$K$7,0)) -> Dragagem de material de 1ª categoria com escavadeira hidráulica - capacidade de caçamba de 1,56 m³ - DMT 0 a 50 m | G69: =INDEX(ORÇAMENTO!$E$10:$F$22,MATCH($A69,ORÇAMENTO!$B$10:$B$22,0),MATCH(G$12,ORÇAMENTO!$E$7:$K$7,0)) -> m3 | H69: =ROUND(SUM(H73:H77),2) -> 287400 | I69: =ROUND(SUM(I73:I77),2) -> 1128000
A70: Considerando a possibilidade de limpar um canal estreito, utilizando as margens como caminho de serviço.
A71: DESCRIÇÃO | C71: DRAGAGEM | E71: PORCENTAGEM | H71: TOTALMÍN | I71: TOTALMAX
C72: VOLMÍN | D72: VOLMAX | E72: MÍN | F72: MÁX | H72: m3 | I72: m3
A73: LOTE 1 | C73: =$C53*D53 -> 126000 | D73: =$C53*E53 -> 630000 | E73: =$E6 -> 0.7 | F73: 1 | H73: =E73*C73 -> 88200 | I73: =F73*D73 -> 630000
A74: LOTE 2 | C74: =C54*D54 -> 48000 | D74: =$C54*E54 -> 96000 | E74: =$E7 -> 0.8 | F74: 1 | H74: =E74*C74 -> 38400 | I74: =F74*D74 -> 96000
A75: LOTE 3 | C75: =C55*D55 -> 48000 | D75: =$C55*E55 -> 96000 | E75: =$E8 -> 0.8 | F75: 1 | H75: =E75*C75 -> 38400 | I75: =F75*D75 -> 96000
A76: LOTE 4 | C76: =C56*D56 -> 72000 | D76: =$C56*E56 -> 144000 | E76: =$E9 -> 0.8 | F76: 1 | H76: =E76*C76 -> 57600 | I76: =F76*D76 -> 144000
A77: LOTE 5 | C77: =C57*D57 -> 81000 | D77: =$C57*E57 -> 162000 | E77: =$E10 -> 0.8 | F77: 1 | H77: =E77*C77 -> 64800 | I77: =F77*D77 -> 162000
A79: 2.5 | B79: =INDEX(ORÇAMENTO!$E$10:$F$22,MATCH($A79,ORÇAMENTO!$B$10:$B$22,0),MATCH(B$12,ORÇAMENTO!$E$7:$K$7,0)) -> Dragagem de material de 1ª categoria com dragline - caçamba de 2,1 m³ - caminho de serviço em revestimento primário - DMT 400 a 600 m - com caminhão de 14 m³ e carregadeira | G79: =INDEX(ORÇAMENTO!$E$10:$F$22,MATCH($A79,ORÇAMENTO!$B$10:$B$22,0),MATCH(G$12,ORÇAMENTO!$E$7:$K$7,0)) -> m3 | H79: =ROUND(SUM(H83:H87),2) -> 3750 | I79: =ROUND(SUM(I83:I87),2) -> 81300
A80: Considerando a possibilidade de limpar um canal largo, utilizando as margens como caminho de serviço.
A81: DESCRIÇÃO | C81: DRAGAGEM | E81: PORCENTAGEM | H81: TOTALMÍN | I81: TOTALMAX
C82: VOLMÍN | D82: VOLMAX | E82: MÍN | F82: MÁX | H82: m3 | I82: m3
A83: LOTE 1 | C83: =C73 -> 126000 | D83: =D73 -> 630000 | E83: 0.01 | F83: =$F6 -> 0.05 | H83: =E83*C83 -> 1260 | I83: =F83*D83 -> 31500
A84: LOTE 2 | C84: =C74 -> 48000 | D84: =D74 -> 96000 | E84: 0.01 | F84: =$F7 -> 0.1 | H84: =E84*C84 -> 480 | I84: =F84*D84 -> 9600
A85: LOTE 3 | C85: =C75 -> 48000 | D85: =D75 -> 96000 | E85: 0.01 | F85: =$F8 -> 0.1 | H85: =E85*C85 -> 480 | I85: =F85*D85 -> 9600
A86: LOTE 4 | C86: =C76 -> 72000 | D86: =D76 -> 144000 | E86: 0.01 | F86: =$F9 -> 0.1 | H86: =E86*C86 -> 720 | I86: =F86*D86 -> 14400
A87: LOTE 5 | C87: =C77 -> 81000 | D87: =D77 -> 162000 | E87: 0.01 | F87: =$F10 -> 0.1 | H87: =E87*C87 -> 810 | I87: =F87*D87 -> 16200
A89: 2.6 | B89: =INDEX(ORÇAMENTO!$E$10:$F$22,MATCH($A89,ORÇAMENTO!$B$10:$B$22,0),MATCH(B$12,ORÇAMENTO!$E$7:$K$7,0)) -> Dragagem de material de 1ª categoria com equipamento anfíbio, com utilização do canal de escoamento do corpo hídrico como caminho de serviço, incluso transporte do material dragado até a margem disponível para deposição | G89: =INDEX(ORÇAMENTO!$E$10:$F$22,MATCH($A89,ORÇAMENTO!$B$10:$B$22,0),MATCH(G$12,ORÇAMENTO!$E$7:$K$7,0)) -> m3 | H89: =ROUND(SUM(H93:H97),2) -> 3750 | I89: =ROUND(SUM(I93:I97),2) -> 207300
A90: Considerando a necessidade de limpar um canal largo, utilizando o leito vazante como caminho de serviço.
A91: DESCRIÇÃO | C91: DRAGAGEM | E91: PORCENTAGEM | H91: TOTALMÍN | I91: TOTALMAX
C92: VOLMÍN | D92: VOLMAX | E92: MÍN | F92: MÁX | H92: m3 | I92: m3
A93: LOTE 1 | C93: =C83 -> 126000 | D93: =D83 -> 630000 | E93: 0.01 | F93: =$G6 -> 0.25 | H93: =E93*C93 -> 1260 | I93: =F93*D93 -> 157500
A94: LOTE 2 | C94: =C84 -> 48000 | D94: =D84 -> 96000 | E94: 0.01 | F94: =$G7 -> 0.1 | H94: =E94*C94 -> 480 | I94: =F94*D94 -> 9600
A95: LOTE 3 | C95: =C85 -> 48000 | D95: =D85 -> 96000 | E95: 0.01 | F95: =$G8 -> 0.1 | H95: =E95*C95 -> 480 | I95: =F95*D95 -> 9600
A96: LOTE 4 | C96: =C86 -> 72000 | D96: =D86 -> 144000 | E96: 0.01 | F96: =$G9 -> 0.1 | H96: =E96*C96 -> 720 | I96: =F96*D96 -> 14400
A97: LOTE 5 | C97: =C87 -> 81000 | D97: =D87 -> 162000 | E97: 0.01 | F97: =$G10 -> 0.1 | H97: =E97*C97 -> 810 | I97: =F97*D97 -> 16200
A99: 2.7 | B99: =INDEX(ORÇAMENTO!$E$10:$F$22,MATCH($A99,ORÇAMENTO!$B$10:$B$22,0),MATCH(B$12,ORÇAMENTO!$E$7:$K$7,0)) -> Carga, manobra e descarga de agregados ou solos em caminhão basculante de 14 m³ - carga com carregadeira de 3,40 m³ e descarga livre | G99: =INDEX(ORÇAMENTO!$E$10:$F$22,MATCH($A99,ORÇAMENTO!$B$10:$B$22,0),MATCH(G$12,ORÇAMENTO!$E$7:$K$7,0)) -> t | H99: =ROUND(SUM(H103:H107),2) -> 513165 | I99: =ROUND(SUM(I103:I107),2) -> 2524275
A100: Considerando todo material dragado (concreto, rocha e demais materiais de 1ª categoria)
A101: DESCRIÇÃO | C101: 1ª CATEGORIA - 1,7 t/m³ | E101: 3ª CATEGORIA - 2,5 t/m³ | H101: TOTALMÍN | I101: TOTALMAX
C102: CARGAMÍN | D102: CARGAMAX | E102: CARGAMÍN | F102: CARGAMAX | H102: t | I102: t
A103: LOTE 1 | C103: =(H73+H83+H93)*1.7 -> 154224 | D103: =(I73+I83+I93)*1.7 -> 1392300 | E103: =H63*2.5 -> 3642.2 | F103: =I63*2.5 -> 41015.625 | H103: =ROUND(C103+E103,0) -> 157866 | I103: =ROUND(D103+F103,0) -> 1433316
A104: LOTE 2 | C104: =(H74+H84+H94)*1.7 -> 66912 | D104: =(I74+I84+I94)*1.7 -> 195840 | E104: =H64*2.5 -> 1692.2 | F104: =I64*2.5 -> 14840.625 | H104: =ROUND(C104+E104,0) -> 68604 | I104: =ROUND(D104+F104,0) -> 210681
A105: LOTE 3 | C105: =(H75+H85+H95)*1.7 -> 66912 | D105: =(I75+I85+I95)*1.7 -> 195840 | E105: =H65*2.5 -> 1692.2 | F105: =I65*2.5 -> 14840.625 | H105: =ROUND(C105+E105,0) -> 68604 | I105: =ROUND(D105+F105,0) -> 210681
A106: LOTE 4 | C106: =(H76+H86+H96)*1.7 -> 100368 | D106: =(I76+I86+I96)*1.7 -> 293760 | E106: =H66*2.5 -> 2292.2 | F106: =I66*2.5 -> 21440.625 | H106: =ROUND(C106+E106,0) -> 102660 | I106: =ROUND(D106+F106,0) -> 315201
A107: LOTE 5 | C107: =(H77+H87+H97)*1.7 -> 112914 | D107: =(I77+I87+I97)*1.7 -> 330480 | E107: =H67*2.5 -> 2517.2 | F107: =I67*2.5 -> 23915.625 | H107: =ROUND(C107+E107,0) -> 115431 | I107: =ROUND(D107+F107,0) -> 354396
A109: 2.8 | B109: =INDEX(ORÇAMENTO!$E$10:$F$22,MATCH($A109,ORÇAMENTO!$B$10:$B$22,0),MATCH(B$12,ORÇAMENTO!$E$7:$K$7,0)) -> Transporte com caminhão basculante com caçamba estanque com capacidade de 14 m³ - rodovia pavimentada | G109: =INDEX(ORÇAMENTO!$E$10:$F$22,MATCH($A109,ORÇAMENTO!$B$10:$B$22,0),MATCH(G$12,ORÇAMENTO!$E$7:$K$7,0)) -> tkm | H109: =ROUND(SUM(H113:H117),2) -> 11250465 | I109: =ROUND(SUM(I113:I117),2) -> 48773715
A110: Consideranda disposição em bota fora definido pelo município beneficiado. Lote 1: DMmáx = 30km; DMmín = 0km; DMT = 15km, Lotes 2 a 5: DMmáx = 50km; DMmín = 0km; DMT = 25km
A111: DESCRIÇÃO | C111: CARGA | E111: DMT | H111: TOTALMÍN | I111: TOTALMAX
C112: TMÍN | D112: TMAX | E112: km | H112: tkm | I112: tkm
...

Sheet MEMORIAL 
A2: SISTEMA DE MACRODRENAGEM VILA VELHA
A3: DRAGAGEM
A4: MEMORIAL DE CÁLCULO COMPLEMENTAR
A6: ITENS | B6: LOCAL | C6: ESTACAS | D6: EXTENSÃO (m) | E6: LAGURA MÉDIA (m) | F6: MARGENS DO CANAL (m) | G6: ALTURA DE DRAGAGEM (m) | H6: VOLUME DRAGADO CANAL (M3) | I6: VOLUME DRAGADO BUEIRO (M3) | J6: VOLUME DRAGADO TRANSPORTADO - CANAL (M3) | K6: VOLUME DRAGADO TRANSPORTADO - BUEIRO (M3) | L6: DESTINAÇÃO FINAL - CANAL (T) | M6: DESTINAÇÃO FINAL - BUEIRO (T) | N6: REMOÇÃO DE VEGETAÇÃO AQUÁTICA - LEITO DO CANAL (M2) | O6: REMOÇÃO DE CAMADA VEGETAL - MARGENS DO CANAL (M2) | P6: PROFUNDIDADE (M)
D7: A | E7: B | F7: C | G7: D | H7: E=AxBxD | I7: F=AxBxD | J7: G=E | K7: H=F | L7: I=G*1,60 | M7: J=H*1,60 | N7: K=A*B | O7: L=A*C*2 | P7: K
A8: 1 | B8: BACIA DO CANAL JARDIM DE ALAH | C8: Canal Jardim de Alah Ramo 1 - Trecho 1 | D8: 562.54 | E8: =(15.8+11)/2 -> 13.4 | F8: 10 | G8: 0.5 | H8: =D8*E8*G8 -> 3769.018 | J8: =H8 -> 3769.018 | K8: =I8 -> 0 | L8: =J8*1.6 -> 6030.4288 | M8: =K8*1.6 -> 0 | N8: =D8*E8 -> 7538.036 | O8: =D8*F8*2 -> 11250.8 | P8: 1.6
C9: Canal Jardim de Alah Ramo 1 - Trecho 2 | D9: 887.52 | E9: =(28.2+21.8)/2 -> 25 | F9: 10 | G9: 0.5 | H9: =D9*E9*G9 -> 11094 | J9: =H9 -> 11094 | K9: =I9 -> 0 | L9: =J9*1.6 -> 17750.4 | M9: =K9*1.6 -> 0 | N9: =D9*E9 -> 22188 | O9: =D9*F9*2 -> 17750.4 | P9: 1.6
C10: Canal Jardim de Alah Ramo 2 -Trecho 1 | D10: 1050 | E10: =(5.5+1)/2 -> 3.25 | F10: 10 | G10: 0.5 | H10: =D10*E10*G10 -> 1706.25 | J10: =H10 -> 1706.25 | K10: =I10 -> 0 | L10: =J10*1.6 -> 2730 | M10: =K10*1.6 -> 0 | N10: =D10*E10 -> 3412.5 | O10: =D10*F10*2 -> 21000 | P10: 3
C11: Galeria - BDTC - 2x2m - Ramo 2 - Trecho 2 | D11: 833 | E11: 2 | F11: 10 | G11: 0.5 | I11: =D11*E11*G11 -> 833 | J11: =H11 -> 0 | K11: =I11 -> 833 | L11: =J11*1.6 -> 0 | M11: =K11*1.6 -> 1332.8 | O11: =D11*F11*2 -> 16660 | P11: 1.23
C12: Galeria - BDTC - 2x2m - Ramo 3 | D12: 765 | E12: 2 | F12: 10 | G12: 0.5 | I12: =D12*E12*G12 -> 765 | J12: =H12 -> 0 | K12: =I12 -> 765 | L12: =J12*1.6 -> 0 | M12: =K12*1.6 -> 1224 | O12: =D12*F12*2 -> 15300 | P12: 1.23
B13: BACIA DO CANAL DA COSTA | C13: Canal da Costa | D13: =916+280+758+2618 -> 4572 | E13: 8 | F13: 10 | G13: 0.5 | H13: =D13*E13*G13 -> 18288 | J13: =H13 -> 18288 | K13: =I13 -> 0 | L13: =J13*1.6 -> 29260.8 | M13: =K13*1.6 -> 0 | N13: =D13*E13 -> 36576 | O13: =D13*F13*2 -> 91440 | P13: 3
C14: Galeria - BDCC - 4x3m | D14: =635+1186 -> 1821 | E14: 4 | F14: 10 | G14: 0.5 | I14: =D14*E14*G14 -> 3642 | J14: =H14 -> 0 | K14: =I14 -> 3642 | L14: =J14*1.6 -> 0 | M14: =K14*1.6 -> 5827.2 | O14: =D14*F14*2 -> 36420 | P14: 3
C15: Canal capixaba | D15: =352+205+354+1063 -> 1974 | E15: 8 | F15: 10 | G15: 0.5 | H15: =D15*E15*G15 -> 7896 | J15: =H15 -> 7896 | K15: =I15 -> 0 | L15: =J15*1.6 -> 12633.6 | M15: =K15*1.6 -> 0 | N15: =D15*E15 -> 15792 | O15: =D15*F15*2 -> 39480 | P15: 3
C16: Galeria Centro - BTCC - 3x3 m | D16: 945 | E16: 3 | F16: 10 | G16: 0.5 | I16: =D16*E16*G16 -> 1417.5 | J16: =H16 -> 0 | K16: =I16 -> 1417.5 | L16: =J16*1.6 -> 0 | M16: =K16*1.6 -> 2268 | O16: =D16*F16*2 -> 18900 | P16: 3
C17: Galeria - BDCC - 3x3m | D17: =669 -> 669 | E17: 3 | F17: 10 | G17: 0.5 | I17: =D17*E17*G17 -> 1003.5 | J17: =H17 -> 0 | K17: =I17 -> 1003.5 | L17: =J17*1.6 -> 0 | M17: =K17*1.6 -> 1605.6 | O17: =D17*F17*2 -> 13380 | P17: 3
C18: Galeria - BTCC - 3x3m | D18: =1081 -> 1081 | E18: 3 | F18: 10 | G18: 0.5 | I18: =D18*E18*G18 -> 1621.5 | J18: =H18 -> 0 | K18: =I18 -> 1621.5 | L18: =J18*1.6 -> 0 | M18: =K18*1.6 -> 2594.4 | O18: =D18*F18*2 -> 21620 | P18: 3
B19: BACIA DO GUARANHUNS | C19: Canal em paredes de concreto 8x2,3 | D19: 120 | E19: 8 | F19: 10 | G19: 0.5 | H19: =D19*E19*G19 -> 480 | J19: =H19 -> 480 | K19: =I19 -> 0 | L19: =J19*1.6 -> 768 | M19: =K19*1.6 -> 0 | N19: =D19*E19 -> 960 | O19: =D19*F19*2 -> 2400 | P19: 2.3
C20: Canal em paredes de concreto 12x2,3 | D20: 540 | E20: 12 | F20: 10 | G20: 0.5 | H20: =D20*E20*G20 -> 3240 | J20: =H20 -> 3240 | K20: =I20 -> 0 | L20: =J20*1.6 -> 5184 | M20: =K20*1.6 -> 0 | N20: =D20*E20 -> 6480 | O20: =D20*F20*2 -> 10800 | P20: 2.3
C21: Canal em paredes de concreto 18x2,3 | D21: 480 | E21: 18 | F21: 10 | G21: 0.5 | H21: =D21*E21*G21 -> 4320 | J21: =H21 -> 4320 | K21: =I21 -> 0 | L21: =J21*1.6 -> 6912 | M21: =K21*1.6 -> 0 | N21: =D21*E21 -> 8640 | O21: =D21*F21*2 -> 9600 | P21: 2.3
C22: Canal em terra | D22: =940+920 -> 1860 | E22: =(17.1+9)/2 -> 13.05 | F22: 10 | G22: 0.5 | H22: =D22*E22*G22 -> 12136.5 | J22: =H22 -> 12136.5 | K22: =I22 -> 0 | L22: =J22*1.6 -> 19418.4 | M22: =K22*1.6 -> 0 | N22: =D22*E22 -> 24273 | O22: =D22*F22*2 -> 37200 | P22: 2.7
C23: Canal do dique em terra | D23: =2080+820+257.68 -> 3157.68 | E23: =(2080*(20+14)/2+820*(86+80)/2+257.68*(27+21)/2)/3157.68 -> 34.710395 | F23: 10 | G23: 0.5 | H23: =D23*E23*G23 -> 54802.16 | J23: =H23 -> 54802.16 | K23: =I23 -> 0 | L23: =J23*1.6 -> 87683.456 | M23: =K23*1.6 -> 0 | N23: =D23*E23 -> 109604.32 | O23: =D23*F23*2 -> 63153.6 | P23: 2
C24: Canal diagonal - em terra | D24: 2345.06 | E24: =(37+32)/2 -> 34.5 | F24: 10 | G24: 0.5 | H24: =D24*E24*G24 -> 40452.285 | J24: =H24 -> 40452.285 | K24: =I24 -> 0 | L24: =J24*1.6 -> 64723.656 | M24: =K24*1.6 -> 0 | N24: =D24*E24 -> 80904.57 | O24: =D24*F24*2 -> 46901.2 | P24: 2
C25: Canal Araças - em terra - prof. 3m | D25: =600 -> 600 | E25: =(86+80)/2 -> 83 | F25: 10 | G25: 0.5 | H25: =D25*E25*G25 -> 24900 | J25: =H25 -> 24900 | K25: =I25 -> 0 | L25: =J25*1.6 -> 39840 | M25: =K25*1.6 -> 0 | N25: =D25*E25 -> 49800 | O25: =D25*F25*2 -> 12000 | P25: 3
C26: Canal Araças - em terra - prof. 4m | D26: =395+135 -> 530 | E26: =(395*(57.8+45.8)/2+135*(60.8+45.8)/2)/530 -> 52.182075 | F26: 10 | G26: 0.5 | H26: =D26*E26*G26 -> 13828.25 | J26: =H26 -> 13828.25 | K26: =I26 -> 0 | L26: =J26*1.6 -> 22125.2 | M26: =K26*1.6 -> 0 | N26: =D26*E26 -> 27656.5 | O26: =D26*F26*2 -> 10600 | P26: 4
B27: BACIA DO RIO MARINHO | C27: Canal de terra - trecho 01 | D27: 1553.79 | E27: =(36+30)/2 -> 33 | F27: 10 | G27: 0.5 | H27: =D27*E27*G27 -> 25637.535 | J27: =H27 -> 25637.535 | K27: =I27 -> 0 | L27: =J27*1.6 -> 41020.056 | M27: =K27*1.6 -> 0 | N27: =D27*E27 -> 51275.07 | O27: =D27*F27*2 -> 31075.8 | P27: 2
C28: Canal de terra - trecho 02 | D28: 606 | E28: =(47+41)/2 -> 44 | F28: 10 | G28: 0.5 | H28: =D28*E28*G28 -> 13332 | J28: =H28 -> 13332 | K28: =I28 -> 0 | L28: =J28*1.6 -> 21331.2 | M28: =K28*1.6 -> 0 | N28: =D28*E28 -> 26664 | O28: =D28*F28*2 -> 12120 | P28: 2
C29: Canal de paredes de gabião 20 x 2 m - trecho 03 | D29: 90 | E29: 20 | F29: 10 | G29: 0.5 | H29: =D29*E29*G29 -> 900 | J29: =H29 -> 900 | K29: =I29 -> 0 | L29: =J29*1.6 -> 1440 | M29: =K29*1.6 -> 0 | N29: =D29*E29 -> 1800 | O29: =D29*F29*2 -> 1800 | P29: 2
C30: Canal com paredes de concreto - trecho 04 | D30: =(690+485.92) -> 1175.92 | E30: 20 | F30: 10 | G30: 0.5 | H30: =D30*E30*G30 -> 11759.2 | J30: =H30 -> 11759.2 | K30: =I30 -> 0 | L30: =J30*1.6 -> 18814.72 | M30: =K30*1.6 -> 0 | N30: =D30*E30 -> 23518.4 | O30: =D30*F30*2 -> 23518.4 | P30: 2
C31: Canal de terra - trecho 05 | D31: 2440 | E31: =(21+15)/2 -> 18 | F31: 10 | G31: 0.5 | H31: =D31*E31*G31 -> 21960 | J31: =H31 -> 21960 | K31: =I31 -> 0 | L31: =J31*1.6 -> 35136 | M31: =K31*1.6 -> 0 | N31: =D31*E31 -> 43920 | O31: =D31*F31*2 -> 48800 | P31: 2
C32: Canal de terra - trecho 06 | D32: 500 | E32: =(17+11)/2 -> 14 | F32: 10 | G32: 0.5 | H32: =D32*E32*G32 -> 3500 | J32: =H32 -> 3500 | K32: =I32 -> 0 | L32: =J32*1.6 -> 5600 | M32: =K32*1.6 -> 0 | N32: =D32*E32 -> 7000 | O32: =D32*F32*2 -> 10000 | P32: 2
C33: Canal de terra - trecho 07 | D33: 1460 | E33: =(21+15)/2 -> 18 | F33: 10 | G33: 0.5 | H33: =D33*E33*G33 -> 13140 | J33: =H33 -> 13140 | K33: =I33 -> 0 | L33: =J33*1.6 -> 21024 | M33: =K33*1.6 -> 0 | N33: =D33*E33 -> 26280 | O33: =D33*F33*2 -> 29200 | P33: 2
C34: Canal de terra - trecho 08 | D34: 1240 | E34: =(26+20)/2 -> 23 | F34: 10 | G34: 0.5 | H34: =D34*E34*G34 -> 14260 | J34: =H34 -> 14260 | K34: =I34 -> 0 | L34: =J34*1.6 -> 22816 | M34: =K34*1.6 -> 0 | N34: =D34*E34 -> 28520 | O34: =D34*F34*2 -> 24800 | P34: 2
C35: Canal de terra - trecho 09 | D35: 1740 | E35: =(13+7)/2 -> 10 | F35: 10 | G35: 0.5 | H35: =D35*E35*G35 -> 8700 | J35: =H35 -> 8700 | K35: =I35 -> 0 | L35: =J35*1.6 -> 13920 | M35: =K35*1.6 -> 0 | N35: =D35*E35 -> 17400 | O35: =D35*F35*2 -> 34800 | P35: 2
C36: Canal de terra - trecho 10 | D36: 671.34 | E36: =(7+1)/2 -> 4 | F36: 10 | G36: 0.5 | H36: =D36*E36*G36 -> 1342.68 | J36: =H36 -> 1342.68 | K36: =I36 -> 0 | L36: =J36*1.6 -> 2148.288 | M36: =K36*1.6 -> 0 | N36: =D36*E36 -> 2685.36 | O36: =D36*F36*2 -> 13426.8 | P36: 2
B37: BACIA DO CANAL ARIBIRI | C37: Canal Aribiri | D37: =9167-D39 -> 7285.58 | E37: =(12+6)/2 -> 9 | F37: 10 | G37: 0.5 | H37: =D37*E37*G37 -> 32785.11 | J37: =H37 -> 32785.11 | K37: =I37 -> 0 | L37: =J37*1.6 -> 52456.176 | M37: =K37*1.6 -> 0 | N37: =D37*E37 -> 65570.22 | O37: =D37*F37*2 -> 145711.6 | P37: 3
C38: Galeria - BDCC -2x2 m | D38: 250 | E38: 2 | F38: 10 | G38: 0.5 | I38: =D38*E38*G38 -> 250 | J38: =H38 -> 0 | K38: =I38 -> 250 | L38: =J38*1.6 -> 0 | M38: =K38*1.6 -> 400 | O38: =D38*F38*2 -> 5000 | P38: 2
C39: Rio Aribiri | D39: 1881.42 | E39: 16 | F39: 10 | G39: 0.5 | H39: =D39*E39*G39 -> 15051.36 | J39: =H39 -> 15051.36 | K39: =I39 -> 0 | L39: =J39*1.6 -> 24082.176 | M39: =K39*1.6 -> 0 | N39: =D39*E39 -> 30102.72 | O39: =D39*F39*2 -> 37628.4 | P39: 3
C40: Trecho inundável | D40: 1335 | E40: 100 | F40: 10 | G40: 0.5 | H40: =D40*E40*G40 -> 66750 | J40: =H40 -> 66750 | K40: =I40 -> 0 | L40: =J40*1.6 -> 106800 | M40: =K40*1.6 -> 0 | N40: =D40*E40 -> 133500 | O40: =D40*F40*2 -> 26700 | P40: 5
C41: Galeria BDCC 2 x 2 m | D41: 1050 | E41: 2 | F41: 10 | G41: 0.5 | I41: =D41*E41*G41 -> 1050 | J41: =H41 -> 0 | K41: =I41 -> 1050 | L41: =J41*1.6 -> 0 | M41: =K41*1.6 -> 1680 | O41: =D41*F41*2 -> 21000 | P41: 2
B42: BACIA DO CANAL CAMPO GRANDE | C42: Ramo 1 | D42: 9560 | E42: 10 | F42: 10 | G42: 0.5 | H42: =D42*E42*G42 -> 47800 | J42: =H42 -> 47800 | K42: =I42 -> 0 | L42: =J42*1.6 -> 76480 | M42: =K42*1.6 -> 0 | N42: =D42*E42 -> 95600 | O42: =D42*F42*2 -> 191200 | P42: 1
C43: Ramo 2 | D43: 5470 | E43: 10 | F43: 10 | G43: 0.5 | H43: =D43*E43*G43 -> 27350 | J43: =H43 -> 27350 | K43: =I43 -> 0 | L43: =J43*1.6 -> 43760 | M43: =K43*1.6 -> 0 | N43: =D43*E43 -> 54700 | O43: =D43*F43*2 -> 109400 | P43: 1
C44: Ramo 2 inundável | D44: 1160 | E44: 10 | F44: 10 | G44: 0.5 | H44: =D44*E44*G44 -> 5800 | J44: =H44 -> 5800 | K44: =I44 -> 0 | L44: =J44*1.6 -> 9280 | M44: =K44*1.6 -> 0 | N44: =D44*E44 -> 11600 | O44: =D44*F44*2 -> 23200 | P44: 2.5
C45: Ramo 3 | D45: 6070 | E45: 10 | F45: 10 | G45: 0.5 | H45: =D45*E45*G45 -> 30350 | J45: =H45 -> 30350 | K45: =I45 -> 0 | L45: =J45*1.6 -> 48560 | M45: =K45*1.6 -> 0 | N45: =D45*E45 -> 60700 | O45: =D45*F45*2 -> 121400 | P45: 2
A46: TOTAL GERAL | D46: =SUM(D8:D45) -> 70331.85 | H46: =SUM(H8:H45) -> 537330.35 | I46: =SUM(I8:I45) -> 10582.5 | J46: =SUM(J8:J45) -> 537330.35 | K46: =SUM(K8:K45) -> 10582.5 | L46: =SUM(L8:L45) -> 859728.56 | M46: =SUM(M8:M45) -> 16932 | N46: =SUM(N8:N45) -> 1074660.7 | O46: =SUM(O8:O45) -> 1406637
A48: OBS.:
A49: 1) Margens do canal: para o levantamento estimamos 10m de cada lado do córrego, totalizando 20m.
A50: 2) Remoção de vegetação aquática - Leito do canal - Foi estimado 30% da área do canal com vegetação no leito. | H50: =N46*30/100 -> 322398.21 | I50: m2
A51: 3) Remoção de camada vegetal - margens do canal - Foi estimado 50% da área com vegetação nas margens, com esp. de 20cm. | H51: =O46*50/100 -> 703318.5 | I51: m2
A52: 3.1) Para o levantamento estimamos 40% do serviço mecanizado | D52: =40/100*H51 -> 281327.4 | E52: m2
A53: 3.2) Para o levantamento estimamos 60% do serviço manual | D53: =60/100*H51 -> 421991.1 | E53: m2
A54: 4) Considerado Peso material classe II A - peso específico 1,6 t/m³
A55: 5) Considerado 30% de empolamento.
A56: 6) Considerado distância máxima até o aterro 32km.

Sheet Cronograma
A9: SISTEMA DE MACRODRENAGEM VILA VELHA, CARIACICA E VIANA
A10: CANAL MARINHO
F11: TOPOGRAFIA E BATIMETRIA
A12: CRONOGRAMA FÍSICO-FINANCEIRO
A14: ITENS | B14: DESCRIÇÃO DOS SERVIÇOS | C14: SUBTOTAIS | D14: % | E14: MÊS 01 | F14: MÊS 02 | G14: MÊS 03 | H14: MÊS 04 | I14: MÊS 05 | J14: MÊS 06 | K14: MÊS 07 | L14: MÊS 08
A15: 1 | B15: =#REF! -> #REF! | C15: =#REF! -> #REF! | D15: =C15/$C$29 -> #REF! | E15: =E17+E19+E21 -> #REF! | F15: =F17+F19+F21 -> #REF! | G15: =G17+G19+G21 -> #REF! | H15: =H17+H19+H21 -> #REF! | I15: =I17+I19+I21 -> #REF! | J15: =J17+J19+J21 -> #REF! | K15: =K17+K19+K21 -> #REF! | L15: =L17+L19+L21 -> #REF!
E16: =E15/$C$15 -> #REF! | F16: =F15/$C$15 -> #REF! | G16: =G15/$C$15 -> #REF! | H16: =H15/$C$15 -> #REF! | I16: =I15/$C$15 -> #REF! | J16: =J15/$C$15 -> #REF! | K16: =K15/$C$15 -> #REF! | L16: =L15/$C$15 -> #REF!
A17: =#REF! -> #REF! | B17: =#REF! -> #REF! | C17: =#REF! -> #REF! | D17: =C17/$C$29 -> #REF! | E17: =$C17*E18 -> #REF! | F17: =$C17*F18 -> #REF! | G17: =$C17*G18 -> #REF! | H17: =$C17*H18 -> #REF! | I17: =$C17*I18 -> #REF! | J17: =$C17*J18 -> #REF! | K17: =$C17*K18 -> #REF! | L17: =$C17*L18 -> #REF!
E18: 0.5 | F18: 0.5
A19: =#REF! -> #REF! | B19: =#REF! -> #REF! | C19: =#REF! -> #REF! | D19: =C19/$C$29 -> #REF! | E19: =$C19*E20 -> #REF! | F19: =$C19*F20 -> #REF! | H19: =$C19*H20 -> #REF! | I19: =$C19*I20 -> #REF! | J19: =$C19*J20 -> #REF! | K19: =$C19*K20 -> #REF! | L19: =$C19*L20 -> #REF!
E20: 0.5 | F20: 0.5
A21: =#REF! -> #REF! | B21: =#REF! -> #REF! | C21: =#REF! -> #REF! | D21: =C21/$C$29 -> #REF! | E21: =$C21*E22 -> #REF! | F21: =$C21*F22 -> #REF! | H21: =$C21*H22 -> #REF! | I21: =$C21*I22 -> #REF! | J21: =$C21*J22 -> #REF! | K21: =$C21*K22 -> #REF! | L21: =$C21*L22 -> #REF!
E22: 0.6 | F22: 0.4
A23: 2 | B23: =#REF! -> #REF! | C23: =#REF! -> #REF! | D23: =C23/$C$29 -> #REF! | F23: =SUM(F25,F27) -> #REF! | G23: =SUM(G25,G27) -> #REF! | H23: =SUM(H25,H27,) -> #REF! | I23: =SUM(I25,I27) -> 0 | J23: =SUM(J25,J27) -> 0 | K23: =SUM(K25,K27) -> 0 | L23: =SUM(L25,L27) -> #REF!
E24: =E23/$C$23 -> #REF! | F24: =F23/$C$23 -> #REF! | G24: =G23/$C$23 -> #REF! | H24: =H23/$C$23 -> #REF! | I24: =I23/$C$23 -> #REF! | J24: =J23/$C$23 -> #REF! | K24: =K23/$C$23 -> #REF! | L24: =L23/$C$23 -> #REF!
A25: =#REF! -> #REF! | B25: =#REF! -> #REF! | C25: =#REF! -> #REF! | D25: =C25/$C$29 -> #REF! | E25: =$C25*E26 -> #REF! | F25: =$C25*F26 -> #REF! | G25: =$C25*G26 -> #REF! | H25: =$C25*H26 -> #REF! | L25: =$C25*L26 -> #REF!
F26: 0.5 | G26: 0.25 | H26: 0.25
A27: =#REF! -> #REF! | B27: =#REF! -> #REF! | C27: =#REF! -> #REF! | D27: =C27/$C$29 -> #REF! | E27: =$C27*E28 -> #REF! | F27: =$C27*F28 -> #REF! | G27: =$C27*G28 -> #REF! | H27: =$C27*H28 -> #REF! | L27: =$C27*L28 -> #REF!
F28: 0.5 | G28: 0.25 | H28: 0.25
A29: VALOR TOTAL (R$) | C29: =C15+C23 -> #REF! | D29: =SUM(D17:D22,D25:D28,) -> #REF!
A30: TOTAL DO PERÍODO (R$) | E30: =E15+E23 -> #REF! | F30: =F15+F23 -> #REF! | G30: =G15+G23 -> #REF! | H30: =H15+H23 -> #REF! | I30: =I15+I23 -> #REF! | J30: =J15+J23 -> #REF! | K30: =K15+K23 -> #REF! | L30: =L15+L23 -> #REF!
A31: PORCENTAGEM DO PERÍODO (%) | E31: =E30/$C$29 -> #REF! | F31: =F30/$C$29 -> #REF! | G31: =G30/$C$29 -> #REF! | H31: =H30/$C$29 -> #REF! | I31: =I30/$C$29 -> #REF! | J31: =J30/$C$29 -> #REF! | K31: =K30/$C$29 -> #REF! | L31: =L30/$C$29 -> #REF!
A32: TOTAL ACUMULADO (R$) | E32: =E30 -> #REF! | F32: =E32+F30 -> #REF! | G32: =F32+G30 -> #REF! | H32: =G32+H30 -> #REF! | J32: =I32+J30 -> #REF! | K32: =J32+K30 -> #REF! | L32: =K32+L30 -> #REF!
A33: PORCENTAGEM ACUMULADO (%) | E33: =E32/$C$29 -> #REF! | F33: =E33+F31 -> #REF! | G33: =F33+G31 -> #REF! | H33: =G33+H31 -> #REF! | J33: =I33+J31 -> #REF! | K33: =J33+K31 -> #REF! | L33: =K33+L31 -> #REF!

Sheet Preços Serviços
C1: GOVERNO DO ESTADO DO ESPÍRITO SANTO
C2: SECRETARIA DE SANEAMENTO, HABITAÇÃO E DESENVOLVIMENTO URBANO
C3: CORREÇÃO DE VALORES
C4: OBJETO | D4: EXECUÇÃO DE LIMPEZA E DESASSOREAMENTO DE CANAIS EM VILA VELHA E CARIACICA
A5: BUSCA | B5: ORGÃO | C5: CÓDIGO | D5: DESCRIÇÃO | E5: UND. | F5: PREÇO REFERÊNCIA | G5: BDI APLICADO | H5: PREÇO UNITÁRIO CORRIGIDO | I5: CONTÉM?
A6: =CONCATENATE(B6,C6) -> CESAN7010100210 | B6: CESAN | C6: 7010100210 | D6: Banheiro Quimico | E6: unm | F6: 1480.31 | G6: 0 | H6: =($F6/(1+$G6)) -> 1480.31 | I6: =IFERROR(IF(INDEX(ORÇAMENTO!$A:$A,MATCH($A6,ORÇAMENTO!$A:$A,0),1)=A6,"SIM"),"NÃO") -> SIM
A7: =CONCATENATE(B7,C7) -> DER-ROD11509 | B7: DER-ROD | C7: 11509 | D7: Ensaio de Análise Física do material a ser dragado - CONAMA 454/12 | E7: und | F7: 1277.04 | G7: 0 | H7: =($F7/(1+$G7)) -> 1277.04 | I7: =IFERROR(IF(INDEX(ORÇAMENTO!$A:$A,MATCH($A7,ORÇAMENTO!$A:$A,0),1)=A7,"SIM"),"NÃO") -> NÃO
A8: =CONCATENATE(B8,C8) -> DER-ROD11506 | B8: DER-ROD | C8: 11506 | D8: Ensaio de caracterização Ecotoxicológico de material a ser dragado - CONAMA 454/12 | E8: und | F8: 2227.95 | G8: 0 | H8: =($F8/(1+$G8)) -> 2227.95 | I8: =IFERROR(IF(INDEX(ORÇAMENTO!$A:$A,MATCH($A8,ORÇAMENTO!$A:$A,0),1)=A8,"SIM"),"NÃO") -> NÃO
A9: =CONCATENATE(B9,C9) -> DER-ROD11508 | B9: DER-ROD | C9: 11508 | D9: Ensaio de Análise Química de material a ser dragado - CONAMA 454/12 | E9: und | F9: 1176.53 | G9: 0 | H9: =($F9/(1+$G9)) -> 1176.53 | I9: =IFERROR(IF(INDEX(ORÇAMENTO!$A:$A,MATCH($A9,ORÇAMENTO!$A:$A,0),1)=A9,"SIM"),"NÃO") -> NÃO
A10: =CONCATENATE(B10,C10) -> DER-ROD43005 | B10: DER-ROD | C10: 43005 | D10: Limpeza e desobstrução de BDTC e BDCC em Vias Urbanas | E10: m | F10: 32.32 | G10: 0 | H10: =($F10/(1+$G10)) -> 32.32 | I10: =IFERROR(IF(INDEX(ORÇAMENTO!$A:$A,MATCH($A10,ORÇAMENTO!$A:$A,0),1)=A10,"SIM"),"NÃO") -> NÃO
A11: =CONCATENATE(B11,C11) -> DER-ROD43008 | B11: DER-ROD | C11: 43008 | D11: Limpeza e desobstrução de BTTC e BTCC em Vias Urbanas | E11: m | F11: 47.63 | G11: 0 | H11: =($F11/(1+$G11)) -> 47.63 | I11: =IFERROR(IF(INDEX(ORÇAMENTO!$A:$A,MATCH($A11,ORÇAMENTO!$A:$A,0),1)=A11,"SIM"),"NÃO") -> NÃO
A12: =CONCATENATE(B12,C12) -> DER-ROD40086 | B12: DER-ROD | C12: 40086 | D12: Limpeza e desobstrução de bueiros | E12: m | F12: 25.19 | G12: 0 | H12: =($F12/(1+$G12)) -> 25.19 | I12: =IFERROR(IF(INDEX(ORÇAMENTO!$A:$A,MATCH($A12,ORÇAMENTO!$A:$A,0),1)=A12,"SIM"),"NÃO") -> NÃO
A13: =CONCATENATE(B13,C13) -> DER-ROD40983 | B13: DER-ROD | C13: 40983 | D13: Limpeza e desobstrução de rede de drenagem, utilizando caminhão equipado com conjunto de alta pressão e sucção | E13: m | F13: 7.68 | G13: 0 | H13: =($F13/(1+$G13)) -> 7.68 | I13: =IFERROR(IF(INDEX(ORÇAMENTO!$A:$A,MATCH($A13,ORÇAMENTO!$A:$A,0),1)=A13,"SIM"),"NÃO") -> NÃO
A14: =CONCATENATE(B14,C14) -> DER-ROD41500 | B14: DER-ROD | C14: 41500 | D14: Placa de obra nas dimensões de 3,0 x 6,0 m, padrão DER-ES | E14: m2 | F14: 189.61 | G14: 0 | H14: =($F14/(1+$G14)) -> 189.61 | I14: =IFERROR(IF(INDEX(ORÇAMENTO!$A:$A,MATCH($A14,ORÇAMENTO!$A:$A,0),1)=A14,"SIM"),"NÃO") -> NÃO
A15: =CONCATENATE(B15,C15) -> DER-ROD42046 | B15: DER-ROD | C15: 42046 | D15: Cones para sinalização, fornecimento e colocação | E15: und | F15: 101.26 | G15: 0 | H15: =($F15/(1+$G15)) -> 101.26 | I15: =IFERROR(IF(INDEX(ORÇAMENTO!$A:$A,MATCH($A15,ORÇAMENTO!$A:$A,0),1)=A15,"SIM"),"NÃO") -> SIM
A16: =CONCATENATE(B16,C16) -> DER-ROD41454 | B16: DER-ROD | C16: 41454 | D16: Aluguel de container tipo vestiário, 2 luminárias, piso especial e janela | E16: mês | F16: 576.52 | G16: 0.2332 | H16: =($F16/(1+$G16)) -> 467.49919 | I16: =IFERROR(IF(INDEX(ORÇAMENTO!$A:$A,MATCH($A16,ORÇAMENTO!$A:$A,0),1)=A16,"SIM"),"NÃO") -> NÃO
A17: =CONCATENATE(B17,C17) -> DER-ROD41678 | B17: DER-ROD | C17: 41678 | D17: Aluguel de container tipo refeitório simples, c/ 1 aparelho de ar condicionado, 2 luminárias e 2 janelas de vidro | E17: mês | F17: 842.68 | G17: 0.2332 | H17: =($F17/(1+$G17)) -> 683.32793 | I17: =IFERROR(IF(INDEX(ORÇAMENTO!$A:$A,MATCH($A17,ORÇAMENTO!$A:$A,0),1)=A17,"SIM"),"NÃO") -> NÃO
... A21: =CONCATENATE(B21,C21) -> MERCADO1 | B21: MERCADO | C21: 1 | D21: Remoção de vegetação aquática- leito do canal | E21: m2 | F21: 5.7 | G21: 0 | H21: =($F21/(1+$G21)) -> 5.7 | I21: =IFERROR(IF(INDEX(ORÇAMENTO!$A:$A,MATCH($A21,ORÇAMENTO!$A:$A,0),1)=A21,"SIM"),"NÃO") -> NÃO
A22: =CONCATENATE(B22,C22) -> MERCADO2 | B22: MERCADO | C22: 2 | D22: Transporte com caminhão basculante de 12 m³ - rodovia pavimentada - Usina de Compostagem (Vegetação) | E22: t | F22: =(1100/12)/1.6 -> 57.291667 | G22: 0 | H22: =($F22/(1+$G22)) -> 57.291667 | I22: =IFERROR(IF(INDEX(ORÇAMENTO!$A:$A,MATCH($A22,ORÇAMENTO!$A:$A,0),1)=A22,"SIM"),"NÃO") -> NÃO
A23: =CONCATENATE(B23,C23) -> MERCADO9 | B23: MERCADO | C23: 9 | D23: Recebimento e Destinação Final - Resíduo Classe II-A | E23: t | F23: 66.99 | G23: 0 | H23: =($F23/(1+$G23)) -> 66.99 | I23: =IFERROR(IF(INDEX(ORÇAMENTO!$A:$A,MATCH($A23,ORÇAMENTO!$A:$A,0),1)=A23,"SIM"),"NÃO") -> NÃO
A24: =CONCATENATE(B24,C24) -> MERCADO3 | B24: MERCADO | C24: 3 | D24: Recebimento e Destinação Final - Resíduo Classe II-B | E24: t | F24: 31.99 | G24: 0 | H24: =($F24/(1+$G24)) -> 31.99 | I24: =IFERROR(IF(INDEX(ORÇAMENTO!$A:$A,MATCH($A24,ORÇAMENTO!$A:$A,0),1)=A24,"SIM"),"NÃO") -> NÃO
A25: =CONCATENATE(B25,C25) -> MERCADO4 | B25: MERCADO | C25: 4 | D25: Dragagem de material de 1ª categoria com Máquina anfíbia inclusive implementos (Cortadores de vegetação aquática e terrestre, Ancinhos coletores, Unidade escavadora e Bomba de dragagem) e acessórios (Carreta de Transporte/Reboque) | E25: m3 | F25: =28 -> 28 | G25: 0 | H25: =($F25/(1+$G25)) -> 28 | I25: =IFERROR(IF(INDEX(ORÇAMENTO!$A:$A,MATCH($A25,ORÇAMENTO!$A:$A,0),1)=A25,"SIM"),"NÃO") -> NÃO
A26: =CONCATENATE(B26,C26) -> MERCADO5 | B26: MERCADO | C26: 5 | D26: Transporte com caminhão do tipo tanque cap. de 30 m³ - Aterro Licenciado (Lodo) | E26: t | F26: =(1500/30)/1.6 -> 31.25 | G26: 0 | H26: =($F26/(1+$G26)) -> 31.25 | I26: =IFERROR(IF(INDEX(ORÇAMENTO!$A:$A,MATCH($A26,ORÇAMENTO!$A:$A,0),1)=A26,"SIM"),"NÃO") -> NÃO
A27: =CONCATENATE(B27,C27) -> MERCADO6 | B27: MERCADO | C27: 6 | D27: Destinação Final material dragado | E27: t | F27: 113 | G27: 0 | H27: =($F27/(1+$G27)) -> 113 | I27: =IFERROR(IF(INDEX(ORÇAMENTO!$A:$A,MATCH($A27,ORÇAMENTO!$A:$A,0),1)=A27,"SIM"),"NÃO") -> NÃO
A28: =CONCATENATE(B28,C28) -> MERCADO7 | B28: MERCADO | C28: 7 | D28: Análise Teor de Sólidos | E28: und | F28: 32.5 | G28: 0 | H28: =($F28/(1+$G28)) -> 32.5 | I28: =IFERROR(IF(INDEX(ORÇAMENTO!$A:$A,MATCH($A28,ORÇAMENTO!$A:$A,0),1)=A28,"SIM"),"NÃO") -> NÃO
A29: =CONCATENATE(B29,C29) -> MERCADO8 | B29: MERCADO | C29: 8 | D29: Coleta para ensaio de Caracterização de material conf. Normativa da CONAMA 454/12 | E29: und | F29: 942 | G29: 0 | H29: =($F29/(1+$G29)) -> 942 | I29: =IFERROR(IF(INDEX(ORÇAMENTO!$A:$A,MATCH($A29,ORÇAMENTO!$A:$A,0),1)=A29,"SIM"),"NÃO") -> NÃO
A30: =CONCATENATE(B30,C30) -> SICRO1600412 | B30: SICRO | C30: 1600412 | D30: Raspagem e limpeza de terreno plano | E30: m2 | F30: 3.67 | G30: 0 | H30: =($F30/(1+$G30)) -> 3.67 | I30: =IFERROR(IF(INDEX(ORÇAMENTO!$A:$A,MATCH($A30,ORÇAMENTO!$A:$A,0),1)=A30,"SIM"),"NÃO") -> NÃO
A31: =CONCATENATE(B31,C31) -> SICRO1600989 | B31: SICRO | C31: 1600989 | D31: Demolição de concreto simples com martelete | E31: M3 | F31: 213.62 | G31: 0 | H31: =($F31/(1+$G31)) -> 213.62 | I31: =IFERROR(IF(INDEX(ORÇAMENTO!$A:$A,MATCH($A31,ORÇAMENTO!$A:$A,0),1)=A31,"SIM"),"NÃO") -> NÃO
A32: =CONCATENATE(B32,C32) -> SICRO1917656 | B32: SICRO | C32: 1917656 | D32: Dragagem de material de 1ª categoria com dragline - caçamba de 2,1 m³ - caminho de serviço em revestimento primário - DMT 400 a 600 m - com caminhão de 14 m³ e carregadeira | E32: m3 | F32: 12.24 | G32: 0 | H32: =($F32/(1+$G32)) -> 12.24 | I32: =IFERROR(IF(INDEX(ORÇAMENTO!$A:$A,MATCH($A32,ORÇAMENTO!$A:$A,0),1)=A32,"SIM"),"NÃO") -> SIM
A33: =CONCATENATE(B33,C33) -> SICRO5502663 | B33: SICRO | C33: 5502663 | D33: Escavação e transporte de material de 3ª categoria - DMT de 0 a 50 m | E33: m3 | F33: 22.65 | G33: 0 | H33: =($F33/(1+$G33)) -> 22.65 | I33: =IFERROR(IF(INDEX(ORÇAMENTO!$A:$A,MATCH($A33,ORÇAMENTO!$A:$A,0),1)=A33,"SIM"),"NÃO") -> SIM
A34: =CONCATENATE(B34,C34) -> SICRO1901607 | B34: SICRO | C34: 1901607 | D34: Dragagem de material de 1ª categoria com escavadeira hidráulica sobre pontão flutuante - capacidade da caçamba de 1,56 m³ - transporte com batelão sem propulsão com capacidade de 100 t - DMT 0 a 300 m | E34: m3 | F34: 9.78 | G34: 0 | H34: =($F34/(1+$G34)) -> 9.78 | I34: =IFERROR(IF(INDEX(ORÇAMENTO!$A:$A,MATCH($A34,ORÇAMENTO!$A:$A,0),1)=A34,"SIM"),"NÃO") -> NÃO
A35: =CONCATENATE(B35,C35) -> SICRO1716639 | B35: SICRO | C35: 1716639 | D35: Derrocagem subaquática de material de 3ª categoria - malha de 4,0 m² - perfuração e detonação - plataforma com duas torres de perfuração | E35: m3 | F35: 32.74 | G35: 0 | H35: =($F35/(1+$G35)) -> 32.74 | I35: =IFERROR(IF(INDEX(ORÇAMENTO!$A:$A,MATCH($A35,ORÇAMENTO!$A:$A,0),1)=A35,"SIM"),"NÃO") -> SIM
A36: =CONCATENATE(B36,C36) -> SICRO1619003 | B36: SICRO | C36: 1619003 | D36: Demolição mecânica de concreto armado, com escavadeira hidráulica com martelo hidráulico - sem reaproveitamento | E36: m3 | F36: 62.02 | G36: 0 | H36: =($F36/(1+$G36)) -> 62.02 | I36: =IFERROR(IF(INDEX(ORÇAMENTO!$A:$A,MATCH($A36,ORÇAMENTO!$A:$A,0),1)=A36,"SIM"),"NÃO") -> SIM
A37: =CONCATENATE(B37,C37) -> SICRO1917583 | B37: SICRO | C37: 1917583 | D37: Dragagem de areia grossa com draga de sucção e recalque - bomba de 1.350 kW e cortador de 170 kW - distância de recalque de 2.100 a 2.300 m | E37: m3 | F37: 7.2 | G37: 0 | H37: =($F37/(1+$G37)) -> 7.2 | I37: =IFERROR(IF(INDEX(ORÇAMENTO!$A:$A,MATCH($A37,ORÇAMENTO!$A:$A,0),1)=A37,"SIM"),"NÃO") -> NÃO
A38: =CONCATENATE(B38,C38) -> SICRO | B38: SICRO | D38: Remoção de entulho pesado com escavadeira hidráulica | E38: t | F38: 1.63 | G38: 0 | H38: =($F38/(1+$G38)) -> 1.63 | I38: =IFERROR(IF(INDEX(ORÇAMENTO!$A:$A,MATCH($A38,ORÇAMENTO!$A:$A,0),1)=A38,"SIM"),"NÃO") -> NÃO
A39: =CONCATENATE(B39,C39) -> SICRO4915712 | B39: SICRO | C39: 4915712 | D39: Limpeza de bueiro | E39: m3 | F39: 17.95 | G39: 0 | H39: =($F39/(1+$G39)) -> 17.95 | I39: =IFERROR(IF(INDEX(ORÇAMENTO!$A:$A,MATCH($A39,ORÇAMENTO!$A:$A,0),1)=A39,"SIM"),"NÃO") -> NÃO
A40: =CONCATENATE(B40,C40) -> SICRO4915713 | B40: SICRO | C40: 4915713 | D40: Desobstrução de bueiro | E40: m3 | F40: 53.84 | G40: 0 | H40: =($F40/(1+$G40)) -> 53.84 | I40: =IFERROR(IF(INDEX(ORÇAMENTO!$A:$A,MATCH($A40,ORÇAMENTO!$A:$A,0),1)=A40,"SIM"),"NÃO") -> NÃO
A41: =CONCATENATE(B41,C41) -> SICRO4915744 | B41: SICRO | C41: 4915744 | D41: Capina manual | E41: m2 | F41: 0.61 | G41: 0 | H41: =($F41/(1+$G41)) -> 0.61 | I41: =IFERROR(IF(INDEX(ORÇAMENTO!$A:$A,MATCH($A41,ORÇAMENTO!$A:$A,0),1)=A41,"SIM"),"NÃO") -> NÃO
A42: =CONCATENATE(B42,C42) -> SICRO5502985 | B42: SICRO | C42: 5502985 | D42: Limpeza mecanizada da camada vegetal - margem do canal | E42: m2 | F42: 0.32 | G42: 0 | H42: =($F42/(1+$G42)) -> 0.32 | I42: =IFERROR(IF(INDEX(ORÇAMENTO!$A:$A,MATCH($A42,ORÇAMENTO!$A:$A,0),1)=A42,"SIM"),"NÃO") -> NÃO
A43: =CONCATENATE(B43,C43) -> SICRO5901640 | B43: SICRO | C43: 5901640 | D43: Transporte com caminhão basculante com caçamba estanque com capacidade de 14 m³ - rodovia pavimentada | E43: tkm | F43: 0.31 | G43: 0 | H43: =($F43/(1+$G43)) -> 0.31 | I43: =IFERROR(IF(INDEX(ORÇAMENTO!$A:$A,MATCH($A43,ORÇAMENTO!$A:$A,0),1)=A43,"SIM"),"NÃO") -> SIM
A44: =CONCATENATE(B44,C44) -> SICRO5914351 | B44: SICRO | C44: 5914351 | D44: Carga, manobra e descarga de agregados ou solos em caminhão basculante de 14 m³ - carga com carregadeira de 3,40 m³ e descarga livre | E44: t | F44: 1.39 | G44: 0 | H44: =($F44/(1+$G44)) -> 1.39 | I44: =IFERROR(IF(INDEX(ORÇAMENTO!$A:$A,MATCH($A44,ORÇAMENTO!$A:$A,0),1)=A44,"SIM"),"NÃO") -> SIM
A45: =CONCATENATE(B45,C45) -> SICRO5914389 | B45: SICRO | C45: 5914389 | D45: Transporte com caminhão basculante de 10 m³ - rodovia pavimentada | E45: tkm | F45: 0.4 | G45: 0 | H45: =($F45/(1+$G45)) -> 0.4 | I45: =IFERROR(IF(INDEX(ORÇAMENTO!$A:$A,MATCH($A45,ORÇAMENTO!$A:$A,0),1)=A45,"SIM"),"NÃO") -> NÃO
A46: =CONCATENATE(B46,C46) -> SICRO5915321 | B46: SICRO | C46: 5915321 | D46: Transporte com caminhão basculante de 14 m³ - rodovia pavimentada | E46: tkm | F46: 0.29 | G46: 0 | H46: =($F46/(1+$G46)) -> 0.29 | I46: =IFERROR(IF(INDEX(ORÇAMENTO!$A:$A,MATCH($A46,ORÇAMENTO!$A:$A,0),1)=A46,"SIM"),"NÃO") -> NÃO
A47: =CONCATENATE(B47,C47) -> SICRO5212556 | B47: SICRO | C47: 5212556 | D47: Placa para sinalização de obras montada em cavalete metálico - 1,00 x 1,00 m | E47: und | F47: 44.24 | G47: 0 | H47: =($F47/(1+$G47)) -> 44.24 | I47: =IFERROR(IF(INDEX(ORÇAMENTO!$A:$A,MATCH($A47,ORÇAMENTO!$A:$A,0),1)=A47,"SIM"),"NÃO") -> SIM
A48: =CONCATENATE(B48,C48) -> SICRO1917680 | B48: SICRO | C48: 1917680 | D48: Dragagem de material de 1ª categoria com escavadeira hidráulica - capacidade de caçamba de 1,56 m³ - DMT 0 a 50 m | E48: m3 | F48: 1.65 | G48: 0 | H48: =($F48/(1+$G48)) -> 1.65 | I48: =IFERROR(IF(INDEX(ORÇAMENTO!$A:$A,MATCH($A48,ORÇAMENTO!$A:$A,0),1)=A48,"SIM"),"NÃO") -> SIM
A49: =CONCATENATE(B49,C49) -> SICRO5915407 | B49: SICRO | C49: 5915407 | D49: Carga, manobra e descarga de areia, brita, pedra de mão ou solos em caminhão basculante de 10 m³ - carga com carregadeira e descarga livre | E49: t | F49: 1.37 | G49: 0 | H49: =($F49/(1+$G49)) -> 1.37 | I49: =IFERROR(IF(INDEX(ORÇAMENTO!$A:$A,MATCH($A49,ORÇAMENTO!$A:$A,0),1)=A49,"SIM"),"NÃO") -> NÃO

Sheet FGV_TABELA
A1: FGV - Coluna 39 - Consultoria
B2: 2012 | C2: 2013 | D2: 2014 | E2: 2015 | F2: 2016 | G2: 2017 | H2: 2018 | I2: 2019 | J2: 2020 | K2: 2021
A3: JAN | B3: 178.829 | C3: 185.325 | D3: 192.333 | E3: 199.928 | F3: 206.784 | G3: 213.434 | H3: 220.124 | I3: 226.409 | J3: 239.086 | K3: 245.714
A4: FEV | B4: 178.456 | C4: 185.474 | D4: 192.614 | E4: 200.415 | F4: 206.103 | G4: 214.391 | H4: 220.741 | I4: 226.117 | J4: 239.69
A5: MAR | B5: 178.73 | C5: 185.974 | D5: 192.918 | E5: 200.952 | F5: 206.392 | G5: 213.959 | H5: 221.529 | I5: 225.755 | J5: 239.613
A6: ABR | B6: 178.987 | C6: 186.157 | D6: 193.488 | E6: 201.065 | F6: 206.336 | G6: 215.335 | H6: 222.09 | I6: 226.119 | J6: 239.055
A7: MAI | B7: 180.119 | C7: 186.467 | D7: 194.132 | E7: 201.46 | F7: 206.788 | G7: 215.284 | H7: 222.637 | I7: 227.136 | J7: 239.395
A8: JUN | B8: 181.558 | C8: 187.994 | D8: 195.116 | E8: 201.894 | F8: 208.638 | G8: 216.176 | H8: 223.109 | I8: 229.966 | J8: 240.003
A9: JUL | B9: 184.512 | C9: 189.395 | D9: 195.944 | E9: 203.065 | F9: 209.867 | G9: 216.619 | H9: 223.233 | I9: 230.827 | J9: 240.929
A10: AGO | B10: 184.675 | C10: 190.325 | D10: 197.363 | E10: 204.333 | F10: 210.212 | G10: 216.648 | H10: 223.328 | I10: 230.783 | J10: 242.103
A11: SET | B11: 184.971 | C11: 190.298 | D11: 198.271 | E11: 204.68 | F11: 210.386 | G11: 216.929 | H11: 223.666 | I11: 231.019 | J11: 243.718
A12: OUT | B12: 184.592 | C12: 190.54 | D12: 198.648 | E12: 204.737 | F12: 211.327 | G12: 217.651 | H12: 224.273 | I12: 231.095 | J12: 244.381
A13: NOV | B13: 184.671 | C13: 190.872 | D13: 199.037 | E13: 205.263 | F13: 211.325 | G13: 218.058 | H13: 225.13 | I13: 234.647 | J13: 244.838
A14: DEZ | B14: 185.184 | C14: 191.598 | D14: 199.559 | E14: 205.534 | F14: 212.132 | G14: 218.489 | H14: 225.392 | I14: 236.55 | J14: 245.291

Sheet CPU01
A2: CPU | B2: DESCRIÇÃO DO SERVIÇO | H2: UNIDADE | I2: P. UNITÁRIO
A3: 1 | B3: Dragagem de material de 1ª categoria com equipamento anfíbio, com utilização do canal de escoamento do corpo hídrico como caminho de serviço, incluso transporte do material dragado até a margem disponível para deposição | H3: m3 | I3: =I35 -> 9.78
A4: A - MÃO DE OBRA
A5: Órgão | B5: Código | C5: Descrição | F5: Quantidade | G5: Unidade | H5: Custo Horário | I5: Custo Horário Total
I6: =ROUND(H6*G6,2) -> 0
A7: TOTAL A | I7: =SUM(I6:I6) -> 0
A8: B - EQUIPAMENTOS
A9: Órgão | B9: Código | C9: Descrição | D9: Quantidade | E9: Utilização | G9: Custo Horário | I9: Custo Horário Unitário
E10: Produtiva | F10: Improdutiva | G10: Produtivo | H10: Improdutivo
A11: SICRO | B11: E9057 | C11: Batelão sem propulsão com capacidade de 66 m³ | D11: 2 | E11: 0.87 | F11: 0.13 | G11: 24.4096 | H11: 22.5403 | I11: =D11*((E11*G11)+(F11*H11)) -> 48.333182
A12: SICRO | B12: E9515 | C12: Escavadeira hidráulica sobre esteiras com caçamba com capacidade de 1,56 m³ - 118 Kw | D12: 1 | E12: 1 | F12: 0 | G12: 184.5021 | H12: 85.4045 | I12: =D12*((E12*G12)+(F12*H12)) -> 184.5021
A13: SICRO | B13: E9058 | C13: Plataforma flutuante de 12 x 24 x 1,8 m com capacidade de 150 t | D13: 1 | E13: 1 | F13: 0 | G13: 31.002 | H13: 25.4113 | I13: =D13*((E13*G13)+(F13*H13)) -> 31.002
A14: SICRO | B14: E9009 | C14: Rebocador - 360 HP | D14: 2 | E14: 0.87 | F14: 0.13 | G14: 302.6079 | H14: 130.0017 | I14: =D14*((E14*G14)+(F14*H14)) -> 560.33819
A15: TOTAL B | I15: =SUM(I11:I14) -> 824.17547
A16: PRODUÇÃO DA EQUIPE (m³) | I16: 84.24
A17: CUSTO UNITÁRIO DE EXECUÇÃO | I17: =I15/I16 -> 9.7836594
A18: C - MATERIAIS
A19: Órgão | B19: Código | C19: Descrição | F19: Quantidade | G19: Unidade | H19: Preço Unitário | I19: Custo Unitário
A21: TOTAL C | I21: =SUM(I20:I20) -> 0
A22: D - ATIVIDADES AUXILIARES
A23: Órgão | B23: Código | C23: Descrição | F23: Quantidade | G23: Unidade | H23: Preço Unitário | I23: Custo Unitário
A25: TOTAL D | I25: =SUM(I24:I24) -> 0
A26: E - TEMPO FIXO
A27: Órgão | B27: Código | C27: Descrição | F27: Quantidade | G27: Unidade | H27: Preço Unitário | I27: Custo Unitário
A29: TOTAL E | I29: =SUM(I28:I28) -> 0
A30: F - MOMENTO DE TRANSPORTE
A31: Órgão | B31: Código | C31: Descrição | D31: Quantidade | E31: Unidade | F31: DMT | I31: Custo Unitário
F32: LN | G32: RP | H32: P
A34: TOTAL F | I34: =SUM(I33:I33) -> 0
A35: CUSTO UNITÁRIO DIRETO TOTAL | I35: =ROUND(I34+I29+I25+I21+I17,2) -> 9.78
A36: Obs: COMPOSIÇÃO DNIT 1901607

Sheet LEIS_SOCIAIS
A3: SISTEMA DE MACRODRENAGEM VILA VELHA
A5: DRAGAGEM
A6: COMPOSIÇÃO ANALÍTICA DAS TAXAS DE ENCARGOS SOCIAIS
A8: CÓDIGO | B8: DESCRIÇÃO | C8: SEM DESONERAÇÃO
C9: HORISTA | D9: MENSALISTA
A10: GRUPO A
A11: A1 | B11: INSS | C11: 0.2 | D11: 0.2
A12: A2 | B12: SESI | C12: 0.015 | D12: 0.015
A13: A3 | B13: SENAI | C13: 0.01 | D13: 0.01
A14: A4 | B14: INCRA | C14: 0.002 | D14: 0.002
A15: A5 | B15: SEBRAI | C15: 0.006 | D15: 0.006
A16: A6 | B16: Salário Educação | C16: 0.025 | D16: 0.025
A17: A7 | B17: Seguro Contra Acidentes do Trabalho | C17: 0.03 | D17: 0.03
A18: A8 | B18: FGTS | C18: 0.08 | D18: 0.08
A19: A9 | B19: SECONCI | C19: 0.01 | D19: 0.01
A20: A | B20: SUBTOTAL | C20: =SUM(C11:C19) -> 0.378 | D20: =SUM(D11:D19) -> 0.378
A21: GRUPO B
A22: B1 | B22: Repouso Semanal Remunerado | C22: 0.1792 | D22: Não incide
A23: B2 | B23: Feriados | C23: 0.0431 | D23: Não incide
A24: B3 | B24: Auxílio - Enfermidade | C24: 0.0093 | D24: 0.0071
A25: B4 | B25: 13º Salário | C25: 0.1088 | D25: 0.0833
A26: B5 | B26: Licença Paternidade | C26: 0.0007 | D26: 0.0006
A27: B6 | B27: Faltas Justificadas | C27: 0.0073 | D27: 0.0056
A28: B7 | B28: Dias de Chuvas | C28: 0.0136 | D28: Não incide
A29: B8 | B29: Auxílio Acidente do Trabalho | C29: 0.0011 | D29: 0.0009
A30: B9 | B30: Férias Gozadas | C30: 0.094 | D30: 0.072
A31: B10 | B31: Salário Maternidade | C31: 0.0003 | D31: 0.0002
A32: B | B32: SUBTOTAL | C32: =SUM(C22:C31) -> 0.4574 | D32: =SUM(D22:D31) -> 0.1697
A33: GRUPO C
A34: C1 | B34: Aviso Prévio Indenizado | C34: 0.0552 | D34: 0.0423
A35: C2 | B35: Aviso Prévio Trabalhado | C35: 0.0013 | D35: 0.001
A36: C3 | B36: Férias Indenizadas | C36: 0.0434 | D36: 0.0332
A37: C4 | B37: Depósito Recisão Sem Justa Causa | C37: 0.0465 | D37: 0.0356
A38: C5 | B38: Indenização Adicional | C38: 0.0046 | D38: 0.0036
A39: C | B39: SUBTOTAL | C39: =SUM(C34:C38) -> 0.151 | D39: =SUM(D34:D38) -> 0.1157
A40: GRUPO D
A41: D1 | B41: Reincidência de Grupo A sobre Grupo B | C41: 0.1729 | D41: 0.0641
A42: D2 | B42: Reincidência de Grupo A sobre o Aviso Prévio Trabalhado e Reincidência do FGTS sobre o Aviso Prévio Trabalhado | C42: 0.0049 | D42: 0.0038
A43: D | B43: SUBTOTAL | C43: 0.1778 | D43: =SUM(D41:D42) -> 0.0679
A44: TOTAL GRUPOS (A+B+C+D) | C44: =C20+C32+C39+C43 -> 1.1642 | D44: =D20+D32+D39+D43 -> 0.7313
A45: Fonte: SINAPI - Composição de Encargos Sociais - Outubro/2018

Sheet MAO_OBRA_PROJETO
A2: SISTEMA DE MACRODRENAGEM VILA VELHA
A3: DRAGAGEM
A4: MÃO DE OBRA
A5: DATA BASE: JULHO/2019
A6: MÃO DE OBRA - TABELA REFERENCIAL: SINAPI / DER / IOPES (3) - SEM DESONERAÇÃO
A7: ITENS | B7: TABELA / INSUMOS | E7: PROFISSIONAIS | F7: UND | G7: SALÁRIO HORA | H7: PROFISSIONAIS | I7: UNID | J7: PREÇO DE TABELAS COM ENCARGOS (MÊS) (1) | L7: MENOR SALÁRIO (MÊS) | M7: SALÁRIO HORA (2) (H)
B8: SINAPI | C8: DER | D8: COD. ADOTADO (3) | J8: SINAPI | K8: DER (4)
A9: 1 | B9: 93568 | C9: 20079 | D9: =B9 -> 93568 | E9: Engenheiro Civil Sênior | F9: h | G9: =M9 -> 132.05 | H9: ENGENHEIRO CIVIL DE OBRA SENIOR COM ENCARGOS COMPLEMENTARES | I9: mes | J9: =VLOOKUP(B9,SINAPI_07_19_SEM_DESO_SER!A:E,4,FALSE) -> 23240.6 | K9: =24849.63*230.827/224.273 -> 25575.819 | L9: =J9 -> 23240.6 | M9: =ROUND(L9/176,2) -> 132.05 | N9: 9
A10: 2 | B10: 90779 | D10: 90779 | H10: ENGENHEIRO CIVIL DE OBRA SENIOR COM ENCARGOS COMPLEMENTARES | I10: h | J10: 132.32 | L10: =J10 -> 132.32 | M10: =L10 -> 132.32
A11: 3 | B11: 93560 | C11: 20048 | D11: =B11 -> 93560 | E11: Desenhista copista | F11: h | G11: =M11 -> 29.3 | H11: DESENHISTA COPISTA COM ENCARGOS COMPLEMENTARES | I11: mes | J11: =VLOOKUP(B11,SINAPI_07_19_SEM_DESO_SER!A:E,4,FALSE) -> 5157.06 | K11: =6498.26*230.827/224.273 -> 6688.1607 | L11: =J11 -> 5157.06 | M11: =ROUND(L11/176,2) -> 29.3
A12: 4 | B12: 90773 | D12: 90773 | H12: DESENHISTA COPISTA COM ENCARGOS COMPLEMENTARES | I12: h | J12: 30.14 | L12: =J12 -> 30.14 | M12: =L12 -> 30.14
A13: 5 | B13: 88253 | D13: 88253 | H13: AUXILIAR DE TOPÓGRAFO COM ENCARGOS COMPLEMENTARES | I13: h | J13: 15.09 | L13: =J13 -> 15.09 | M13: =L13 -> 15.09
A14: 6 | C14: 20029 | D14: 20029 | H14: AUXILIAR DE TOPÓGRAFO COM ENCARGOS COMPLEMENTARES | I14: mes | K14: =3896.47*230.827/224.273 -> 4010.3378 | L14: =K14 -> 4010.3378 | M14: =ROUND(L14/176,2) -> 22.79
A15: 7 | B15: 88288 | D15: 88288 | H15: NIVELADOR COM ENCARGOS COMPLEMENTARES | I15: h | J15: 17.96 | L15: =J15 -> 17.96 | M15: =L15 -> 17.96
A16: 8 | C16: 20098 | D16: 20098 | H16: NIVELADOR COM ENCARGOS COMPLEMENTARES | I16: mes | K16: =5215.74*230.827/224.273 -> 5368.1612 | L16: =K16 -> 5368.1612 | M16: =ROUND(L16/176,2) -> 30.5
A17: 9 | B17: 90781 | D17: 90781 | H17: TOPOGRAFO COM ENCARGOS COMPLEMENTARES | I17: h | J17: 31.1 | L17: =J17 -> 31.1 | M17: =L17 -> 31.1
A18: 10 | C18: 20014 | D18: 20014 | H18: TOPOGRAFO COM ENCARGOS COMPLEMENTARES | I18: mes | K18: =6498.26*230.827/224.273 -> 6688.1607 | L18: =K18 -> 6688.1607 | M18: =ROUND(L18/176,2) -> 38
A20: OBS.:
A21: 1) Encargos Sociais e Complementares conforme respectivas tabelas de referência.
A22: 2) Salário Hora = Salário Mês/176h
A23: 3) Não foi possível comparar a mão de obra do IOPES, uma vez que, é DESONERADA
A24: 4) A Tabela de Referência do DER - OUTUBRO/2018 foi atualizada conforme Tabela de Preços de Consultoria do DNIT.

Sheet BDI_Equi_Mat
A1: Cálculo do BDI - Benefício e Despesas Indiretas
A3: 1. Metodologia de Verificação
A4: Sem Desoneração
A6: 2. Dados do Empreendimento
A7: 2.1 Tipologia
A8: Construção de Edificios
A10: 3. Incidência sobre Custo
A11: Item Componente do BDI | B11: Intervalo de admissibilidade | E11: Valores Propostos
B12: 1º Quartil | C12: Médio | D12: 3º Quartil
A13: Administração Central | B13: 0.015 | C13: 0.0345 | D13: 0.0449 | E13: 0.0345
A14: Riscos | B14: 0.0056 | C14: 0.0085 | D14: 0.0089 | E14: 0.0085
A15: Seguros e Garantias Contratuais | B15: 0.003 | C15: 0.0048 | D15: 0.0082 | E15: 0.0048
A16: Despesas Financeiras | B16: 0.0085 | C16: 0.0085 | D16: 0.0111 | E16: 0.0085
A17: Lucro | B17: 0.035 | C17: 0.0511 | D17: 0.0622 | E17: 0.0511
A19: 4. Incidência sobre o preço de venda
A20: Item Componente do BDI | B20: Mínimo | C20: Médio | D20: Máximo | E20: Valores Propostos
A21: Despesas Tributárias | E21: 0.0365
A22: I1:ISS (PMV = 5%) | B22: 0.01 | D22: 0.05
A23: I2:COFINS | B23: 0.03 | D23: 0.03 | E23: 0.03
A24: I3:PIS | B24: 0.0065 | D24: 0.0065 | E24: 0.0065
A25: I4:CONT. PREV. S/ REC. BRUTA (LEI 12844/13 - DESONERAÇÃO) | E25: 0
A27: 5. Demonstrativo de cálculo do BDI sem desoneração
A28: BDI = ((1+AC+S+R+G)(1+DF)(1+L)) - 1 = | B28: =((1+E13+E15+E14)*(1+E16)*(1+E17))/(1-E22-E23-E24-E25)-1 -> 0.15278048
A29: (1-I1-I2-I3-I4)

Sheet BDI_Serviços
A1: Cálculo do BDI - Benefício e Despesas Indiretas
A3: 1. Metodologia de Verificação
A4: Sem Desoneração
A6: 2. Dados do Empreendimento
A7: 2.1 Tipologia
A10: 3. Incidência sobre Custo
A11: Item Componente do BDI | B11: Intervalo de admissibilidade | E11: Valores Propostos
B12: 1º Quartil | C12: Médio | D12: 3º Quartil
A13: Administração Central | B13: 0.03 | C13: 0.04 | D13: 0.055 | E13: 0.04
A14: Riscos | B14: 0.0097 | C14: 0.0097 | D14: 0.0127 | E14: 0.0097
A15: Seguros e Garantias Contratuais | B15: 0.008 | C15: 0.008 | D15: 0.01 | E15: 0.008
A16: Despesas Financeiras | B16: 0.0059 | C16: 0.0123 | D16: 0.0139 | E16: 0.0123
A17: Lucro | B17: 0.0616 | C17: 0.074 | D17: 0.0896 | E17: 0.074
A19: 4. Incidência sobre o preço de venda
A20: Item Componente do BDI | B20: Mínimo | C20: Médio | D20: Máximo | E20: Valores Propostos
A21: Despesas Tributárias | E21: 0.0765
A22: I1:ISS (PMV = 5%) | B22: 0.01 | D22: 0.05 | E22: 0.04
A23: I2:COFINS | B23: 0.03 | D23: 0.03 | E23: 0.03
A24: I3:PIS | B24: 0.0065 | D24: 0.0065 | E24: 0.0065
A25: I4:CONT. PREV. S/ REC. BRUTA (LEI 12844/13 - DESONERAÇÃO) | E25: 0
A27: 5. Demonstrativo de cálculo do BDI sem desoneração
A28: BDI = ((1+AC+S+R+G)(1+DF)(1+L)) - 1 = | B28: =((1+E13+E15+E14)*(1+E16)*(1+E17))/(1-E22-E23-E24-E25)-1 -> 0.24520003
A29: (1-I1-I2-I3-I4)

Sheet Cotacoes
A2: SISTEMA DE MACRODRENAGEM VILA VELHA
A3: DRAGAGEM
A4: COTAÇÕES
A5: DATA BASE: JULHO/2019
A6: ITENS | B6: DESCRIÇÃO DOS MATERIAIS | D6: PREÇOS DE MERCADO | I6: MEDIANA
C7: UNIDADE | D7: TOMMASI AMBIENTAL
A8: 1 | B8: Dragagem de material de 1ª categoria com Máquina anfíbia e multifuncional inclusive implementos (Cortadores de vegetação aquática e terrestre, Ancinhos coletores, Unidade escavadora e Bomba de dragagem) e acessórios (Carreta de Transporte/Reboque) | C8: m3 | I8: =IFERROR(MEDIAN(D8:H8),"")
I9: =IFERROR(MEDIAN(D9:H9),"")
I10: =IFERROR(MEDIAN(D10:H10),"")
I11: =IFERROR(MEDIAN(D11:H11),"")
I12: =IFERROR(MEDIAN(D12:H12),"")
I13: =IFERROR(MEDIAN(D13:H13),"")
I14: =IFERROR(MEDIAN(D14:H14),"")
I15: =IFERROR(MEDIAN(D15:H15),"")
I16: =IFERROR(MEDIAN(D16:H16),"")

Sheet SINAPI_07_19_SEM_DESO_SER
A5: CODIGO DA COMPOSICAO | B5: DESCRICAO DA COMPOSICAO | C5: UNIDADE | D5: CUSTO TOTAL
A7: 97141 | B7: ASSENTAMENTO DE TUBO DE FERRO FUNDIDO PARA REDE DE ÁGUA, DN 80 MM, JUNTA ELÁSTICA, INSTALADO EM LOCAL COM NÍVEL ALTO DE INTERFERÊNCIAS (NÃO INCLUI FORNECIMENTO). AF_11/2017 | C7: M | D7: 6,88
A8: 97142 | B8: ASSENTAMENTO DE TUBO DE FERRO FUNDIDO PARA REDE DE ÁGUA, DN 100 MM, JUNTA ELÁSTICA, INSTALADO EM LOCAL COM NÍVEL ALTO DE INTERFERÊNCIAS (NÃO INCLUI FORNECIMENTO). AF_11/2017 | C8: M | D8: 7,70
A9: 97143 | B9: ASSENTAMENTO DE TUBO DE FERRO FUNDIDO PARA REDE DE ÁGUA, DN 150 MM, JUNTA ELÁSTICA, INSTALADO EM LOCAL COM NÍVEL ALTO DE INTERFERÊNCIAS (NÃO INCLUI FORNECIMENTO). AF_11/2017 | C9: M | D9: 9,73
A10: 97144 | B10: ASSENTAMENTO DE TUBO DE FERRO FUNDIDO PARA REDE DE ÁGUA, DN 200 MM, JUNTA ELÁSTICA, INSTALADO EM LOCAL COM NÍVEL ALTO DE INTERFERÊNCIAS (NÃO INCLUI FORNECIMENTO). AF_11/2017 | C10: M | D10: 11,74
A11: 97145 | B11: ASSENTAMENTO DE TUBO DE FERRO FUNDIDO PARA REDE DE ÁGUA, DN 250 MM, JUNTA ELÁSTICA, INSTALADO EM LOCAL COM NÍVEL ALTO DE INTERFERÊNCIAS (NÃO INCLUI FORNECIMENTO). AF_11/2017 | C11: M | D11: 13,80
A12: 97146 | B12: ASSENTAMENTO DE TUBO DE FERRO FUNDIDO PARA REDE DE ÁGUA, DN 300 MM, JUNTA ELÁSTICA, INSTALADO EM LOCAL COM NÍVEL ALTO DE INTERFERÊNCIAS (NÃO INCLUI FORNECIMENTO). AF_11/2017 | C12: M | D12: 15,82
A13: 97147 | B13: ASSENTAMENTO DE TUBO DE FERRO FUNDIDO PARA REDE DE ÁGUA, DN 350 MM, JUNTA ELÁSTICA, INSTALADO EM LOCAL COM NÍVEL ALTO DE INTERFERÊNCIAS (NÃO INCLUI FORNECIMENTO). AF_11/2017 | C13: M | D13: 17,87
A14: 97148 | B14: ASSENTAMENTO DE TUBO DE FERRO FUNDIDO PARA REDE DE ÁGUA, DN 400 MM, JUNTA ELÁSTICA, INSTALADO EM LOCAL COM NÍVEL ALTO DE INTERFERÊNCIAS (NÃO INCLUI FORNECIMENTO). AF_11/2017 | C14: M | D14: 19,90
A15: 97149 | B15: ASSENTAMENTO DE TUBO DE FERRO FUNDIDO PARA REDE DE ÁGUA, DN 450 MM, JUNTA ELÁSTICA, INSTALADO EM LOCAL COM NÍVEL ALTO DE INTERFERÊNCIAS (NÃO INCLUI FORNECIMENTO). AF_11/2017 | C15: M | D15: 21,97
A16: 97150 | B16: ASSENTAMENTO DE TUBO DE FERRO FUNDIDO PARA REDE DE ÁGUA, DN 500 MM, JUNTA ELÁSTICA, INSTALADO EM LOCAL COM NÍVEL ALTO DE INTERFERÊNCIAS (NÃO INCLUI FORNECIMENTO). AF_11/2017 | C16: M | D16: 26,33
A17: 97151 | B17: ASSENTAMENTO DE TUBO DE FERRO FUNDIDO PARA REDE DE ÁGUA, DN 600 MM, JUNTA ELÁSTICA, INSTALADO EM LOCAL COM NÍVEL ALTO DE INTERFERÊNCIAS (NÃO INCLUI FORNECIMENTO). AF_11/2017 | C17: M | D17: 30,77
... A6165: 88252 | B6165: AUXILIAR DE SERVIÇOS GERAIS COM ENCARGOS COMPLEMENTARES | C6165: H | D6165: 16,41
A6166: 88253 | B6166: AUXILIAR DE TOPÓGRAFO COM ENCARGOS COMPLEMENTARES | C6166: H | D6166: 15.09
A6167: 88255 | B6167: AUXILIAR TÉCNICO DE ENGENHARIA COM ENCARGOS COMPLEMENTARES | C6167: H | D6167: 35,94
A6168: 88256 | B6168: AZULEJISTA OU LADRILHISTA COM ENCARGOS COMPLEMENTARES | C6168: H | D6168: 23,08
A6169: 88257 | B6169: BLASTER, DINAMITADOR OU CABO DE FOGO COM ENCARGOS COMPLEMENTARES | C6169: H | D6169: 23,54
A6170: 88258 | B6170: CADASTRISTA DE REDES DE AGUA E ESGOTO COM ENCARGOS COMPLEMENTARES | C6170: H | D6170: 20,52
A6171: 88259 | B6171: CALAFETADOR/CALAFATE COM ENCARGOS COMPLEMENTARES | C6171: H | D6171: 25,96
A6172: 88260 | B6172: CALCETEIRO COM ENCARGOS COMPLEMENTARES | C6172: H | D6172: 19,95
A6173: 88261 | B6173: CARPINTEIRO DE ESQUADRIA COM ENCARGOS COMPLEMENTARES | C6173: H | D6173: 19,41
A6174: 88262 | B6174: CARPINTEIRO DE FORMAS COM ENCARGOS COMPLEMENTARES | C6174: H | D6174: 22,16
A6175: 88263 | B6175: CAVOUQUEIRO OU OPERADOR PERFURATRIZ/ROMPEDOR COM ENCARGOS COMPLEMENTARES | C6175: H | D6175: 17,80
A6176: 88264 | B6176: ELETRICISTA COM ENCARGOS COMPLEMENTARES | C6176: H | D6176: 22,60
A6177: 88265 | B6177: ELETRICISTA INDUSTRIAL COM ENCARGOS COMPLEMENTARES | C6177: H | D6177: 24,38
A6178: 88266 | B6178: ELETROTÉCNICO COM ENCARGOS COMPLEMENTARES | C6178: H | D6178: 26,01
... A6194: 88285 | B6194: MOTORISTA DE VEÍCULO PESADO COM ENCARGOS COMPLEMENTARES | C6194: H | D6194: 25,25
A6195: 88285 | B6195: MOTORISTA OPERADOR DE MUNCK COM ENCARGOS COMPLEMENTARES | C6195: H | D6195: 25,67
A6196: 88288 | B6196: NIVELADOR COM ENCARGOS COMPLEMENTARES | C6196: H | D6196: 17.96
A6197: 88291 | B6197: OPERADOR DE BETONEIRA (CAMINHÃO) COM ENCARGOS COMPLEMENTARES | C6197: H | D6197: 20,74
A6198: 88292 | B6198: OPERADOR DE COMPRESSOR OU COMPRESSORISTA COM ENCARGOS COMPLEMENTARES | C6198: H | D6198: 23,54
A6199: 88293 | B6199: OPERADOR DE DEMARCADORA DE FAIXAS COM ENCARGOS COMPLEMENTARES | C6199: H | D6199: 24,59
A6200: 88294 | B6200: OPERADOR DE ESCAVADEIRA COM ENCARGOS COMPLEMENTARES | C6200: H | D6200: 26,61
A6201: 88295 | B6201: OPERADOR DE GUINCHO COM ENCARGOS COMPLEMENTARES | C6201: H | D6201: 22,00
A6202: 88296 | B6202: OPERADOR DE GUINDASTE COM ENCARGOS COMPLEMENTARES | C6202: H | D6202: 37,53
A6203: 88297 | B6203: OPERADOR DE MÁQUINAS E EQUIPAMENTOS COM ENCARGOS COMPLEMENTARES | C6203: H | D6203: 25,38
A6204: 88298 | B6204: OPERADOR DE MARTELETE OU MARTELETEIRO COM ENCARGOS COMPLEMENTARES | C6204: H | D6204: 14,56
A6205: 88299 | B6205: OPERADOR DE MOTO-ESCREIPER COM ENCARGOS COMPLEMENTARES | C6205: H | D6205: 24,93
A6206: 88300 | B6206: OPERADOR DE MOTONIVELADORA COM ENCARGOS COMPLEMENTARES | C6206: H | D6206: 29,67
A6207: 88301 | B6207: OPERADOR DE PÁ CARREGADEIRA COM ENCARGOS COMPLEMENTARES | C6207: H | D6207: 24,20
A6208: 88302 | B6208: OPERADOR DE PAVIMENTADORA COM ENCARGOS COMPLEMENTARES | C6208: H | D6208: 25,62
... A6220: 88315 | B6220: SERRALHEIRO COM ENCARGOS COMPLEMENTARES | C6220: H | D6220: 22,15
A6221: 88316 | B6221: SERVENTE COM ENCARGOS COMPLEMENTARES | C6221: H | D6221: 15,69
A6222: 88317 | B6222: SOLDADOR COM ENCARGOS COMPLEMENTARES | C6222: H | D6222: 24,20
A6223: 88318 | B6223: SOLDADOR A (PARA SOLDA A SER TESTADA COM RAIOS "X") COM ENCARGOS COMPLEMENTARES | C6223: H | D6223: 25,83
A6224: 88320 | B6224: TAQUEADOR OU TAQUEIRO COM ENCARGOS COMPLEMENTARES | C6224: H | D6224: 26,07
A6225: 88321 | B6225: TÉCNICO DE LABORATÓRIO COM ENCARGOS COMPLEMENTARES | C6225: H | D6225: 46,58
A6226: 88322 | B6226: TÉCNICO DE SONDAGEM COM ENCARGOS COMPLEMENTARES | C6226: H | D6226: 28,57
A6227: 88323 | B6227: TELHADISTA COM ENCARGOS COMPLEMENTARES | C6227: H | D6227: 20,11
A6228: 88324 | B6228: TRATORISTA COM ENCARGOS COMPLEMENTARES | C6228: H | D6228: 27,59
A6229: 88325 | B6229: VIDRACEIRO COM ENCARGOS COMPLEMENTARES | C6229: H | D6229: 21,39
A6230: 88326 | B6230: VIGIA NOTURNO COM ENCARGOS COMPLEMENTARES | C6230: H | D6230: 20,13
A6231: 88377 | B6231: OPERADOR DE BETONEIRA ESTACIONÁRIA/MISTURADOR COM ENCARGOS COMPLEMENTARES | C6231: H | D6231: 20,17
A6232: 88441 | B6232: JARDINEIRO COM ENCARGOS COMPLEMENTARES | C6232: H | D6232: 21,50
A6233: 88597 | B6233: DESENHISTA DETALHISTA COM ENCARGOS COMPLEMENTARES | C6233: H | D6233: 49,61
... A6240: 90772 | B6240: AUXILIAR DE ESCRITORIO COM ENCARGOS COMPLEMENTARES | C6240: H | D6240: 21,44
A6241: 90773 | B6241: DESENHISTA COPISTA COM ENCARGOS COMPLEMENTARES | C6241: H | D6241: 30.14
A6242: 90775 | B6242: DESENHISTA PROJETISTA COM ENCARGOS COMPLEMENTARES | C6242: H | D6242: 35,75
A6243: 90776 | B6243: ENCARREGADO GERAL COM ENCARGOS COMPLEMENTARES | C6243: H | D6243: 39,84
A6244: 90777 | B6244: ENGENHEIRO CIVIL DE OBRA JUNIOR COM ENCARGOS COMPLEMENTARES | C6244: H | D6244: 85,39
A6245: 90778 | B6245: ENGENHEIRO CIVIL DE OBRA PLENO COM ENCARGOS COMPLEMENTARES | C6245: H | D6245: 97,04
A6246: 90779 | B6246: ENGENHEIRO CIVIL DE OBRA SENIOR COM ENCARGOS COMPLEMENTARES | C6246: H | D6246: 132.32
A6247: 90780 | B6247: MESTRE DE OBRAS COM ENCARGOS COMPLEMENTARES | C6247: H | D6247: 55,08
A6248: 90781 | B6248: TOPOGRAFO COM ENCARGOS COMPLEMENTARES | C6248: H | D6248: 31.1
A6249: 91677 | B6249: ENGENHEIRO ELETRICISTA COM ENCARGOS COMPLEMENTARES | C6249: H | D6249: 92,04
A6250: 91678 | B6250: ENGENHEIRO SANITARISTA COM ENCARGOS COMPLEMENTARES | C6250: H | D6250: 86,73
A6251: 93558 | B6251: MOTORISTA DE CAMINHAO COM ENCARGOS COMPLEMENTARES | C6251: MES | D6251: 4.713,47
A6252: 93559 | B6252: DESENHISTA DETALHISTA COM ENCARGOS COMPLEMENTARES | C6252: MES | D6252: 5.157,06
A6253: 93560 | B6253: DESENHISTA COPISTA COM ENCARGOS COMPLEMENTARES | C6253: MES | D6253: 5157.06
A6254: 93561 | B6254: DESENHISTA PROJETISTA COM ENCARGOS COMPLEMENTARES | C6254: MES | D6254: 4.021,44
A6255: 93562 | B6255: AUXILIAR DE DESENHISTA COM ENCARGOS COMPLEMENTARES | C6255: MES | D6255: 3.784,23
A6256: 93563 | B6256: ALMOXARIFE COM ENCARGOS COMPLEMENTARES | C6256: MES | D6256: 4.927,53
A6257: 93564 | B6257: APONTADOR OU APROPRIADOR COM ENCARGOS COMPLEMENTARES | C6257: MES | D6257: 5.149,83
A6258: 93565 | B6258: ENGENHEIRO CIVIL DE OBRA JUNIOR COM ENCARGOS COMPLEMENTARES | C6258: MES | D6258: 15.001,88
A6259: 93566 | B6259: AUXILIAR DE ESCRITORIO COM ENCARGOS COMPLEMENTARES | C6259: MES | D6259: 3.826,29
A6260: 93567 | B6260: ENGENHEIRO CIVIL DE OBRA PLENO COM ENCARGOS COMPLEMENTARES | C6260: MES | D6260: 17.050,18
A6261: 93568 | B6261: ENGENHEIRO CIVIL DE OBRA SENIOR COM ENCARGOS COMPLEMENTARES | C6261: MES | D6261: 23240.6
A6262: 93569 | B6262: ARQUITETO JUNIOR COM ENCARGOS COMPLEMENTARES | C6262: MES | D6262: 11.062,24
A6263: 93570 | B6263: ARQUITETO PLENO COM ENCARGOS COMPLEMENTARES | C6263: MES | D6263: 15.636,78
A6264: 93571 | B6264: ARQUITETO SENIOR COM ENCARGOS COMPLEMENTARES | C6264: MES | D6264: 20.614,84
A6265: 93572 | B6265: ENCARREGADO GERAL DE OBRAS COM ENCARGOS COMPLEMENTARES | C6265: MES | D6265: 7.046,73
A6266: 94295 | B6266: MESTRE DE OBRAS COM ENCARGOS COMPLEMENTARES | C6266: MES | D6266: 9.675,47
A6267: 94296 | B6267: TOPOGRAFO COM ENCARGOS COMPLEMENTARES | C6267: MES | D6267: 5.750,58
A6268: 95308 | B6268: CURSO DE CAPACITAÇÃO PARA AJUDANTE DE ARMADOR (ENCARGOS COMPLEMENTARES) - HORISTA | C6268: H | D6268: 0,11
A6269: 95309 | B6269: CURSO DE CAPACITAÇÃO PARA AJUDANTE DE CARPINTEIRO (ENCARGOS COMPLEMENTARES) - HORISTA | C6269: H | D6269: 0,16
A6270: 95310 | B6270: CURSO DE CAPACITAÇÃO PARA AJUDANTE DE ESTRUTURA METÁLICA (ENCARGOS COMPLEMENTARES) - HORISTA | C6270: H | D6270: 0,13
A6271: 95311 | B6271: CURSO DE CAPACITAÇÃO PARA AJUDANTE DE OPERAÇÃO EM GERAL (ENCARGOS COMPLEMENTARES) - HORISTA | C6271: H | D6271: 0,11
A6272: 95312 | B6272: CURSO DE CAPACITAÇÃO PARA AJUDANTE DE PEDREIRO (ENCARGOS COMPLEMENTARES) - HORISTA | C6272: H | D6272: 0,12
A6273: 95313 | B6273: CURSO DE CAPACITAÇÃO PARA AJUDANTE ESPECIALIZADO (ENCARGOS COMPLEMENTARES) - HORISTA | C6273: H | D6273: 0,12
... A6416: 100321 | B6416: TÉCNICO EM SEGURANÇA DO TRABALHO COM ENCARGOS COMPLEMENTARES | C6416: MES | D6416: 7.362,24

Sheet SINAPI_07_19_SEM_DESO_INS
A1: PRECOS DE INSUMOS
A3: MES DE COLETA: 07/2019
A4: LOCALIDADE: 2680 - VITORIA
A5: ENCARGOS SOCIAIS (%) HORISTA 116,42 MENSALISTA 73,13
A7: CODIGO | B7: DESCRICAO DO INSUMO | C7: UNIDADE | D7: PRECO MEDIANO R$
A8: 39847 | B8: !EM PROCESSO DE DESATIVACAO! AR-CONDICIONADO FRIO SPLIT HI-WALL (PAREDE) 12000 BTU/H | C8: UN | D8: 1.260,85
A9: 39844 | B9: !EM PROCESSO DE DESATIVACAO! AR-CONDICIONADO FRIO SPLIT HI-WALL (PAREDE) 18000 BTU/H | C9: UN | D9: 1.860,76
A10: 39846 | B10: !EM PROCESSO DE DESATIVACAO! AR-CONDICIONADO FRIO SPLIT HI-WALL (PAREDE) 9000 BTU/H | C10: UN | D10: 1.136,88
A11: 39838 | B11: !EM PROCESSO DE DESATIVACAO! AR-CONDICIONADO FRIO SPLIT PISO-TETO 18000 BTU/H | C11: UN | D11: 3.151,06
A12: 39839 | B12: !EM PROCESSO DE DESATIVACAO! AR-CONDICIONADO FRIO SPLIT PISO-TETO 24000 BTU/H | C12: UN | D12: 3.292,15
A13: 39841 | B13: !EM PROCESSO DE DESATIVACAO! AR-CONDICIONADO FRIO SPLIT PISO-TETO 36000 BTU/H | C13: UN | D13: 4.461,03
A14: 39842 | B14: !EM PROCESSO DE DESATIVACAO! AR-CONDICIONADO FRIO SPLIT PISO-TETO 48000 BTU/H | C14: UN | D14: 5.667,18
A15: 39843 | B15: !EM PROCESSO DE DESATIVACAO! AR-CONDICIONADO FRIO SPLIT PISO-TETO 60000 BTU/H | C15: UN | D15: 6.255,93
A16: 2404 | B16: !EM PROCESSO DE DESATIVACAO! DIVISORIA COLMEIA CEGA COM MONTANTE E RODAPE DE ALUMINIO ANODIZADO SIMPLES (SEM COLOCACAO) | C16: M2 | D16: 84,62
A17: 2720 | B17: !EM PROCESSO DE DESATIVACAO! ESCAVADEIRA DRAGA DE ARRASTE, CAP. 3/4 JC 140HP (INCL MANUTENCAO/OPERACAO) | C17: H | D17: 154,02
A18: 2719 | B18: !EM PROCESSO DE DESATIVACAO! ESCAVADEIRA HIDRAULICA SOBRE ESTEIRAS DE 99 HP, PESO OPERACIONAL DE *16* T E CAPACIDADE DE 0,85 A 1,00 M3 (LOCACAO COM OPERADOR, COMBUSTIVEL E MANUTENCAO) | C18: H | D18: 130,50
A19: 3378 | B19: !EM PROCESSO DE DESATIVACAO! HASTE DE ATERRAMENTO EM ACO COM 3,00 M DE COMPRIMENTO E DN = 3/4", REVESTIDA COM BAIXA CAMADA DE COBRE, SEM CONECTOR | C19: UN | D19: 72,57
... A5338: 11157 | B5338: WASH PRIMER PARA TINTA AUTOMOTIVA | C5338: GL | D5338: 136,69
A5340: TOTAL DE INSUMOS : 5331
